Workbook
Name H427.: 'VERIFICACIÓN ARITMÉTICA'!$F$17

Sheet VERIFICACIÓN ARITMÉTICA
B2: FORMATO
B3: Presupuesto General de Obras - Costos Directos
D4: PROCESO | F4: VERSIÓN
D5: Proyectos | F5: 2
B6: ='[2]DATOS ENTRADA'!$C$2 -> FONDO DE DESARROLLO LOCAL DE LA CANDELARIA
B7: ='[2]DATOS ENTRADA'!$C$3 -> PLANEACION
B8: ='[2]DATOS ENTRADA'!$C$4 -> PROYECTO 1391
B9: =IF('[2]DATOS ENTRADA'!C5=0,"",'[2]DATOS ENTRADA'!C5)
B10: ='[2]DATOS ENTRADA'!B7 -> OBJETO DE LA LICITACIÓN: | D10: ='[2]DATOS ENTRADA'!C7 -> REALIZAR LA SEGUNDA FASE DEL PROYECTO DE PEATONALIZACION DE LA CALLE 10, EJECUTANDO A PRECIOS UNITARIOS FIJOS LA CONTINUACION DE LA CONSTRUCCIÓN DE LA CALLE 10 ENTRE LAS CARRERA 4 Y CARRRERA 5 Y CARRERA 6 Y CARRERA 7 EN LA LOCALIDAD DE LA CANDELARIA, EN BOGOTÁ D.C.
B11: PRESUPUESTO GENERAL DE OBRAS | I11: ='PROPUESTA ECONOMICA'!B8 -> 13 | L11: ='PROPUESTA ECONOMICA'!B9 -> 12 | O11: ='PROPUESTA ECONOMICA'!B10 -> 17 | R11: ='PROPUESTA ECONOMICA'!B11 -> 2 | U11: ='PROPUESTA ECONOMICA'!B12 -> 3 | X11: ='PROPUESTA ECONOMICA'!B13 -> 18 | AA11: ='PROPUESTA ECONOMICA'!B14 -> 6 | AD11: ='PROPUESTA ECONOMICA'!B15 -> 11 | AG11: ='PROPUESTA ECONOMICA'!B16 -> #N/A | AJ11: ='PROPUESTA ECONOMICA'!B17 -> 19 | AM11: ='PROPUESTA ECONOMICA'!B18 -> 7 | AP11: ='PROPUESTA ECONOMICA'!B19 -> 4 | AS11: ='PROPUESTA ECONOMICA'!B20 -> 14 | AV11: ='PROPUESTA ECONOMICA'!B21 -> 9 | AY11: ='PROPUESTA ECONOMICA'!B22 -> 4 | BB11: ='PROPUESTA ECONOMICA'!B23 -> 16 | BE11: ='PROPUESTA ECONOMICA'!B24 -> 10 | BH11: ='PROPUESTA ECONOMICA'!B25 -> 1 | BK11: ='PROPUESTA ECONOMICA'!B26 -> 15 | BN11: ='PROPUESTA ECONOMICA'!B27 -> 8
H12: ='[2]DATOS ENTRADA'!C11 -> 43539 | I12: ='PROPUESTA ECONOMICA'!C8 -> CONSORCIO LA PAZ | L12: ='PROPUESTA ECONOMICA'!C9 -> LYDCO INGENIERIA SAS 005 | O12: ='PROPUESTA ECONOMICA'!C10 -> GRD-FDLC-LP-005-2019 | R12: ='PROPUESTA ECONOMICA'!C11 -> CONSORCIO CONSTRUVALOR | U12: ='PROPUESTA ECONOMICA'!C12 -> CONSORCIO CANDELARIA005 -2019 FDLC -LP005-2019 | X12: ='PROPUESTA ECONOMICA'!C13 -> FDLC-LP-005-2019- CONSORCIO VIAS BOGOTA 2019 | AA12: ='PROPUESTA ECONOMICA'!C14 -> CONSORCIO VIAL CANDELARIA | AD12: ='PROPUESTA ECONOMICA'!C15 -> MSB FONDO LOCAL DE LA CANDELARIA | AG12: ='PROPUESTA ECONOMICA'!C16 -> FDLC-LP005-2019 CFD INGENIERIA | AJ12: ='PROPUESTA ECONOMICA'!C17 -> JEINCO FDLC -LP 005-2019 | AM12: ='PROPUESTA ECONOMICA'!C18 -> GAMMA INGENIEROS ARQUITECTOS | AP12: ='PROPUESTA ECONOMICA'!C19 -> ESPACIO PUBLICO CANDELARIA EEI SAS | AS12: ='PROPUESTA ECONOMICA'!C20 -> UT BOGOTA VIAL | AV12: ='PROPUESTA ECONOMICA'!C21 -> CANDELARIA BYP | AY12: ='PROPUESTA ECONOMICA'!C22 -> CON & CON | BB12: ='PROPUESTA ECONOMICA'!C23 -> CONSORCIO VMJ-R&E VIAS 2019 CALLE 10 | BE12: ='PROPUESTA ECONOMICA'!C24 -> UT ARCARO CANDELARIA | BH12: ='PROPUESTA ECONOMICA'!C25 -> UT BJ | BK12: ='PROPUESTA ECONOMICA'!C26 -> 005-2019 CONSORCIO INGENIERIAIV | BN12: ='PROPUESTA ECONOMICA'!C27 -> CONSORCIO DIR
B13: COD IDU | C13: ÍTEM | D13: DESCRIPCIÓN | E13: UNIDAD | F13: CANTIDAD | G13: VR. UNITARIO | H13: SUBTOTAL | I13: VALOR PROPUESTO | J13: VALOR PARCIAL FINAL | K13: CALIFICACIÓN | L13: VALOR PROPUESTO | M13: VALOR PARCIAL FINAL | N13: CALIFICACIÓN | O13: VALOR PROPUESTO | P13: VALOR PARCIAL FINAL | Q13: CALIFICACIÓN | R13: VALOR PROPUESTO | S13: VALOR PARCIAL FINAL | T13: CALIFICACIÓN | U13: VALOR PROPUESTO | V13: VALOR PARCIAL FINAL | W13: CALIFICACIÓN | X13: VALOR PROPUESTO | Y13: VALOR PARCIAL FINAL | Z13: CALIFICACIÓN | AA13: VALOR PROPUESTO | AB13: VALOR PARCIAL FINAL | AC13: CALIFICACIÓN | AD13: VALOR PROPUESTO | AE13: VALOR PARCIAL FINAL | AF13: CALIFICACIÓN | AG13: VALOR PROPUESTO | AH13: VALOR PARCIAL FINAL | AI13: CALIFICACIÓN | AJ13: VALOR PROPUESTO | AK13: VALOR PARCIAL FINAL | AL13: CALIFICACIÓN | AM13: VALOR PROPUESTO | AN13: VALOR PARCIAL FINAL | AO13: CALIFICACIÓN | AP13: VALOR PROPUESTO | AQ13: VALOR PARCIAL FINAL | AR13: CALIFICACIÓN | AS13: VALOR PROPUESTO | AT13: VALOR PARCIAL FINAL | AU13: CALIFICACIÓN | AV13: VALOR PROPUESTO | AW13: VALOR PARCIAL FINAL | AX13: CALIFICACIÓN | AY13: VALOR PROPUESTO | AZ13: VALOR PARCIAL FINAL | BA13: CALIFICACIÓN | BB13: VALOR PROPUESTO | BC13: VALOR PARCIAL FINAL | BD13: CALIFICACIÓN | BE13: VALOR PROPUESTO | BF13: VALOR PARCIAL FINAL | BG13: CALIFICACIÓN | BH13: VALOR PROPUESTO | BI13: VALOR PARCIAL FINAL | BJ13: CALIFICACIÓN | BK13: VALOR PROPUESTO | BL13: VALOR PARCIAL FINAL | BM13: CALIFICACIÓN | BN13: VALOR PROPUESTO | BO13: VALOR PARCIAL FINAL | BP13: CALIFICACIÓN
C14: 1 | D14: PRELIMINARES | H14: =SUM(H16:H32) -> 166975853 | J14: =SUM(J16:J32) -> 164372122 | K14: =IF(J14<=$H14,"VÁLIDA","NO VÁLIDA") -> VÁLIDA | M14: =SUM(M16:M32) -> 165139178 | N14: =IF(M14<=$H14,"VÁLIDA","NO VÁLIDA") -> VÁLIDA | P14: =SUM(P16:P32) -> 166975853 | Q14: =IF(P14<=$H14,"VÁLIDA","NO VÁLIDA") -> VÁLIDA | S14: =SUM(S16:S32) -> 164521629 | T14: =IF(S14<=$H14,"VÁLIDA","NO VÁLIDA") -> VÁLIDA | V14: =SUM(V16:V32) -> 166975853 | W14: =IF(V14<=$H14,"VÁLIDA","NO VÁLIDA") -> VÁLIDA | Y14: =SUM(Y16:Y32) -> 164298993 | Z14: =IF(Y14<=$H14,"VÁLIDA","NO VÁLIDA") -> VÁLIDA | AB14: =SUM(AB16:AB32) -> 165139178 | AC14: =IF(AB14<=$H14,"VÁLIDA","NO VÁLIDA") -> VÁLIDA | AE14: =SUM(AE16:AE32) -> 162080743 | AF14: =IF(AE14<=$H14,"VÁLIDA","NO VÁLIDA") -> VÁLIDA | AH14: =SUM(AH16:AH32) -> 0 | AI14: =IF(AH14<=$H14,"VÁLIDA","NO VÁLIDA") -> VÁLIDA | AK14: =SUM(AK16:AK32) -> 155288152 | AL14: =IF(AK14<=$H14,"VÁLIDA","NO VÁLIDA") -> VÁLIDA | AN14: =SUM(AN16:AN32) -> 166557404 | AO14: =IF(AN14<=$H14,"VÁLIDA","NO VÁLIDA") -> VÁLIDA | AQ14: =SUM(AQ16:AQ32) -> 166975853 | AR14: =IF(AQ14<=$H14,"VÁLIDA","NO VÁLIDA") -> VÁLIDA | AT14: =SUM(AT16:AT32) -> 163759800 | AU14: =IF(AT14<=$H14,"VÁLIDA","NO VÁLIDA") -> VÁLIDA | AW14: =SUM(AW16:AW32) -> 221879365 | AX14: =IF(AW14<=$H14,"VÁLIDA","NO VÁLIDA") -> NO VÁLIDA | AZ14: =SUM(AZ16:AZ32) -> 166975853 | BA14: =IF(AZ14<=$H14,"VÁLIDA","NO VÁLIDA") -> VÁLIDA | BC14: =SUM(BC16:BC32) -> 1.6011274e+08 | BD14: =IF(BC14<=$H14,"VÁLIDA","NO VÁLIDA") -> VÁLIDA | BF14: =SUM(BF16:BF32) -> 163370012 | BG14: =IF(BF14<=$H14,"VÁLIDA","NO VÁLIDA") -> VÁLIDA | BI14: =SUM(BI16:BI32) -> 1.6530609e+08 | BJ14: =IF(BI14<=$H14,"VÁLIDA","NO VÁLIDA") -> VÁLIDA | BL14: =SUM(BL16:BL32) -> 165640122 | BM14: =IF(BL14<=$H14,"VÁLIDA","NO VÁLIDA") -> VÁLIDA | BO14: =SUM(BO16:BO32) -> 163988119 | BP14: =IF(BO14<=$H14,"VÁLIDA","NO VÁLIDA") -> VÁLIDA
D15: TRAMO CL 10 KR 4 Y KR5 y kr 6 y kr7
B16: 3007 | C16: =C14+0.01 -> 1.01 | D16: =VLOOKUP(B16,[2]ITEMS!$B$2:$E$2466,2,FALSE) -> REPLANTEO GENERAL | E16: =VLOOKUP(B16,[2]ITEMS!$B$2:$E$2466,3,FALSE) -> M2 | F16: 1890 | G16: =VLOOKUP(B16,[2]ITEMS!$B$2:$E$2466,4,FALSE) -> 569 | H16: =F16*G16 -> 1075410 | I16: 560 | J16: =I16*$F16 -> 1058400 | K16: =IF(J16<=$H16,"VÁLIDA","NO VÁLIDA") -> VÁLIDA | L16: 563 | M16: =L16*$F16 -> 1064070 | N16: =IF(M16<=$H16,"VÁLIDA","NO VÁLIDA") -> VÁLIDA | O16: 569 | P16: =O16*$F16 -> 1075410 | Q16: =IF(P16<=$H16,"VÁLIDA","NO VÁLIDA") -> VÁLIDA | R16: 561 | S16: =R16*$F16 -> 1060290 | T16: =IF(S16<=$H16,"VÁLIDA","NO VÁLIDA") -> VÁLIDA | U16: 569 | V16: =U16*$F16 -> 1075410 | W16: =IF(V16<=$H16,"VÁLIDA","NO VÁLIDA") -> VÁLIDA | X16: 559 | Y16: =X16*$F16 -> 1056510 | Z16: =IF(Y16<=$H16,"VÁLIDA","NO VÁLIDA") -> VÁLIDA | AA16: 563 | AB16: =AA16*$F16 -> 1064070 | AC16: =IF(AB16<=$H16,"VÁLIDA","NO VÁLIDA") -> VÁLIDA | AD16: 569 | AE16: =AD16*$F16 -> 1075410 | AF16: =IF(AE16<=$H16,"VÁLIDA","NO VÁLIDA") -> VÁLIDA | AH16: =AG16*$F16 -> 0 | AI16: =IF(AH16<=$H16,"VÁLIDA","NO VÁLIDA") -> VÁLIDA | AJ16: 529 | AK16: =AJ16*$F16 -> 999810 | AL16: =IF(AK16<=$H16,"VÁLIDA","NO VÁLIDA") -> VÁLIDA | AM16: 568 | AN16: =AM16*$F16 -> 1073520 | AO16: =IF(AN16<=$H16,"VÁLIDA","NO VÁLIDA") -> VÁLIDA | AP16: 569 | AQ16: =AP16*$F16 -> 1075410 | AR16: =IF(AQ16<=$H16,"VÁLIDA","NO VÁLIDA") -> VÁLIDA | AS16: 560 | AT16: =AS16*$F16 -> 1058400 | AU16: =IF(AT16<=$H16,"VÁLIDA","NO VÁLIDA") -> VÁLIDA | AV16: 756 | AW16: =AV16*$F16 -> 1428840 | AX16: =IF(AW16<=$H16,"VÁLIDA","NO VÁLIDA") -> NO VÁLIDA | AY16: 569 | AZ16: =AY16*$F16 -> 1075410 | BA16: =IF(AZ16<=$H16,"VÁLIDA","NO VÁLIDA") -> VÁLIDA | BB16: 545.6127 | BC16: =BB16*$F16 -> 1031208 | BD16: =IF(BC16<=$H16,"VÁLIDA","NO VÁLIDA") -> VÁLIDA | BE16: 557 | BF16: =BE16*$F16 -> 1052730 | BG16: =IF(BF16<=$H16,"VÁLIDA","NO VÁLIDA") -> VÁLIDA | BH16: 563.31 | BI16: =BH16*$F16 -> 1064655.9 | BJ16: =IF(BI16<=$H16,"VÁLIDA","NO VÁLIDA") -> VÁLIDA | BK16: 564 | BL16: =BK16*$F16 -> 1065960 | BM16: =IF(BL16<=$H16,"VÁLIDA","NO VÁLIDA") -> VÁLIDA | BN16: 558 | BO16: =BN16*$F16 -> 1054620 | BP16: =IF(BO16<=$H16,"VÁLIDA","NO VÁLIDA") -> VÁLIDA
B17: 3021 | C17: =C16+0.01 -> 1.02 | D17: =VLOOKUP(B17,[2]ITEMS!$B$4:$E$2466,2,FALSE) -> DEMOLICION PAVIMENTO ASFALTICO (Espesor Variable. Incluye Cargue). No incluye transporte y disposición final de sobrantes. Rendimiento estimado para espesores max. 0.15m | E17: =VLOOKUP(B17,[2]ITEMS!$B$4:$E$2466,3,FALSE) -> M2 | F17: 10 | G17: =VLOOKUP(B17,[2]ITEMS!$B$4:$E$2466,4,FALSE) -> 5039 | H17: =F17*G17 -> 50390 | I17: 4960 | J17: =I17*$F17 -> 49600 | K17: =IF(J17<=$H17,"VÁLIDA","NO VÁLIDA") -> VÁLIDA | L17: 4984 | M17: =L17*$F17 -> 49840 | N17: =IF(M17<=$H17,"VÁLIDA","NO VÁLIDA") -> VÁLIDA | O17: 5039 | P17: =O17*$F17 -> 50390 | Q17: =IF(P17<=$H17,"VÁLIDA","NO VÁLIDA") -> VÁLIDA | R17: 4965 | S17: =R17*$F17 -> 49650 | T17: =IF(S17<=$H17,"VÁLIDA","NO VÁLIDA") -> VÁLIDA | U17: 5039 | V17: =U17*$F17 -> 50390 | W17: =IF(V17<=$H17,"VÁLIDA","NO VÁLIDA") -> VÁLIDA | X17: 4958 | Y17: =X17*$F17 -> 49580 | Z17: =IF(Y17<=$H17,"VÁLIDA","NO VÁLIDA") -> VÁLIDA | AA17: 4984 | AB17: =AA17*$F17 -> 49840 | AC17: =IF(AB17<=$H17,"VÁLIDA","NO VÁLIDA") -> VÁLIDA | AD17: 5039 | AE17: =AD17*$F17 -> 50390 | AF17: =IF(AE17<=$H17,"VÁLIDA","NO VÁLIDA") -> VÁLIDA | AH17: =AG17*$F17 -> 0 | AI17: =IF(AH17<=$H17,"VÁLIDA","NO VÁLIDA") -> VÁLIDA | AJ17: 4686 | AK17: =AJ17*$F17 -> 46860 | AL17: =IF(AK17<=$H17,"VÁLIDA","NO VÁLIDA") -> VÁLIDA | AM17: 5026 | AN17: =AM17*$F17 -> 50260 | AO17: =IF(AN17<=$H17,"VÁLIDA","NO VÁLIDA") -> VÁLIDA | AP17: 5039 | AQ17: =AP17*$F17 -> 50390 | AR17: =IF(AQ17<=$H17,"VÁLIDA","NO VÁLIDA") -> VÁLIDA | AS17: 4900 | AT17: =AS17*$F17 -> 49000 | AU17: =IF(AT17<=$H17,"VÁLIDA","NO VÁLIDA") -> VÁLIDA | AV17: 6696 | AW17: =AV17*$F17 -> 66960 | AX17: =IF(AW17<=$H17,"VÁLIDA","NO VÁLIDA") -> NO VÁLIDA | AY17: 5039 | AZ17: =AY17*$F17 -> 50390 | BA17: =IF(AZ17<=$H17,"VÁLIDA","NO VÁLIDA") -> VÁLIDA | BB17: 4831.8847 | BC17: =BB17*$F17 -> 48318.847 | BD17: =IF(BC17<=$H17,"VÁLIDA","NO VÁLIDA") -> VÁLIDA | BE17: 4930 | BF17: =BE17*$F17 -> 49300 | BG17: =IF(BF17<=$H17,"VÁLIDA","NO VÁLIDA") -> VÁLIDA | BH17: 4988.61 | BI17: =BH17*$F17 -> 49886.1 | BJ17: =IF(BI17<=$H17,"VÁLIDA","NO VÁLIDA") -> VÁLIDA | BK17: 4999 | BL17: =BK17*$F17 -> 49990 | BM17: =IF(BL17<=$H17,"VÁLIDA","NO VÁLIDA") -> VÁLIDA | BN17: 4949 | BO17: =BN17*$F17 -> 49490 | BP17: =IF(BO17<=$H17,"VÁLIDA","NO VÁLIDA") -> VÁLIDA
B18: 3022 | C18: =C17+0.01 -> 1.03 | D18: =VLOOKUP(B18,[2]ITEMS!$B$4:$E$2466,2,FALSE) -> DEMOLICION PISOS DE CONCRETO (incluye cargue). No incluye transporte y disposición final de sobrantes. Rendimiento estimado para espesores de 0.20m. | E18: =VLOOKUP(B18,[2]ITEMS!$B$4:$E$2466,3,FALSE) -> M3 | F18: 720 | G18: =VLOOKUP(B18,[2]ITEMS!$B$4:$E$2466,4,FALSE) -> 40211 | H18: =F18*G18 -> 28951920 | I18: 39584 | J18: =I18*$F18 -> 28500480 | K18: =IF(J18<=$H18,"VÁLIDA","NO VÁLIDA") -> VÁLIDA | L18: 39769 | M18: =L18*$F18 -> 28633680 | N18: =IF(M18<=$H18,"VÁLIDA","NO VÁLIDA") -> VÁLIDA | O18: 40211 | P18: =O18*$F18 -> 28951920 | Q18: =IF(P18<=$H18,"VÁLIDA","NO VÁLIDA") -> VÁLIDA | R18: 39620 | S18: =R18*$F18 -> 28526400 | T18: =IF(S18<=$H18,"VÁLIDA","NO VÁLIDA") -> VÁLIDA | U18: 40211 | V18: =U18*$F18 -> 28951920 | W18: =IF(V18<=$H18,"VÁLIDA","NO VÁLIDA") -> VÁLIDA | X18: 39567 | Y18: =X18*$F18 -> 28488240 | Z18: =IF(Y18<=$H18,"VÁLIDA","NO VÁLIDA") -> VÁLIDA | AA18: 39769 | AB18: =AA18*$F18 -> 28633680 | AC18: =IF(AB18<=$H18,"VÁLIDA","NO VÁLIDA") -> VÁLIDA | AD18: 39000 | AE18: =AD18*$F18 -> 28080000 | AF18: =IF(AE18<=$H18,"VÁLIDA","NO VÁLIDA") -> VÁLIDA | AH18: =AG18*$F18 -> 0 | AI18: =IF(AH18<=$H18,"VÁLIDA","NO VÁLIDA") -> VÁLIDA | AJ18: 37396 | AK18: =AJ18*$F18 -> 26925120 | AL18: =IF(AK18<=$H18,"VÁLIDA","NO VÁLIDA") -> VÁLIDA | AM18: 40110 | AN18: =AM18*$F18 -> 28879200 | AO18: =IF(AN18<=$H18,"VÁLIDA","NO VÁLIDA") -> VÁLIDA | AP18: 40211 | AQ18: =AP18*$F18 -> 28951920 | AR18: =IF(AQ18<=$H18,"VÁLIDA","NO VÁLIDA") -> VÁLIDA | AS18: 39300 | AT18: =AS18*$F18 -> 28296000 | AU18: =IF(AT18<=$H18,"VÁLIDA","NO VÁLIDA") -> VÁLIDA | AV18: 53433 | AW18: =AV18*$F18 -> 38471760 | AX18: =IF(AW18<=$H18,"VÁLIDA","NO VÁLIDA") -> NO VÁLIDA | AY18: 40211 | AZ18: =AY18*$F18 -> 28951920 | BA18: =IF(AZ18<=$H18,"VÁLIDA","NO VÁLIDA") -> VÁLIDA | BB18: 38558.229 | BC18: =BB18*$F18 -> 27761925 | BD18: =IF(BC18<=$H18,"VÁLIDA","NO VÁLIDA") -> VÁLIDA | BE18: 39342 | BF18: =BE18*$F18 -> 28326240 | BG18: =IF(BF18<=$H18,"VÁLIDA","NO VÁLIDA") -> VÁLIDA | BH18: 39808.89 | BI18: =BH18*$F18 -> 28662401 | BJ18: =IF(BI18<=$H18,"VÁLIDA","NO VÁLIDA") -> VÁLIDA | BK18: 39889 | BL18: =BK18*$F18 -> 28720080 | BM18: =IF(BL18<=$H18,"VÁLIDA","NO VÁLIDA") -> VÁLIDA | BN18: 39492 | BO18: =BN18*$F18 -> 28434240 | BP18: =IF(BO18<=$H18,"VÁLIDA","NO VÁLIDA") -> VÁLIDA
B19: 3155 | C19: =C18+0.01 -> 1.04 | D19: =VLOOKUP(B19,[2]ITEMS!$B$4:$E$2466,2,FALSE) -> DEMOLICION SUMIDERO EXISTENTE (Incluye Cargue) | E19: =VLOOKUP(B19,[2]ITEMS!$B$4:$E$2466,3,FALSE) -> UN | F19: 3 | G19: =VLOOKUP(B19,[2]ITEMS!$B$4:$E$2466,4,FALSE) -> 134789 | H19: =F19*G19 -> 404367 | I19: 132689 | J19: =I19*$F19 -> 398067 | K19: =IF(J19<=$H19,"VÁLIDA","NO VÁLIDA") -> VÁLIDA | L19: 133306 | M19: =L19*$F19 -> 399918 | N19: =IF(M19<=$H19,"VÁLIDA","NO VÁLIDA") -> VÁLIDA | O19: 134789 | P19: =O19*$F19 -> 404367 | Q19: =IF(P19<=$H19,"VÁLIDA","NO VÁLIDA") -> VÁLIDA | R19: 132808 | S19: =R19*$F19 -> 398424 | T19: =IF(S19<=$H19,"VÁLIDA","NO VÁLIDA") -> VÁLIDA | U19: 134789 | V19: =U19*$F19 -> 404367 | W19: =IF(V19<=$H19,"VÁLIDA","NO VÁLIDA") -> VÁLIDA | X19: 132632 | Y19: =X19*$F19 -> 397896 | Z19: =IF(Y19<=$H19,"VÁLIDA","NO VÁLIDA") -> VÁLIDA | AA19: 133306 | AB19: =AA19*$F19 -> 399918 | AC19: =IF(AB19<=$H19,"VÁLIDA","NO VÁLIDA") -> VÁLIDA | AD19: 134789 | AE19: =AD19*$F19 -> 404367 | AF19: =IF(AE19<=$H19,"VÁLIDA","NO VÁLIDA") -> VÁLIDA | AH19: =AG19*$F19 -> 0 | AI19: =IF(AH19<=$H19,"VÁLIDA","NO VÁLIDA") -> VÁLIDA | AJ19: 125354 | AK19: =AJ19*$F19 -> 376062 | AL19: =IF(AK19<=$H19,"VÁLIDA","NO VÁLIDA") -> VÁLIDA | AM19: 134452 | AN19: =AM19*$F19 -> 403356 | AO19: =IF(AN19<=$H19,"VÁLIDA","NO VÁLIDA") -> VÁLIDA | AP19: 134789 | AQ19: =AP19*$F19 -> 404367 | AR19: =IF(AQ19<=$H19,"VÁLIDA","NO VÁLIDA") -> VÁLIDA | AS19: 132000 | AT19: =AS19*$F19 -> 396000 | AU19: =IF(AT19<=$H19,"VÁLIDA","NO VÁLIDA") -> VÁLIDA | AV19: 179109 | AW19: =AV19*$F19 -> 537327 | AX19: =IF(AW19<=$H19,"VÁLIDA","NO VÁLIDA") -> NO VÁLIDA | AY19: 134789 | AZ19: =AY19*$F19 -> 404367 | BA19: =IF(AZ19<=$H19,"VÁLIDA","NO VÁLIDA") -> VÁLIDA | BB19: 129248.84 | BC19: =BB19*$F19 -> 387746.52 | BD19: =IF(BC19<=$H19,"VÁLIDA","NO VÁLIDA") -> VÁLIDA | BE19: 131878 | BF19: =BE19*$F19 -> 395634 | BG19: =IF(BF19<=$H19,"VÁLIDA","NO VÁLIDA") -> VÁLIDA | BH19: 133441.11 | BI19: =BH19*$F19 -> 400323.33 | BJ19: =IF(BI19<=$H19,"VÁLIDA","NO VÁLIDA") -> VÁLIDA | BK19: 133711 | BL19: =BK19*$F19 -> 401133 | BM19: =IF(BL19<=$H19,"VÁLIDA","NO VÁLIDA") -> VÁLIDA | BN19: 132381 | BO19: =BN19*$F19 -> 397143 | BP19: =IF(BO19<=$H19,"VÁLIDA","NO VÁLIDA") -> VÁLIDA
C20: =C19+0.01 -> 1.05 | D20: DEMOLICION PLACA SUPERIOR CAMARA T13 ETB (1,5X2,1X0,21) | E20: UN | F20: 3 | G20: 106677 | H20: =F20*G20 -> 320031 | I20: 105015 | J20: =I20*$F20 -> 315045 | K20: =IF(J20<=$H20,"VÁLIDA","NO VÁLIDA") -> VÁLIDA | L20: 105504 | M20: =L20*$F20 -> 316512 | N20: =IF(M20<=$H20,"VÁLIDA","NO VÁLIDA") -> VÁLIDA | O20: 106677 | P20: =O20*$F20 -> 320031 | Q20: =IF(P20<=$H20,"VÁLIDA","NO VÁLIDA") -> VÁLIDA | R20: 105109 | S20: =R20*$F20 -> 315327 | T20: =IF(S20<=$H20,"VÁLIDA","NO VÁLIDA") -> VÁLIDA | U20: 106677 | V20: =U20*$F20 -> 320031 | W20: =IF(V20<=$H20,"VÁLIDA","NO VÁLIDA") -> VÁLIDA | X20: 104970 | Y20: =X20*$F20 -> 314910 | Z20: =IF(Y20<=$H20,"VÁLIDA","NO VÁLIDA") -> VÁLIDA | AA20: 105504 | AB20: =AA20*$F20 -> 316512 | AC20: =IF(AB20<=$H20,"VÁLIDA","NO VÁLIDA") -> VÁLIDA | AD20: 106677 | AE20: =AD20*$F20 -> 320031 | AF20: =IF(AE20<=$H20,"VÁLIDA","NO VÁLIDA") -> VÁLIDA | AH20: =AG20*$F20 -> 0 | AI20: =IF(AH20<=$H20,"VÁLIDA","NO VÁLIDA") -> VÁLIDA | AJ20: 99210 | AK20: =AJ20*$F20 -> 297630 | AL20: =IF(AK20<=$H20,"VÁLIDA","NO VÁLIDA") -> VÁLIDA | AM20: 106410 | AN20: =AM20*$F20 -> 319230 | AO20: =IF(AN20<=$H20,"VÁLIDA","NO VÁLIDA") -> VÁLIDA | AP20: 106677 | AQ20: =AP20*$F20 -> 320031 | AR20: =IF(AQ20<=$H20,"VÁLIDA","NO VÁLIDA") -> VÁLIDA | AS20: 105000 | AT20: =AS20*$F20 -> 315000 | AU20: =IF(AT20<=$H20,"VÁLIDA","NO VÁLIDA") -> VÁLIDA | AV20: 141753 | AW20: =AV20*$F20 -> 425259 | AX20: =IF(AW20<=$H20,"VÁLIDA","NO VÁLIDA") -> NO VÁLIDA | AY20: 106677 | AZ20: =AY20*$F20 -> 320031 | BA20: =IF(AZ20<=$H20,"VÁLIDA","NO VÁLIDA") -> VÁLIDA | BB20: 102292.31 | BC20: =BB20*$F20 -> 306876.94 | BD20: =IF(BC20<=$H20,"VÁLIDA","NO VÁLIDA") -> VÁLIDA | BE20: 104373 | BF20: =BE20*$F20 -> 313119 | BG20: =IF(BF20<=$H20,"VÁLIDA","NO VÁLIDA") -> VÁLIDA | BH20: 105610.23 | BI20: =BH20*$F20 -> 316830.69 | BJ20: =IF(BI20<=$H20,"VÁLIDA","NO VÁLIDA") -> VÁLIDA | BK20: 105824 | BL20: =BK20*$F20 -> 317472 | BM20: =IF(BL20<=$H20,"VÁLIDA","NO VÁLIDA") -> VÁLIDA | BN20: 104771 | BO20: =BN20*$F20 -> 314313 | BP20: =IF(BO20<=$H20,"VÁLIDA","NO VÁLIDA") -> VÁLIDA
C21: =C20+0.01 -> 1.06 | D21: DEMOLICION MANUAL ANDEN EN CONCRETO e=0.10 M INCLUYE CARGUE Y RETIRO | E21: M2 | F21: 18 | G21: 18622 | H21: =F21*G21 -> 335196 | I21: 18332 | J21: =I21*$F21 -> 329976 | K21: =IF(J21<=$H21,"VÁLIDA","NO VÁLIDA") -> VÁLIDA | L21: 18417 | M21: =L21*$F21 -> 331506 | N21: =IF(M21<=$H21,"VÁLIDA","NO VÁLIDA") -> VÁLIDA | O21: 18622 | P21: =O21*$F21 -> 335196 | Q21: =IF(P21<=$H21,"VÁLIDA","NO VÁLIDA") -> VÁLIDA | R21: 18348 | S21: =R21*$F21 -> 330264 | T21: =IF(S21<=$H21,"VÁLIDA","NO VÁLIDA") -> VÁLIDA | U21: 18622 | V21: =U21*$F21 -> 335196 | W21: =IF(V21<=$H21,"VÁLIDA","NO VÁLIDA") -> VÁLIDA | X21: 18324 | Y21: =X21*$F21 -> 329832 | Z21: =IF(Y21<=$H21,"VÁLIDA","NO VÁLIDA") -> VÁLIDA | AA21: 18417 | AB21: =AA21*$F21 -> 331506 | AC21: =IF(AB21<=$H21,"VÁLIDA","NO VÁLIDA") -> VÁLIDA | AD21: 18622 | AE21: =AD21*$F21 -> 335196 | AF21: =IF(AE21<=$H21,"VÁLIDA","NO VÁLIDA") -> VÁLIDA | AH21: =AG21*$F21 -> 0 | AI21: =IF(AH21<=$H21,"VÁLIDA","NO VÁLIDA") -> VÁLIDA | AJ21: 17318 | AK21: =AJ21*$F21 -> 311724 | AL21: =IF(AK21<=$H21,"VÁLIDA","NO VÁLIDA") -> VÁLIDA | AM21: 18575 | AN21: =AM21*$F21 -> 334350 | AO21: =IF(AN21<=$H21,"VÁLIDA","NO VÁLIDA") -> VÁLIDA | AP21: 18622 | AQ21: =AP21*$F21 -> 335196 | AR21: =IF(AQ21<=$H21,"VÁLIDA","NO VÁLIDA") -> VÁLIDA | AS21: 18300 | AT21: =AS21*$F21 -> 329400 | AU21: =IF(AT21<=$H21,"VÁLIDA","NO VÁLIDA") -> VÁLIDA | AV21: 24746 | AW21: =AV21*$F21 -> 445428 | AX21: =IF(AW21<=$H21,"VÁLIDA","NO VÁLIDA") -> NO VÁLIDA | AY21: 18622 | AZ21: =AY21*$F21 -> 335196 | BA21: =IF(AZ21<=$H21,"VÁLIDA","NO VÁLIDA") -> VÁLIDA | BB21: 17856.59 | BC21: =BB21*$F21 -> 321418.62 | BD21: =IF(BC21<=$H21,"VÁLIDA","NO VÁLIDA") -> VÁLIDA | BE21: 18220 | BF21: =BE21*$F21 -> 327960 | BG21: =IF(BF21<=$H21,"VÁLIDA","NO VÁLIDA") -> VÁLIDA | BH21: 18435.78 | BI21: =BH21*$F21 -> 331844.04 | BJ21: =IF(BI21<=$H21,"VÁLIDA","NO VÁLIDA") -> VÁLIDA | BK21: 18473 | BL21: =BK21*$F21 -> 332514 | BM21: =IF(BL21<=$H21,"VÁLIDA","NO VÁLIDA") -> VÁLIDA | BN21: 18289 | BO21: =BN21*$F21 -> 329202 | BP21: =IF(BO21<=$H21,"VÁLIDA","NO VÁLIDA") -> VÁLIDA
B22: 3811 | C22: =C21+0.01 -> 1.07 | D22: =VLOOKUP(B22,[2]ITEMS!$B$4:$E$2466,2,FALSE) -> CORTE DE PAVIMENTO - INCLUYE EQUIPO: CORTADORA DE CONCRETO INCLUYE OPERARIO Y COMBUSTIBLE. INCLUYE DISCO DIAMANTADO ASFALTO-CONCRETO 350 mm, AGUA Y MANO DE OBRA | E22: =VLOOKUP(B22,[2]ITEMS!$B$4:$E$2466,3,FALSE) -> M | F22: 901 | G22: =VLOOKUP(B22,[2]ITEMS!$B$4:$E$2466,4,FALSE) -> 1643 | H22: =F22*G22 -> 1480343 | I22: 1617 | J22: =I22*$F22 -> 1456917 | K22: =IF(J22<=$H22,"VÁLIDA","NO VÁLIDA") -> VÁLIDA | L22: 1625 | M22: =L22*$F22 -> 1464125 | N22: =IF(M22<=$H22,"VÁLIDA","NO VÁLIDA") -> VÁLIDA | O22: 1643 | P22: =O22*$F22 -> 1480343 | Q22: =IF(P22<=$H22,"VÁLIDA","NO VÁLIDA") -> VÁLIDA | R22: 1619 | S22: =R22*$F22 -> 1458719 | T22: =IF(S22<=$H22,"VÁLIDA","NO VÁLIDA") -> VÁLIDA | U22: 1643 | V22: =U22*$F22 -> 1480343 | W22: =IF(V22<=$H22,"VÁLIDA","NO VÁLIDA") -> VÁLIDA | X22: 1616 | Y22: =X22*$F22 -> 1456016 | Z22: =IF(Y22<=$H22,"VÁLIDA","NO VÁLIDA") -> VÁLIDA | AA22: 1625 | AB22: =AA22*$F22 -> 1464125 | AC22: =IF(AB22<=$H22,"VÁLIDA","NO VÁLIDA") -> VÁLIDA | AD22: 1643 | AE22: =AD22*$F22 -> 1480343 | AF22: =IF(AE22<=$H22,"VÁLIDA","NO VÁLIDA") -> VÁLIDA | AH22: =AG22*$F22 -> 0 | AI22: =IF(AH22<=$H22,"VÁLIDA","NO VÁLIDA") -> VÁLIDA | AJ22: 1528 | AK22: =AJ22*$F22 -> 1376728 | AL22: =IF(AK22<=$H22,"VÁLIDA","NO VÁLIDA") -> VÁLIDA | AM22: 1639 | AN22: =AM22*$F22 -> 1476739 | AO22: =IF(AN22<=$H22,"VÁLIDA","NO VÁLIDA") -> VÁLIDA | AP22: 1643 | AQ22: =AP22*$F22 -> 1480343 | AR22: =IF(AQ22<=$H22,"VÁLIDA","NO VÁLIDA") -> VÁLIDA | AS22: 1600 | AT22: =AS22*$F22 -> 1441600 | AU22: =IF(AT22<=$H22,"VÁLIDA","NO VÁLIDA") -> VÁLIDA | AV22: 2183 | AW22: =AV22*$F22 -> 1966883 | AX22: =IF(AW22<=$H22,"VÁLIDA","NO VÁLIDA") -> NO VÁLIDA | AY22: 1643 | AZ22: =AY22*$F22 -> 1480343 | BA22: =IF(AZ22<=$H22,"VÁLIDA","NO VÁLIDA") -> VÁLIDA | BB22: 1575.4687 | BC22: =BB22*$F22 -> 1419497.3 | BD22: =IF(BC22<=$H22,"VÁLIDA","NO VÁLIDA") -> VÁLIDA | BE22: 1608 | BF22: =BE22*$F22 -> 1448808 | BG22: =IF(BF22<=$H22,"VÁLIDA","NO VÁLIDA") -> VÁLIDA | BH22: 1626.57 | BI22: =BH22*$F22 -> 1465539.6 | BJ22: =IF(BI22<=$H22,"VÁLIDA","NO VÁLIDA") -> VÁLIDA | BK22: 1630 | BL22: =BK22*$F22 -> 1468630 | BM22: =IF(BL22<=$H22,"VÁLIDA","NO VÁLIDA") -> VÁLIDA | BN22: 1613 | BO22: =BN22*$F22 -> 1453313 | BP22: =IF(BO22<=$H22,"VÁLIDA","NO VÁLIDA") -> VÁLIDA
B23: 4581 | C23: =C22+0.01 -> 1.08 | D23: =VLOOKUP(B23,[2]ITEMS!$B$4:$E$2466,2,FALSE) -> RETIRO DE ADOQUIN SOBRE MORTERO | E23: =VLOOKUP(B23,[2]ITEMS!$B$4:$E$2466,3,FALSE) -> M2 | F23: 1763 | G23: =VLOOKUP(B23,[2]ITEMS!$B$4:$E$2466,4,FALSE) -> 1903 | H23: =F23*G23 -> 3354989 | I23: 1873 | J23: =I23*$F23 -> 3302099 | K23: =IF(J23<=$H23,"VÁLIDA","NO VÁLIDA") -> VÁLIDA | L23: 1882 | M23: =L23*$F23 -> 3317966 | N23: =IF(M23<=$H23,"VÁLIDA","NO VÁLIDA") -> VÁLIDA | O23: 1903 | P23: =O23*$F23 -> 3354989 | Q23: =IF(P23<=$H23,"VÁLIDA","NO VÁLIDA") -> VÁLIDA | R23: 1875 | S23: =R23*$F23 -> 3305625 | T23: =IF(S23<=$H23,"VÁLIDA","NO VÁLIDA") -> VÁLIDA | U23: 1903 | V23: =U23*$F23 -> 3354989 | W23: =IF(V23<=$H23,"VÁLIDA","NO VÁLIDA") -> VÁLIDA | X23: 1872 | Y23: =X23*$F23 -> 3300336 | Z23: =IF(Y23<=$H23,"VÁLIDA","NO VÁLIDA") -> VÁLIDA | AA23: 1882 | AB23: =AA23*$F23 -> 3317966 | AC23: =IF(AB23<=$H23,"VÁLIDA","NO VÁLIDA") -> VÁLIDA | AD23: 1903 | AE23: =AD23*$F23 -> 3354989 | AF23: =IF(AE23<=$H23,"VÁLIDA","NO VÁLIDA") -> VÁLIDA | AH23: =AG23*$F23 -> 0 | AI23: =IF(AH23<=$H23,"VÁLIDA","NO VÁLIDA") -> VÁLIDA | AJ23: 1770 | AK23: =AJ23*$F23 -> 3120510 | AL23: =IF(AK23<=$H23,"VÁLIDA","NO VÁLIDA") -> VÁLIDA | AM23: 1898 | AN23: =AM23*$F23 -> 3346174 | AO23: =IF(AN23<=$H23,"VÁLIDA","NO VÁLIDA") -> VÁLIDA | AP23: 1903 | AQ23: =AP23*$F23 -> 3354989 | AR23: =IF(AQ23<=$H23,"VÁLIDA","NO VÁLIDA") -> VÁLIDA | AS23: 1800 | AT23: =AS23*$F23 -> 3173400 | AU23: =IF(AT23<=$H23,"VÁLIDA","NO VÁLIDA") -> VÁLIDA | AV23: 2529 | AW23: =AV23*$F23 -> 4458627 | AX23: =IF(AW23<=$H23,"VÁLIDA","NO VÁLIDA") -> NO VÁLIDA | AY23: 1903 | AZ23: =AY23*$F23 -> 3354989 | BA23: =IF(AZ23<=$H23,"VÁLIDA","NO VÁLIDA") -> VÁLIDA | BB23: 1824.782 | BC23: =BB23*$F23 -> 3217090.7 | BD23: =IF(BC23<=$H23,"VÁLIDA","NO VÁLIDA") -> VÁLIDA | BE23: 1862 | BF23: =BE23*$F23 -> 3282706 | BG23: =IF(BF23<=$H23,"VÁLIDA","NO VÁLIDA") -> VÁLIDA | BH23: 1883.97 | BI23: =BH23*$F23 -> 3321439.1 | BJ23: =IF(BI23<=$H23,"VÁLIDA","NO VÁLIDA") -> VÁLIDA | BK23: 1888 | BL23: =BK23*$F23 -> 3328544 | BM23: =IF(BL23<=$H23,"VÁLIDA","NO VÁLIDA") -> VÁLIDA | BN23: 1869 | BO23: =BN23*$F23 -> 3295047 | BP23: =IF(BO23<=$H23,"VÁLIDA","NO VÁLIDA") -> VÁLIDA
C24: =C23+0.01 -> 1.09 | D24: DEMOLICION DE ADOQUIN 6CM | E24: M2 | F24: 435 | G24: 6233 | H24: =F24*G24 -> 2711355 | I24: 6136 | J24: =I24*$F24 -> 2669160 | K24: =IF(J24<=$H24,"VÁLIDA","NO VÁLIDA") -> VÁLIDA | L24: 6164 | M24: =L24*$F24 -> 2681340 | N24: =IF(M24<=$H24,"VÁLIDA","NO VÁLIDA") -> VÁLIDA | O24: 6233 | P24: =O24*$F24 -> 2711355 | Q24: =IF(P24<=$H24,"VÁLIDA","NO VÁLIDA") -> VÁLIDA | R24: 6141 | S24: =R24*$F24 -> 2671335 | T24: =IF(S24<=$H24,"VÁLIDA","NO VÁLIDA") -> VÁLIDA | U24: 6233 | V24: =U24*$F24 -> 2711355 | W24: =IF(V24<=$H24,"VÁLIDA","NO VÁLIDA") -> VÁLIDA | X24: 6133 | Y24: =X24*$F24 -> 2667855 | Z24: =IF(Y24<=$H24,"VÁLIDA","NO VÁLIDA") -> VÁLIDA | AA24: 6164 | AB24: =AA24*$F24 -> 2681340 | AC24: =IF(AB24<=$H24,"VÁLIDA","NO VÁLIDA") -> VÁLIDA | AD24: 6233 | AE24: =AD24*$F24 -> 2711355 | AF24: =IF(AE24<=$H24,"VÁLIDA","NO VÁLIDA") -> VÁLIDA | AH24: =AG24*$F24 -> 0 | AI24: =IF(AH24<=$H24,"VÁLIDA","NO VÁLIDA") -> VÁLIDA | AJ24: 5797 | AK24: =AJ24*$F24 -> 2521695 | AL24: =IF(AK24<=$H24,"VÁLIDA","NO VÁLIDA") -> VÁLIDA | AM24: 6217 | AN24: =AM24*$F24 -> 2704395 | AO24: =IF(AN24<=$H24,"VÁLIDA","NO VÁLIDA") -> VÁLIDA | AP24: 6233 | AQ24: =AP24*$F24 -> 2711355 | AR24: =IF(AQ24<=$H24,"VÁLIDA","NO VÁLIDA") -> VÁLIDA | AS24: 6100 | AT24: =AS24*$F24 -> 2653500 | AU24: =IF(AT24<=$H24,"VÁLIDA","NO VÁLIDA") -> VÁLIDA | AV24: 8282 | AW24: =AV24*$F24 -> 3602670 | AX24: =IF(AW24<=$H24,"VÁLIDA","NO VÁLIDA") -> NO VÁLIDA | AY24: 6233 | AZ24: =AY24*$F24 -> 2711355 | BA24: =IF(AZ24<=$H24,"VÁLIDA","NO VÁLIDA") -> VÁLIDA | BB24: 5976.8084 | BC24: =BB24*$F24 -> 2599911.7 | BD24: =IF(BC24<=$H24,"VÁLIDA","NO VÁLIDA") -> VÁLIDA | BE24: 6098 | BF24: =BE24*$F24 -> 2652630 | BG24: =IF(BF24<=$H24,"VÁLIDA","NO VÁLIDA") -> VÁLIDA | BH24: 6170.67 | BI24: =BH24*$F24 -> 2684241.5 | BJ24: =IF(BI24<=$H24,"VÁLIDA","NO VÁLIDA") -> VÁLIDA | BK24: 6183 | BL24: =BK24*$F24 -> 2689605 | BM24: =IF(BL24<=$H24,"VÁLIDA","NO VÁLIDA") -> VÁLIDA | BN24: 6121 | BO24: =BN24*$F24 -> 2662635 | BP24: =IF(BO24<=$H24,"VÁLIDA","NO VÁLIDA") -> VÁLIDA
C25: =C24+0.01 -> 1.1 | D25: DEMOLICION DE MORTERO ESPESOR 4 CM | E25: M2 | F25: 132 | G25: 4489 | H25: =F25*G25 -> 592548 | I25: 4419 | J25: =I25*$F25 -> 583308 | K25: =IF(J25<=$H25,"VÁLIDA","NO VÁLIDA") -> VÁLIDA | L25: 4440 | M25: =L25*$F25 -> 586080 | N25: =IF(M25<=$H25,"VÁLIDA","NO VÁLIDA") -> VÁLIDA | O25: 4489 | P25: =O25*$F25 -> 592548 | Q25: =IF(P25<=$H25,"VÁLIDA","NO VÁLIDA") -> VÁLIDA | R25: 4423 | S25: =R25*$F25 -> 583836 | T25: =IF(S25<=$H25,"VÁLIDA","NO VÁLIDA") -> VÁLIDA | U25: 4489 | V25: =U25*$F25 -> 592548 | W25: =IF(V25<=$H25,"VÁLIDA","NO VÁLIDA") -> VÁLIDA | X25: 4417 | Y25: =X25*$F25 -> 583044 | Z25: =IF(Y25<=$H25,"VÁLIDA","NO VÁLIDA") -> VÁLIDA | AA25: 4440 | AB25: =AA25*$F25 -> 586080 | AC25: =IF(AB25<=$H25,"VÁLIDA","NO VÁLIDA") -> VÁLIDA | AD25: 4489 | AE25: =AD25*$F25 -> 592548 | AF25: =IF(AE25<=$H25,"VÁLIDA","NO VÁLIDA") -> VÁLIDA | AH25: =AG25*$F25 -> 0 | AI25: =IF(AH25<=$H25,"VÁLIDA","NO VÁLIDA") -> VÁLIDA | AJ25: 4175 | AK25: =AJ25*$F25 -> 551100 | AL25: =IF(AK25<=$H25,"VÁLIDA","NO VÁLIDA") -> VÁLIDA | AM25: 4478 | AN25: =AM25*$F25 -> 591096 | AO25: =IF(AN25<=$H25,"VÁLIDA","NO VÁLIDA") -> VÁLIDA | AP25: 4489 | AQ25: =AP25*$F25 -> 592548 | AR25: =IF(AQ25<=$H25,"VÁLIDA","NO VÁLIDA") -> VÁLIDA | AS25: 4400 | AT25: =AS25*$F25 -> 580800 | AU25: =IF(AT25<=$H25,"VÁLIDA","NO VÁLIDA") -> VÁLIDA | AV25: 5966 | AW25: =AV25*$F25 -> 787512 | AX25: =IF(AW25<=$H25,"VÁLIDA","NO VÁLIDA") -> NO VÁLIDA | AY25: 4489 | AZ25: =AY25*$F25 -> 592548 | BA25: =IF(AZ25<=$H25,"VÁLIDA","NO VÁLIDA") -> VÁLIDA | BB25: 4304.4911 | BC25: =BB25*$F25 -> 568192.82 | BD25: =IF(BC25<=$H25,"VÁLIDA","NO VÁLIDA") -> VÁLIDA | BE25: 4392 | BF25: =BE25*$F25 -> 579744 | BG25: =IF(BF25<=$H25,"VÁLIDA","NO VÁLIDA") -> VÁLIDA | BH25: 4444.11 | BI25: =BH25*$F25 -> 586622.52 | BJ25: =IF(BI25<=$H25,"VÁLIDA","NO VÁLIDA") -> VÁLIDA | BK25: 4453 | BL25: =BK25*$F25 -> 587796 | BM25: =IF(BL25<=$H25,"VÁLIDA","NO VÁLIDA") -> VÁLIDA | BN25: 4408 | BO25: =BN25*$F25 -> 581856 | BP25: =IF(BO25<=$H25,"VÁLIDA","NO VÁLIDA") -> VÁLIDA
B26: 4390 | C26: =C25+0.01 -> 1.11 | D26: =VLOOKUP(B26,[2]ITEMS!$B$4:$E$2466,2,FALSE) -> EXCAVACIÓN MANUAL EN MATERIAL COMÚN (INCL CARGUE, TRANSPORTE Y DISPOSICION FINAL) | E26: =VLOOKUP(B26,[2]ITEMS!$B$4:$E$2466,3,FALSE) -> M3 | F26: 1405 | G26: =VLOOKUP(B26,[2]ITEMS!$B$4:$E$2466,4,FALSE) -> 57807 | H26: =F26*G26 -> 81218835 | I26: 56906 | J26: =I26*$F26 -> 79952930 | K26: =IF(J26<=$H26,"VÁLIDA","NO VÁLIDA") -> VÁLIDA | L26: 57171 | M26: =L26*$F26 -> 80325255 | N26: =IF(M26<=$H26,"VÁLIDA","NO VÁLIDA") -> VÁLIDA | O26: 57807 | P26: =O26*$F26 -> 81218835 | Q26: =IF(P26<=$H26,"VÁLIDA","NO VÁLIDA") -> VÁLIDA | R26: 56957 | S26: =R26*$F26 -> 80024585 | T26: =IF(S26<=$H26,"VÁLIDA","NO VÁLIDA") -> VÁLIDA | U26: 57807 | V26: =U26*$F26 -> 81218835 | W26: =IF(V26<=$H26,"VÁLIDA","NO VÁLIDA") -> VÁLIDA | X26: 56882 | Y26: =X26*$F26 -> 79919210 | Z26: =IF(Y26<=$H26,"VÁLIDA","NO VÁLIDA") -> VÁLIDA | AA26: 57171 | AB26: =AA26*$F26 -> 80325255 | AC26: =IF(AB26<=$H26,"VÁLIDA","NO VÁLIDA") -> VÁLIDA | AD26: 55000 | AE26: =AD26*$F26 -> 77275000 | AF26: =IF(AE26<=$H26,"VÁLIDA","NO VÁLIDA") -> VÁLIDA | AH26: =AG26*$F26 -> 0 | AI26: =IF(AH26<=$H26,"VÁLIDA","NO VÁLIDA") -> VÁLIDA | AJ26: 53761 | AK26: =AJ26*$F26 -> 75534205 | AL26: =IF(AK26<=$H26,"VÁLIDA","NO VÁLIDA") -> VÁLIDA | AM26: 57662 | AN26: =AM26*$F26 -> 81015110 | AO26: =IF(AN26<=$H26,"VÁLIDA","NO VÁLIDA") -> VÁLIDA | AP26: 57807 | AQ26: =AP26*$F26 -> 81218835 | AR26: =IF(AQ26<=$H26,"VÁLIDA","NO VÁLIDA") -> VÁLIDA | AS26: 57000 | AT26: =AS26*$F26 -> 80085000 | AU26: =IF(AT26<=$H26,"VÁLIDA","NO VÁLIDA") -> VÁLIDA | AV26: 76814 | AW26: =AV26*$F26 -> 107923670 | AX26: =IF(AW26<=$H26,"VÁLIDA","NO VÁLIDA") -> NO VÁLIDA | AY26: 57807 | AZ26: =AY26*$F26 -> 81218835 | BA26: =IF(AZ26<=$H26,"VÁLIDA","NO VÁLIDA") -> VÁLIDA | BB26: 55430.99 | BC26: =BB26*$F26 -> 77880542 | BD26: =IF(BC26<=$H26,"VÁLIDA","NO VÁLIDA") -> VÁLIDA | BE26: 56558 | BF26: =BE26*$F26 -> 79463990 | BG26: =IF(BF26<=$H26,"VÁLIDA","NO VÁLIDA") -> VÁLIDA | BH26: 57228.93 | BI26: =BH26*$F26 -> 80406647 | BJ26: =IF(BI26<=$H26,"VÁLIDA","NO VÁLIDA") -> VÁLIDA | BK26: 57345 | BL26: =BK26*$F26 -> 80569725 | BM26: =IF(BL26<=$H26,"VÁLIDA","NO VÁLIDA") -> VÁLIDA | BN26: 56774 | BO26: =BN26*$F26 -> 79767470 | BP26: =IF(BO26<=$H26,"VÁLIDA","NO VÁLIDA") -> VÁLIDA
B27: 3012 | C27: =C26+0.01 -> 1.12 | D27: =VLOOKUP(B27,[2]ITEMS!$B$4:$E$2466,2,FALSE) -> DEMOLICION PISOS DE CONCRETO (Espesor variable. Incluye Cargue). No incluye transporte y disposición final de sobrantes. Rendimiento estimado para un espesor de 0.10m | E27: =VLOOKUP(B27,[2]ITEMS!$B$4:$E$2466,3,FALSE) -> M2 | F27: 1213 | G27: =VLOOKUP(B27,[2]ITEMS!$B$4:$E$2466,4,FALSE) -> 5430 | H27: =F27*G27 -> 6586590 | I27: 5345 | J27: =I27*$F27 -> 6483485 | K27: =IF(J27<=$H27,"VÁLIDA","NO VÁLIDA") -> VÁLIDA | L27: 5370 | M27: =L27*$F27 -> 6513810 | N27: =IF(M27<=$H27,"VÁLIDA","NO VÁLIDA") -> VÁLIDA | O27: 5430 | P27: =O27*$F27 -> 6586590 | Q27: =IF(P27<=$H27,"VÁLIDA","NO VÁLIDA") -> VÁLIDA | R27: 5350 | S27: =R27*$F27 -> 6489550 | T27: =IF(S27<=$H27,"VÁLIDA","NO VÁLIDA") -> VÁLIDA | U27: 5430 | V27: =U27*$F27 -> 6586590 | W27: =IF(V27<=$H27,"VÁLIDA","NO VÁLIDA") -> VÁLIDA | X27: 5343 | Y27: =X27*$F27 -> 6481059 | Z27: =IF(Y27<=$H27,"VÁLIDA","NO VÁLIDA") -> VÁLIDA | AA27: 5370 | AB27: =AA27*$F27 -> 6513810 | AC27: =IF(AB27<=$H27,"VÁLIDA","NO VÁLIDA") -> VÁLIDA | AD27: 5430 | AE27: =AD27*$F27 -> 6586590 | AF27: =IF(AE27<=$H27,"VÁLIDA","NO VÁLIDA") -> VÁLIDA | AH27: =AG27*$F27 -> 0 | AI27: =IF(AH27<=$H27,"VÁLIDA","NO VÁLIDA") -> VÁLIDA | AJ27: 5050 | AK27: =AJ27*$F27 -> 6125650 | AL27: =IF(AK27<=$H27,"VÁLIDA","NO VÁLIDA") -> VÁLIDA | AM27: 5416 | AN27: =AM27*$F27 -> 6569608 | AO27: =IF(AN27<=$H27,"VÁLIDA","NO VÁLIDA") -> VÁLIDA | AP27: 5430 | AQ27: =AP27*$F27 -> 6586590 | AR27: =IF(AQ27<=$H27,"VÁLIDA","NO VÁLIDA") -> VÁLIDA | AS27: 5300 | AT27: =AS27*$F27 -> 6428900 | AU27: =IF(AT27<=$H27,"VÁLIDA","NO VÁLIDA") -> VÁLIDA | AV27: 7216 | AW27: =AV27*$F27 -> 8753008 | AX27: =IF(AW27<=$H27,"VÁLIDA","NO VÁLIDA") -> NO VÁLIDA | AY27: 5430 | AZ27: =AY27*$F27 -> 6586590 | BA27: =IF(AZ27<=$H27,"VÁLIDA","NO VÁLIDA") -> VÁLIDA | BB27: 5206.8137 | BC27: =BB27*$F27 -> 6315865 | BD27: =IF(BC27<=$H27,"VÁLIDA","NO VÁLIDA") -> VÁLIDA | BE27: 5313 | BF27: =BE27*$F27 -> 6444669 | BG27: =IF(BF27<=$H27,"VÁLIDA","NO VÁLIDA") -> VÁLIDA | BH27: 5375.7 | BI27: =BH27*$F27 -> 6520724.1 | BJ27: =IF(BI27<=$H27,"VÁLIDA","NO VÁLIDA") -> VÁLIDA | BK27: 5387 | BL27: =BK27*$F27 -> 6534431 | BM27: =IF(BL27<=$H27,"VÁLIDA","NO VÁLIDA") -> VÁLIDA | BN27: 5333 | BO27: =BN27*$F27 -> 6468929 | BP27: =IF(BO27<=$H27,"VÁLIDA","NO VÁLIDA") -> VÁLIDA
B28: 4813 | C28: =C27+0.01 -> 1.13 | D28: =VLOOKUP(B28,[2]ITEMS!$B$4:$E$2466,2,FALSE) -> RETIRO DE BOLARDO EN CONCRETO TIPO M-60. INCLUYE REPARACION DEL SITIO CON CONCRETO DE 1500PSI HECHO EN OBRA (40x40x10CM) Y SUBBASE GRANULAR SBG_200 e=0.35. NO INCLUYE RETIRO DE ESCOMBROS. INCLUYE DEMOLICION Y EXCAVACION. | E28: =VLOOKUP(B28,[2]ITEMS!$B$4:$E$2466,3,FALSE) -> UN | F28: 4 | G28: =VLOOKUP(B28,[2]ITEMS!$B$4:$E$2466,4,FALSE) -> 17594 | H28: =F28*G28 -> 70376 | I28: 17320 | J28: =I28*$F28 -> 69280 | K28: =IF(J28<=$H28,"VÁLIDA","NO VÁLIDA") -> VÁLIDA | L28: 17400 | M28: =L28*$F28 -> 69600 | N28: =IF(M28<=$H28,"VÁLIDA","NO VÁLIDA") -> VÁLIDA | O28: 17594 | P28: =O28*$F28 -> 70376 | Q28: =IF(P28<=$H28,"VÁLIDA","NO VÁLIDA") -> VÁLIDA | R28: 17335 | S28: =R28*$F28 -> 69340 | T28: =IF(S28<=$H28,"VÁLIDA","NO VÁLIDA") -> VÁLIDA | U28: 17594 | V28: =U28*$F28 -> 70376 | W28: =IF(V28<=$H28,"VÁLIDA","NO VÁLIDA") -> VÁLIDA | X28: 17312 | Y28: =X28*$F28 -> 69248 | Z28: =IF(Y28<=$H28,"VÁLIDA","NO VÁLIDA") -> VÁLIDA | AA28: 17400 | AB28: =AA28*$F28 -> 69600 | AC28: =IF(AB28<=$H28,"VÁLIDA","NO VÁLIDA") -> VÁLIDA | AD28: 17594 | AE28: =AD28*$F28 -> 70376 | AF28: =IF(AE28<=$H28,"VÁLIDA","NO VÁLIDA") -> VÁLIDA | AH28: =AG28*$F28 -> 0 | AI28: =IF(AH28<=$H28,"VÁLIDA","NO VÁLIDA") -> VÁLIDA | AJ28: 16362 | AK28: =AJ28*$F28 -> 65448 | AL28: =IF(AK28<=$H28,"VÁLIDA","NO VÁLIDA") -> VÁLIDA | AM28: 17550 | AN28: =AM28*$F28 -> 70200 | AO28: =IF(AN28<=$H28,"VÁLIDA","NO VÁLIDA") -> VÁLIDA | AP28: 17594 | AQ28: =AP28*$F28 -> 70376 | AR28: =IF(AQ28<=$H28,"VÁLIDA","NO VÁLIDA") -> VÁLIDA | AS28: 17300 | AT28: =AS28*$F28 -> 69200 | AU28: =IF(AT28<=$H28,"VÁLIDA","NO VÁLIDA") -> VÁLIDA | AV28: 23379 | AW28: =AV28*$F28 -> 93516 | AX28: =IF(AW28<=$H28,"VÁLIDA","NO VÁLIDA") -> NO VÁLIDA | AY28: 17594 | AZ28: =AY28*$F28 -> 70376 | BA28: =IF(AZ28<=$H28,"VÁLIDA","NO VÁLIDA") -> VÁLIDA | BB28: 16870.843 | BC28: =BB28*$F28 -> 67483.374 | BD28: =IF(BC28<=$H28,"VÁLIDA","NO VÁLIDA") -> VÁLIDA | BE28: 17214 | BF28: =BE28*$F28 -> 68856 | BG28: =IF(BF28<=$H28,"VÁLIDA","NO VÁLIDA") -> VÁLIDA | BH28: 17418.06 | BI28: =BH28*$F28 -> 69672.24 | BJ28: =IF(BI28<=$H28,"VÁLIDA","NO VÁLIDA") -> VÁLIDA | BK28: 17453 | BL28: =BK28*$F28 -> 69812 | BM28: =IF(BL28<=$H28,"VÁLIDA","NO VÁLIDA") -> VÁLIDA | BN28: 17279 | BO28: =BN28*$F28 -> 69116 | BP28: =IF(BO28<=$H28,"VÁLIDA","NO VÁLIDA") -> VÁLIDA
C29: =C28+0.01 -> 1.14 | D29: DEMOLICION BORDILLO CON COMPRESOR + CARGUE + RETIRO) | E29: ML | F29: 469 | G29: 11115 | H29: =F29*G29 -> 5212935 | I29: 10942 | J29: =I29*$F29 -> 5131798 | K29: =IF(J29<=$H29,"VÁLIDA","NO VÁLIDA") -> VÁLIDA | L29: 10993 | M29: =L29*$F29 -> 5155717 | N29: =IF(M29<=$H29,"VÁLIDA","NO VÁLIDA") -> VÁLIDA | O29: 11115 | P29: =O29*$F29 -> 5212935 | Q29: =IF(P29<=$H29,"VÁLIDA","NO VÁLIDA") -> VÁLIDA | R29: 10952 | S29: =R29*$F29 -> 5136488 | T29: =IF(S29<=$H29,"VÁLIDA","NO VÁLIDA") -> VÁLIDA | U29: 11115 | V29: =U29*$F29 -> 5212935 | W29: =IF(V29<=$H29,"VÁLIDA","NO VÁLIDA") -> VÁLIDA | X29: 10937 | Y29: =X29*$F29 -> 5129453 | Z29: =IF(Y29<=$H29,"VÁLIDA","NO VÁLIDA") -> VÁLIDA | AA29: 10993 | AB29: =AA29*$F29 -> 5155717 | AC29: =IF(AB29<=$H29,"VÁLIDA","NO VÁLIDA") -> VÁLIDA | AD29: 11115 | AE29: =AD29*$F29 -> 5212935 | AF29: =IF(AE29<=$H29,"VÁLIDA","NO VÁLIDA") -> VÁLIDA | AH29: =AG29*$F29 -> 0 | AI29: =IF(AH29<=$H29,"VÁLIDA","NO VÁLIDA") -> VÁLIDA | AJ29: 10337 | AK29: =AJ29*$F29 -> 4848053 | AL29: =IF(AK29<=$H29,"VÁLIDA","NO VÁLIDA") -> VÁLIDA | AM29: 11087 | AN29: =AM29*$F29 -> 5199803 | AO29: =IF(AN29<=$H29,"VÁLIDA","NO VÁLIDA") -> VÁLIDA | AP29: 11115 | AQ29: =AP29*$F29 -> 5212935 | AR29: =IF(AQ29<=$H29,"VÁLIDA","NO VÁLIDA") -> VÁLIDA | AS29: 10900 | AT29: =AS29*$F29 -> 5112100 | AU29: =IF(AT29<=$H29,"VÁLIDA","NO VÁLIDA") -> VÁLIDA | AV29: 14769 | AW29: =AV29*$F29 -> 6926661 | AX29: =IF(AW29<=$H29,"VÁLIDA","NO VÁLIDA") -> NO VÁLIDA | AY29: 11115 | AZ29: =AY29*$F29 -> 5212935 | BA29: =IF(AZ29<=$H29,"VÁLIDA","NO VÁLIDA") -> VÁLIDA | BB29: 10658.146 | BC29: =BB29*$F29 -> 4998670.6 | BD29: =IF(BC29<=$H29,"VÁLIDA","NO VÁLIDA") -> VÁLIDA | BE29: 10875 | BF29: =BE29*$F29 -> 5100375 | BG29: =IF(BF29<=$H29,"VÁLIDA","NO VÁLIDA") -> VÁLIDA | BH29: 11003.85 | BI29: =BH29*$F29 -> 5160805.7 | BJ29: =IF(BI29<=$H29,"VÁLIDA","NO VÁLIDA") -> VÁLIDA | BK29: 11026 | BL29: =BK29*$F29 -> 5171194 | BM29: =IF(BL29<=$H29,"VÁLIDA","NO VÁLIDA") -> VÁLIDA | BN29: 10916 | BO29: =BN29*$F29 -> 5119604 | BP29: =IF(BO29<=$H29,"VÁLIDA","NO VÁLIDA") -> VÁLIDA
B30: 0 | C30: =C29+0.01 -> 1.15 | D30: VIGA DE CHOQUE EN CONCRETO DE 4000 PSI SECCION 45x30 NO INCLUYE REFUERZO | E30: ML | F30: 9 | G30: 97837 | H30: =F30*G30 -> 880533 | I30: 96313 | J30: =I30*$F30 -> 866817 | K30: =IF(J30<=$H30,"VÁLIDA","NO VÁLIDA") -> VÁLIDA | L30: 96761 | M30: =L30*$F30 -> 870849 | N30: =IF(M30<=$H30,"VÁLIDA","NO VÁLIDA") -> VÁLIDA | O30: 97837 | P30: =O30*$F30 -> 880533 | Q30: =IF(P30<=$H30,"VÁLIDA","NO VÁLIDA") -> VÁLIDA | R30: 96399 | S30: =R30*$F30 -> 867591 | T30: =IF(S30<=$H30,"VÁLIDA","NO VÁLIDA") -> VÁLIDA | U30: 97837 | V30: =U30*$F30 -> 880533 | W30: =IF(V30<=$H30,"VÁLIDA","NO VÁLIDA") -> VÁLIDA | X30: 96271 | Y30: =X30*$F30 -> 866439 | Z30: =IF(Y30<=$H30,"VÁLIDA","NO VÁLIDA") -> VÁLIDA | AA30: 96761 | AB30: =AA30*$F30 -> 870849 | AC30: =IF(AB30<=$H30,"VÁLIDA","NO VÁLIDA") -> VÁLIDA | AD30: 97837 | AE30: =AD30*$F30 -> 880533 | AF30: =IF(AE30<=$H30,"VÁLIDA","NO VÁLIDA") -> VÁLIDA | AH30: =AG30*$F30 -> 0 | AI30: =IF(AH30<=$H30,"VÁLIDA","NO VÁLIDA") -> VÁLIDA | AJ30: 90988 | AK30: =AJ30*$F30 -> 818892 | AL30: =IF(AK30<=$H30,"VÁLIDA","NO VÁLIDA") -> VÁLIDA | AM30: 97592 | AN30: =AM30*$F30 -> 878328 | AO30: =IF(AN30<=$H30,"VÁLIDA","NO VÁLIDA") -> VÁLIDA | AP30: 97837 | AQ30: =AP30*$F30 -> 880533 | AR30: =IF(AQ30<=$H30,"VÁLIDA","NO VÁLIDA") -> VÁLIDA | AS30: 96000 | AT30: =AS30*$F30 -> 864000 | AU30: =IF(AT30<=$H30,"VÁLIDA","NO VÁLIDA") -> VÁLIDA | AV30: 130006 | AW30: =AV30*$F30 -> 1170054 | AX30: =IF(AW30<=$H30,"VÁLIDA","NO VÁLIDA") -> NO VÁLIDA | AY30: 97837 | AZ30: =AY30*$F30 -> 880533 | BA30: =IF(AZ30<=$H30,"VÁLIDA","NO VÁLIDA") -> VÁLIDA | BB30: 93815.659 | BC30: =BB30*$F30 -> 844340.93 | BD30: =IF(BC30<=$H30,"VÁLIDA","NO VÁLIDA") -> VÁLIDA | BE30: 95724 | BF30: =BE30*$F30 -> 861516 | BG30: =IF(BF30<=$H30,"VÁLIDA","NO VÁLIDA") -> VÁLIDA | BH30: 96858.63 | BI30: =BH30*$F30 -> 871727.67 | BJ30: =IF(BI30<=$H30,"VÁLIDA","NO VÁLIDA") -> VÁLIDA | BK30: 97054 | BL30: =BK30*$F30 -> 873486 | BM30: =IF(BL30<=$H30,"VÁLIDA","NO VÁLIDA") -> VÁLIDA | BN30: 96089 | BO30: =BN30*$F30 -> 864801 | BP30: =IF(BO30<=$H30,"VÁLIDA","NO VÁLIDA") -> VÁLIDA
B31: 5642 | C31: =C30+0.01 -> 1.16 | D31: =VLOOKUP(B31,[2]ITEMS!$B$4:$E$2466,2,FALSE) -> PAÑETE LISO O RÚSTICO 1:4 PARA MUROS. LAVADO O RÚSTICO. (Incluye suministro e instalación) | E31: =VLOOKUP(B31,[2]ITEMS!$B$4:$E$2466,3,FALSE) -> M2 | F31: 100 | G31: =VLOOKUP(B31,[2]ITEMS!$B$4:$E$2466,4,FALSE) -> 13384 | H31: =F31*G31 -> 1338400 | I31: 13175 | J31: =I31*$F31 -> 1317500 | K31: =IF(J31<=$H31,"VÁLIDA","NO VÁLIDA") -> VÁLIDA | L31: 13237 | M31: =L31*$F31 -> 1323700 | N31: =IF(M31<=$H31,"VÁLIDA","NO VÁLIDA") -> VÁLIDA | O31: 13384 | P31: =O31*$F31 -> 1338400 | Q31: =IF(P31<=$H31,"VÁLIDA","NO VÁLIDA") -> VÁLIDA | R31: 13187 | S31: =R31*$F31 -> 1318700 | T31: =IF(S31<=$H31,"VÁLIDA","NO VÁLIDA") -> VÁLIDA | U31: 13384 | V31: =U31*$F31 -> 1338400 | W31: =IF(V31<=$H31,"VÁLIDA","NO VÁLIDA") -> VÁLIDA | X31: 13169 | Y31: =X31*$F31 -> 1316900 | Z31: =IF(Y31<=$H31,"VÁLIDA","NO VÁLIDA") -> VÁLIDA | AA31: 13237 | AB31: =AA31*$F31 -> 1323700 | AC31: =IF(AB31<=$H31,"VÁLIDA","NO VÁLIDA") -> VÁLIDA | AD31: 13384 | AE31: =AD31*$F31 -> 1338400 | AF31: =IF(AE31<=$H31,"VÁLIDA","NO VÁLIDA") -> VÁLIDA | AH31: =AG31*$F31 -> 0 | AI31: =IF(AH31<=$H31,"VÁLIDA","NO VÁLIDA") -> VÁLIDA | AJ31: 12447 | AK31: =AJ31*$F31 -> 1244700 | AL31: =IF(AK31<=$H31,"VÁLIDA","NO VÁLIDA") -> VÁLIDA | AM31: 13351 | AN31: =AM31*$F31 -> 1335100 | AO31: =IF(AN31<=$H31,"VÁLIDA","NO VÁLIDA") -> VÁLIDA | AP31: 13384 | AQ31: =AP31*$F31 -> 1338400 | AR31: =IF(AQ31<=$H31,"VÁLIDA","NO VÁLIDA") -> VÁLIDA | AS31: 13000 | AT31: =AS31*$F31 -> 1300000 | AU31: =IF(AT31<=$H31,"VÁLIDA","NO VÁLIDA") -> VÁLIDA | AV31: 17785 | AW31: =AV31*$F31 -> 1778500 | AX31: =IF(AW31<=$H31,"VÁLIDA","NO VÁLIDA") -> NO VÁLIDA | AY31: 13384 | AZ31: =AY31*$F31 -> 1338400 | BA31: =IF(AZ31<=$H31,"VÁLIDA","NO VÁLIDA") -> VÁLIDA | BB31: 12833.885 | BC31: =BB31*$F31 -> 1283388.5 | BD31: =IF(BC31<=$H31,"VÁLIDA","NO VÁLIDA") -> VÁLIDA | BE31: 13095 | BF31: =BE31*$F31 -> 1309500 | BG31: =IF(BF31<=$H31,"VÁLIDA","NO VÁLIDA") -> VÁLIDA | BH31: 13250.16 | BI31: =BH31*$F31 -> 1325016 | BJ31: =IF(BI31<=$H31,"VÁLIDA","NO VÁLIDA") -> VÁLIDA | BK31: 13277 | BL31: =BK31*$F31 -> 1327700 | BM31: =IF(BL31<=$H31,"VÁLIDA","NO VÁLIDA") -> VÁLIDA | BN31: 13144 | BO31: =BN31*$F31 -> 1314400 | BP31: =IF(BO31<=$H31,"VÁLIDA","NO VÁLIDA") -> VÁLIDA
B32: 3017 | C32: =C31+0.01 -> 1.17 | D32: =VLOOKUP(B32,[2]ITEMS!$B$4:$E$2466,2,FALSE) -> TRANSPORTE Y DISPOSICIÓN FINAL DE ESCOMBROS EN SITIO AUTORIZADO (distancia de transporte 21 Km). A distancia mayor del acarreo libre (90 m) en sitio autorizado por la entidad Ambiental competente. | E32: =VLOOKUP(B32,[2]ITEMS!$B$4:$E$2466,3,FALSE) -> M3 | F32: 1345 | G32: =VLOOKUP(B32,[2]ITEMS!$B$4:$E$2466,4,FALSE) -> 24083 | H32: =F32*G32 -> 32391635 | I32: 23708 | J32: =I32*$F32 -> 31887260 | K32: =IF(J32<=$H32,"VÁLIDA","NO VÁLIDA") -> VÁLIDA | L32: 23818 | M32: =L32*$F32 -> 32035210 | N32: =IF(M32<=$H32,"VÁLIDA","NO VÁLIDA") -> VÁLIDA | O32: 24083 | P32: =O32*$F32 -> 32391635 | Q32: =IF(P32<=$H32,"VÁLIDA","NO VÁLIDA") -> VÁLIDA | R32: 23729 | S32: =R32*$F32 -> 31915505 | T32: =IF(S32<=$H32,"VÁLIDA","NO VÁLIDA") -> VÁLIDA | U32: 24083 | V32: =U32*$F32 -> 32391635 | W32: =IF(V32<=$H32,"VÁLIDA","NO VÁLIDA") -> VÁLIDA | X32: 23697 | Y32: =X32*$F32 -> 31872465 | Z32: =IF(Y32<=$H32,"VÁLIDA","NO VÁLIDA") -> VÁLIDA | AA32: 23818 | AB32: =AA32*$F32 -> 32035210 | AC32: =IF(AB32<=$H32,"VÁLIDA","NO VÁLIDA") -> VÁLIDA | AD32: 24024 | AE32: =AD32*$F32 -> 32312280 | AF32: =IF(AE32<=$H32,"VÁLIDA","NO VÁLIDA") -> VÁLIDA | AH32: =AG32*$F32 -> 0 | AI32: =IF(AH32<=$H32,"VÁLIDA","NO VÁLIDA") -> VÁLIDA | AJ32: 22397 | AK32: =AJ32*$F32 -> 30123965 | AL32: =IF(AK32<=$H32,"VÁLIDA","NO VÁLIDA") -> VÁLIDA | AM32: 24023 | AN32: =AM32*$F32 -> 32310935 | AO32: =IF(AN32<=$H32,"VÁLIDA","NO VÁLIDA") -> VÁLIDA | AP32: 24083 | AQ32: =AP32*$F32 -> 32391635 | AR32: =IF(AQ32<=$H32,"VÁLIDA","NO VÁLIDA") -> VÁLIDA | AS32: 23500 | AT32: =AS32*$F32 -> 31607500 | AU32: =IF(AT32<=$H32,"VÁLIDA","NO VÁLIDA") -> VÁLIDA | AV32: 32002 | AW32: =AV32*$F32 -> 43042690 | AX32: =IF(AW32<=$H32,"VÁLIDA","NO VÁLIDA") -> NO VÁLIDA | AY32: 24083 | AZ32: =AY32*$F32 -> 32391635 | BA32: =IF(AZ32<=$H32,"VÁLIDA","NO VÁLIDA") -> VÁLIDA | BB32: 23093.13 | BC32: =BB32*$F32 -> 31060259 | BD32: =IF(BC32<=$H32,"VÁLIDA","NO VÁLIDA") -> VÁLIDA | BE32: 23563 | BF32: =BE32*$F32 -> 31692235 | BG32: =IF(BF32<=$H32,"VÁLIDA","NO VÁLIDA") -> VÁLIDA | BH32: 23842.17 | BI32: =BH32*$F32 -> 32067719 | BJ32: =IF(BI32<=$H32,"VÁLIDA","NO VÁLIDA") -> VÁLIDA | BK32: 23890 | BL32: =BK32*$F32 -> 32132050 | BM32: =IF(BL32<=$H32,"VÁLIDA","NO VÁLIDA") -> VÁLIDA | BN32: 23652 | BO32: =BN32*$F32 -> 31811940 | BP32: =IF(BO32<=$H32,"VÁLIDA","NO VÁLIDA") -> VÁLIDA
D33: RELLENOS | H33: =SUM(H34:H39) -> 31013088 | J33: =SUM(J34:J39) -> 30528830 | K33: =IF(J33<=$H33,"VÁLIDA","NO VÁLIDA") -> VÁLIDA | M33: =SUM(M34:M39) -> 30672720 | N33: =IF(M33<=$H33,"VÁLIDA","NO VÁLIDA") -> VÁLIDA | P33: =SUM(P34:P39) -> 31013088 | Q33: =IF(P33<=$H33,"VÁLIDA","NO VÁLIDA") -> VÁLIDA | S33: =SUM(S34:S39) -> 30556286 | T33: =IF(S33<=$H33,"VÁLIDA","NO VÁLIDA") -> VÁLIDA | V33: =SUM(V34:V39) -> 31013088 | W33: =IF(V33<=$H33,"VÁLIDA","NO VÁLIDA") -> VÁLIDA | Y33: =SUM(Y34:Y39) -> 30516666 | Z33: =IF(Y33<=$H33,"VÁLIDA","NO VÁLIDA") -> VÁLIDA | AB33: =SUM(AB34:AB39) -> 30672720 | AC33: =IF(AB33<=$H33,"VÁLIDA","NO VÁLIDA") -> VÁLIDA | AE33: =SUM(AE34:AE39) -> 31013088 | AF33: =IF(AE33<=$H33,"VÁLIDA","NO VÁLIDA") -> VÁLIDA | AH33: =SUM(AH34:AH39) -> 0 | AI33: =IF(AH33<=$H33,"VÁLIDA","NO VÁLIDA") -> VÁLIDA | AK33: =SUM(AK34:AK39) -> 28841751 | AL33: =IF(AK33<=$H33,"VÁLIDA","NO VÁLIDA") -> VÁLIDA | AN33: =SUM(AN34:AN39) -> 30935252 | AO33: =IF(AN33<=$H33,"VÁLIDA","NO VÁLIDA") -> VÁLIDA | AQ33: =SUM(AQ34:AQ39) -> 31013088 | AR33: =IF(AQ33<=$H33,"VÁLIDA","NO VÁLIDA") -> VÁLIDA | AT33: =SUM(AT34:AT39) -> 30421200 | AU33: =IF(AT33<=$H33,"VÁLIDA","NO VÁLIDA") -> VÁLIDA | AW33: =SUM(AW34:AW39) -> 41209641 | AX33: =IF(AW33<=$H33,"VÁLIDA","NO VÁLIDA") -> NO VÁLIDA | AZ33: =SUM(AZ34:AZ39) -> 31013088 | BA33: =IF(AZ33<=$H33,"VÁLIDA","NO VÁLIDA") -> VÁLIDA | BC33: =SUM(BC34:BC39) -> 29738374 | BD33: =IF(BC33<=$H33,"VÁLIDA","NO VÁLIDA") -> VÁLIDA | BF33: =SUM(BF34:BF39) -> 30343671 | BG33: =IF(BF33<=$H33,"VÁLIDA","NO VÁLIDA") -> VÁLIDA | BI33: =SUM(BI34:BI39) -> 30702957 | BJ33: =IF(BI33<=$H33,"VÁLIDA","NO VÁLIDA") -> VÁLIDA | BL33: =SUM(BL34:BL39) -> 30765054 | BM33: =IF(BL33<=$H33,"VÁLIDA","NO VÁLIDA") -> VÁLIDA | BO33: =SUM(BO34:BO39) -> 30457306 | BP33: =IF(BO33<=$H33,"VÁLIDA","NO VÁLIDA") -> VÁLIDA
B34: 3024 | C34: =C32+0.01 -> 1.18 | D34: =VLOOKUP(B34,[2]ITEMS!$B$4:$E$2466,2,FALSE) -> RELLENO PARA REDES EN ARENA DE PEÑA (Suministro, Extendido, Humedecimiento y Compactación) | E34: =VLOOKUP(B34,[2]ITEMS!$B$4:$E$2466,3,FALSE) -> M3 | F34: 127 | G34: =VLOOKUP(B34,[2]ITEMS!$B$4:$E$2466,4,FALSE) -> 91358 | H34: =F34*G34 -> 11602466 | I34: 89934 | J34: =I34*$F34 -> 11421618 | K34: =IF(J34<=$H34,"VÁLIDA","NO VÁLIDA") -> VÁLIDA | L34: 90353 | M34: =L34*$F34 -> 11474831 | N34: =IF(M34<=$H34,"VÁLIDA","NO VÁLIDA") -> VÁLIDA | O34: 91358 | P34: =O34*$F34 -> 11602466 | Q34: =IF(P34<=$H34,"VÁLIDA","NO VÁLIDA") -> VÁLIDA | R34: 90015 | S34: =R34*$F34 -> 11431905 | T34: =IF(S34<=$H34,"VÁLIDA","NO VÁLIDA") -> VÁLIDA | U34: 91358 | V34: =U34*$F34 -> 11602466 | W34: =IF(V34<=$H34,"VÁLIDA","NO VÁLIDA") -> VÁLIDA | X34: 89896 | Y34: =X34*$F34 -> 11416792 | Z34: =IF(Y34<=$H34,"VÁLIDA","NO VÁLIDA") -> VÁLIDA | AA34: 90353 | AB34: =AA34*$F34 -> 11474831 | AC34: =IF(AB34<=$H34,"VÁLIDA","NO VÁLIDA") -> VÁLIDA | AD34: 91358 | AE34: =AD34*$F34 -> 11602466 | AF34: =IF(AE34<=$H34,"VÁLIDA","NO VÁLIDA") -> VÁLIDA | AH34: =AG34*$F34 -> 0 | AI34: =IF(AH34<=$H34,"VÁLIDA","NO VÁLIDA") -> VÁLIDA | AJ34: 84963 | AK34: =AJ34*$F34 -> 10790301 | AL34: =IF(AK34<=$H34,"VÁLIDA","NO VÁLIDA") -> VÁLIDA | AM34: 91130 | AN34: =AM34*$F34 -> 11573510 | AO34: =IF(AN34<=$H34,"VÁLIDA","NO VÁLIDA") -> VÁLIDA | AP34: 91358 | AQ34: =AP34*$F34 -> 11602466 | AR34: =IF(AQ34<=$H34,"VÁLIDA","NO VÁLIDA") -> VÁLIDA | AS34: 90000 | AT34: =AS34*$F34 -> 11430000 | AU34: =IF(AT34<=$H34,"VÁLIDA","NO VÁLIDA") -> VÁLIDA | AV34: 121397.4 | AW34: =AV34*$F34 -> 15417470 | AX34: =IF(AW34<=$H34,"VÁLIDA","NO VÁLIDA") -> NO VÁLIDA | AY34: 91358 | AZ34: =AY34*$F34 -> 11602466 | BA34: =IF(AZ34<=$H34,"VÁLIDA","NO VÁLIDA") -> VÁLIDA | BB34: 87602.962 | BC34: =BB34*$F34 -> 11125576 | BD34: =IF(BC34<=$H34,"VÁLIDA","NO VÁLIDA") -> VÁLIDA | BE34: 89385 | BF34: =BE34*$F34 -> 11351895 | BG34: =IF(BF34<=$H34,"VÁLIDA","NO VÁLIDA") -> VÁLIDA | BH34: 90444.42 | BI34: =BH34*$F34 -> 11486441 | BJ34: =IF(BI34<=$H34,"VÁLIDA","NO VÁLIDA") -> VÁLIDA | BK34: 90627 | BL34: =BK34*$F34 -> 11509629 | BM34: =IF(BL34<=$H34,"VÁLIDA","NO VÁLIDA") -> VÁLIDA | BN34: 89726 | BO34: =BN34*$F34 -> 11395202 | BP34: =IF(BO34<=$H34,"VÁLIDA","NO VÁLIDA") -> VÁLIDA
B35: 2307 | C35: =C34+0.01 -> 1.19 | D35: ARENA DE PEÑA PARA INSTALACION TUBERIA DE REDES SUMINISTRO E INSTALACION | E35: M3 | F35: 255 | G35: 40401 | H35: =F35*G35 -> 10302255 | I35: 39771 | J35: =I35*$F35 -> 10141605 | K35: =IF(J35<=$H35,"VÁLIDA","NO VÁLIDA") -> VÁLIDA | L35: 39957 | M35: =L35*$F35 -> 10189035 | N35: =IF(M35<=$H35,"VÁLIDA","NO VÁLIDA") -> VÁLIDA | O35: 40401 | P35: =O35*$F35 -> 10302255 | Q35: =IF(P35<=$H35,"VÁLIDA","NO VÁLIDA") -> VÁLIDA | R35: 39807 | S35: =R35*$F35 -> 10150785 | T35: =IF(S35<=$H35,"VÁLIDA","NO VÁLIDA") -> VÁLIDA | U35: 40401 | V35: =U35*$F35 -> 10302255 | W35: =IF(V35<=$H35,"VÁLIDA","NO VÁLIDA") -> VÁLIDA | X35: 39754 | Y35: =X35*$F35 -> 10137270 | Z35: =IF(Y35<=$H35,"VÁLIDA","NO VÁLIDA") -> VÁLIDA | AA35: 39957 | AB35: =AA35*$F35 -> 10189035 | AC35: =IF(AB35<=$H35,"VÁLIDA","NO VÁLIDA") -> VÁLIDA | AD35: 40401 | AE35: =AD35*$F35 -> 10302255 | AF35: =IF(AE35<=$H35,"VÁLIDA","NO VÁLIDA") -> VÁLIDA | AH35: =AG35*$F35 -> 0 | AI35: =IF(AH35<=$H35,"VÁLIDA","NO VÁLIDA") -> VÁLIDA | AJ35: 37573 | AK35: =AJ35*$F35 -> 9581115 | AL35: =IF(AK35<=$H35,"VÁLIDA","NO VÁLIDA") -> VÁLIDA | AM35: 40300 | AN35: =AM35*$F35 -> 10276500 | AO35: =IF(AN35<=$H35,"VÁLIDA","NO VÁLIDA") -> VÁLIDA | AP35: 40401 | AQ35: =AP35*$F35 -> 10302255 | AR35: =IF(AQ35<=$H35,"VÁLIDA","NO VÁLIDA") -> VÁLIDA | AS35: 39500 | AT35: =AS35*$F35 -> 10072500 | AU35: =IF(AT35<=$H35,"VÁLIDA","NO VÁLIDA") -> VÁLIDA | AV35: 53685.45 | AW35: =AV35*$F35 -> 13689790 | AX35: =IF(AW35<=$H35,"VÁLIDA","NO VÁLIDA") -> NO VÁLIDA | AY35: 40401 | AZ35: =AY35*$F35 -> 10302255 | BA35: =IF(AZ35<=$H35,"VÁLIDA","NO VÁLIDA") -> VÁLIDA | BB35: 38740.42 | BC35: =BB35*$F35 -> 9878807 | BD35: =IF(BC35<=$H35,"VÁLIDA","NO VÁLIDA") -> VÁLIDA | BE35: 39528 | BF35: =BE35*$F35 -> 10079640 | BG35: =IF(BF35<=$H35,"VÁLIDA","NO VÁLIDA") -> VÁLIDA | BH35: 39996.99 | BI35: =BH35*$F35 -> 10199232 | BJ35: =IF(BI35<=$H35,"VÁLIDA","NO VÁLIDA") -> VÁLIDA | BK35: 40078 | BL35: =BK35*$F35 -> 10219890 | BM35: =IF(BL35<=$H35,"VÁLIDA","NO VÁLIDA") -> VÁLIDA | BN35: 39679 | BO35: =BN35*$F35 -> 10118145 | BP35: =IF(BO35<=$H35,"VÁLIDA","NO VÁLIDA") -> VÁLIDA
B36: 3052 | C36: =C34+0.01 -> 1.19 | D36: =VLOOKUP(B36,[2]ITEMS!$B$4:$E$2466,2,FALSE) -> RELLENO PARA REDES EN SUBBASE GRANULAR B-200 (Suministro, Extendido, Humedecimiento y Compactación) | E36: =VLOOKUP(B36,[2]ITEMS!$B$4:$E$2466,3,FALSE) -> M3 | F36: 89 | G36: =VLOOKUP(B36,[2]ITEMS!$B$4:$E$2466,4,FALSE) -> 63173 | H36: =F36*G36 -> 5622397 | I36: 62189 | J36: =I36*$F36 -> 5534821 | K36: =IF(J36<=$H36,"VÁLIDA","NO VÁLIDA") -> VÁLIDA | L36: 62478 | M36: =L36*$F36 -> 5560542 | N36: =IF(M36<=$H36,"VÁLIDA","NO VÁLIDA") -> VÁLIDA | O36: 63173 | P36: =O36*$F36 -> 5622397 | Q36: =IF(P36<=$H36,"VÁLIDA","NO VÁLIDA") -> VÁLIDA | R36: 62244 | S36: =R36*$F36 -> 5539716 | T36: =IF(S36<=$H36,"VÁLIDA","NO VÁLIDA") -> VÁLIDA | U36: 63173 | V36: =U36*$F36 -> 5622397 | W36: =IF(V36<=$H36,"VÁLIDA","NO VÁLIDA") -> VÁLIDA | X36: 62162 | Y36: =X36*$F36 -> 5532418 | Z36: =IF(Y36<=$H36,"VÁLIDA","NO VÁLIDA") -> VÁLIDA | AA36: 62478 | AB36: =AA36*$F36 -> 5560542 | AC36: =IF(AB36<=$H36,"VÁLIDA","NO VÁLIDA") -> VÁLIDA | AD36: 63173 | AE36: =AD36*$F36 -> 5622397 | AF36: =IF(AE36<=$H36,"VÁLIDA","NO VÁLIDA") -> VÁLIDA | AH36: =AG36*$F36 -> 0 | AI36: =IF(AH36<=$H36,"VÁLIDA","NO VÁLIDA") -> VÁLIDA | AJ36: 58751 | AK36: =AJ36*$F36 -> 5228839 | AL36: =IF(AK36<=$H36,"VÁLIDA","NO VÁLIDA") -> VÁLIDA | AM36: 63015 | AN36: =AM36*$F36 -> 5608335 | AO36: =IF(AN36<=$H36,"VÁLIDA","NO VÁLIDA") -> VÁLIDA | AP36: 63173 | AQ36: =AP36*$F36 -> 5622397 | AR36: =IF(AQ36<=$H36,"VÁLIDA","NO VÁLIDA") -> VÁLIDA | AS36: 61800 | AT36: =AS36*$F36 -> 5500200 | AU36: =IF(AT36<=$H36,"VÁLIDA","NO VÁLIDA") -> VÁLIDA | AV36: 83944.35 | AW36: =AV36*$F36 -> 7471047.2 | AX36: =IF(AW36<=$H36,"VÁLIDA","NO VÁLIDA") -> NO VÁLIDA | AY36: 63173 | AZ36: =AY36*$F36 -> 5622397 | BA36: =IF(AZ36<=$H36,"VÁLIDA","NO VÁLIDA") -> VÁLIDA | BB36: 60576.435 | BC36: =BB36*$F36 -> 5391302.7 | BD36: =IF(BC36<=$H36,"VÁLIDA","NO VÁLIDA") -> VÁLIDA | BE36: 61808 | BF36: =BE36*$F36 -> 5500912 | BG36: =IF(BF36<=$H36,"VÁLIDA","NO VÁLIDA") -> VÁLIDA | BH36: 62541.27 | BI36: =BH36*$F36 -> 5566173 | BJ36: =IF(BI36<=$H36,"VÁLIDA","NO VÁLIDA") -> VÁLIDA | BK36: 62668 | BL36: =BK36*$F36 -> 5577452 | BM36: =IF(BL36<=$H36,"VÁLIDA","NO VÁLIDA") -> VÁLIDA | BN36: 62044 | BO36: =BN36*$F36 -> 5521916 | BP36: =IF(BO36<=$H36,"VÁLIDA","NO VÁLIDA") -> VÁLIDA
B37: 3800 | C37: =C36+0.01 -> 1.2 | D37: =VLOOKUP(B37,[2]ITEMS!$B$4:$E$2466,2,FALSE) -> NIVELACION Y COMPACTACIÓN DE SUBRASANTE | E37: =VLOOKUP(B37,[2]ITEMS!$B$4:$E$2466,3,FALSE) -> M2 | F37: 1830 | G37: =VLOOKUP(B37,[2]ITEMS!$B$4:$E$2466,4,FALSE) -> 1125 | H37: =F37*G37 -> 2058750 | I37: 1107 | J37: =I37*$F37 -> 2025810 | K37: =IF(J37<=$H37,"VÁLIDA","NO VÁLIDA") -> VÁLIDA | L37: 1113 | M37: =L37*$F37 -> 2036790 | N37: =IF(M37<=$H37,"VÁLIDA","NO VÁLIDA") -> VÁLIDA | O37: 1125 | P37: =O37*$F37 -> 2058750 | Q37: =IF(P37<=$H37,"VÁLIDA","NO VÁLIDA") -> VÁLIDA | R37: 1108 | S37: =R37*$F37 -> 2027640 | T37: =IF(S37<=$H37,"VÁLIDA","NO VÁLIDA") -> VÁLIDA | U37: 1125 | V37: =U37*$F37 -> 2058750 | W37: =IF(V37<=$H37,"VÁLIDA","NO VÁLIDA") -> VÁLIDA | X37: 1107 | Y37: =X37*$F37 -> 2025810 | Z37: =IF(Y37<=$H37,"VÁLIDA","NO VÁLIDA") -> VÁLIDA | AA37: 1113 | AB37: =AA37*$F37 -> 2036790 | AC37: =IF(AB37<=$H37,"VÁLIDA","NO VÁLIDA") -> VÁLIDA | AD37: 1125 | AE37: =AD37*$F37 -> 2058750 | AF37: =IF(AE37<=$H37,"VÁLIDA","NO VÁLIDA") -> VÁLIDA | AH37: =AG37*$F37 -> 0 | AI37: =IF(AH37<=$H37,"VÁLIDA","NO VÁLIDA") -> VÁLIDA | AJ37: 1046 | AK37: =AJ37*$F37 -> 1914180 | AL37: =IF(AK37<=$H37,"VÁLIDA","NO VÁLIDA") -> VÁLIDA | AM37: 1122 | AN37: =AM37*$F37 -> 2053260 | AO37: =IF(AN37<=$H37,"VÁLIDA","NO VÁLIDA") -> VÁLIDA | AP37: 1125 | AQ37: =AP37*$F37 -> 2058750 | AR37: =IF(AQ37<=$H37,"VÁLIDA","NO VÁLIDA") -> VÁLIDA | AS37: 1100 | AT37: =AS37*$F37 -> 2013000 | AU37: =IF(AT37<=$H37,"VÁLIDA","NO VÁLIDA") -> VÁLIDA | AV37: 1494.45 | AW37: =AV37*$F37 -> 2734843.5 | AX37: =IF(AW37<=$H37,"VÁLIDA","NO VÁLIDA") -> NO VÁLIDA | AY37: 1125 | AZ37: =AY37*$F37 -> 2058750 | BA37: =IF(AZ37<=$H37,"VÁLIDA","NO VÁLIDA") -> VÁLIDA | BB37: 1078.7597 | BC37: =BB37*$F37 -> 1974130.3 | BD37: =IF(BC37<=$H37,"VÁLIDA","NO VÁLIDA") -> VÁLIDA | BE37: 1101 | BF37: =BE37*$F37 -> 2014830 | BG37: =IF(BF37<=$H37,"VÁLIDA","NO VÁLIDA") -> VÁLIDA | BH37: 1113.75 | BI37: =BH37*$F37 -> 2038162.5 | BJ37: =IF(BI37<=$H37,"VÁLIDA","NO VÁLIDA") -> VÁLIDA | BK37: 1116 | BL37: =BK37*$F37 -> 2042280 | BM37: =IF(BL37<=$H37,"VÁLIDA","NO VÁLIDA") -> VÁLIDA | BN37: 1104 | BO37: =BN37*$F37 -> 2020320 | BP37: =IF(BO37<=$H37,"VÁLIDA","NO VÁLIDA") -> VÁLIDA
D38: TRITURADO 1" SUMINISTRO E INSTALACION | E38: M3 | F38: 7 | G38: 47600 | H38: =F38*G38 -> 333200 | I38: 46858 | J38: =I38*$F38 -> 328006 | K38: =IF(J38<=$H38,"VÁLIDA","NO VÁLIDA") -> VÁLIDA | L38: 47076 | M38: =L38*$F38 -> 329532 | N38: =IF(M38<=$H38,"VÁLIDA","NO VÁLIDA") -> VÁLIDA | O38: 47600 | P38: =O38*$F38 -> 333200 | Q38: =IF(P38<=$H38,"VÁLIDA","NO VÁLIDA") -> VÁLIDA | R38: 46900 | S38: =R38*$F38 -> 328300 | T38: =IF(S38<=$H38,"VÁLIDA","NO VÁLIDA") -> VÁLIDA | U38: 47600 | V38: =U38*$F38 -> 333200 | W38: =IF(V38<=$H38,"VÁLIDA","NO VÁLIDA") -> VÁLIDA | X38: 46838 | Y38: =X38*$F38 -> 327866 | Z38: =IF(Y38<=$H38,"VÁLIDA","NO VÁLIDA") -> VÁLIDA | AA38: 47076 | AB38: =AA38*$F38 -> 329532 | AC38: =IF(AB38<=$H38,"VÁLIDA","NO VÁLIDA") -> VÁLIDA | AD38: 47600 | AE38: =AD38*$F38 -> 333200 | AF38: =IF(AE38<=$H38,"VÁLIDA","NO VÁLIDA") -> VÁLIDA | AH38: =AG38*$F38 -> 0 | AI38: =IF(AH38<=$H38,"VÁLIDA","NO VÁLIDA") -> VÁLIDA | AJ38: 44268 | AK38: =AJ38*$F38 -> 309876 | AL38: =IF(AK38<=$H38,"VÁLIDA","NO VÁLIDA") -> VÁLIDA | AM38: 47481 | AN38: =AM38*$F38 -> 332367 | AO38: =IF(AN38<=$H38,"VÁLIDA","NO VÁLIDA") -> VÁLIDA | AP38: 47600 | AQ38: =AP38*$F38 -> 333200 | AR38: =IF(AQ38<=$H38,"VÁLIDA","NO VÁLIDA") -> VÁLIDA | AS38: 46500 | AT38: =AS38*$F38 -> 325500 | AU38: =IF(AT38<=$H38,"VÁLIDA","NO VÁLIDA") -> VÁLIDA | AV38: 63251 | AW38: =AV38*$F38 -> 442757 | AX38: =IF(AW38<=$H38,"VÁLIDA","NO VÁLIDA") -> NO VÁLIDA | AY38: 47600 | AZ38: =AY38*$F38 -> 333200 | BA38: =IF(AZ38<=$H38,"VÁLIDA","NO VÁLIDA") -> VÁLIDA | BB38: 45643.523 | BC38: =BB38*$F38 -> 319504.66 | BD38: =IF(BC38<=$H38,"VÁLIDA","NO VÁLIDA") -> VÁLIDA | BE38: 46572 | BF38: =BE38*$F38 -> 326004 | BG38: =IF(BF38<=$H38,"VÁLIDA","NO VÁLIDA") -> VÁLIDA | BH38: 47124 | BI38: =BH38*$F38 -> 329868 | BJ38: =IF(BI38<=$H38,"VÁLIDA","NO VÁLIDA") -> VÁLIDA | BK38: 47219 | BL38: =BK38*$F38 -> 330533 | BM38: =IF(BL38<=$H38,"VÁLIDA","NO VÁLIDA") -> VÁLIDA | BN38: 46749 | BO38: =BN38*$F38 -> 327243 | BP38: =IF(BO38<=$H38,"VÁLIDA","NO VÁLIDA") -> VÁLIDA
B39: 4161 | C39: =C37+0.01 -> 1.21 | D39: =VLOOKUP(B39,[2]ITEMS!$B$4:$E$2466,2,FALSE) -> SUBBASE GRANULAR CLASE A (SBG_A) (Suministro, Extendido, Nivelación, Humedecimiento y Compactación con vibrocompactador) | E39: =VLOOKUP(B39,[2]ITEMS!$B$4:$E$2466,3,FALSE) -> M3 | F39: 10 | G39: =VLOOKUP(B39,[2]ITEMS!$B$4:$E$2466,4,FALSE) -> 109402 | H39: =F39*G39 -> 1094020 | I39: 107697 | J39: =I39*$F39 -> 1076970 | K39: =IF(J39<=$H39,"VÁLIDA","NO VÁLIDA") -> VÁLIDA | L39: 108199 | M39: =L39*$F39 -> 1081990 | N39: =IF(M39<=$H39,"VÁLIDA","NO VÁLIDA") -> VÁLIDA | O39: 109402 | P39: =O39*$F39 -> 1094020 | Q39: =IF(P39<=$H39,"VÁLIDA","NO VÁLIDA") -> VÁLIDA | R39: 107794 | S39: =R39*$F39 -> 1077940 | T39: =IF(S39<=$H39,"VÁLIDA","NO VÁLIDA") -> VÁLIDA | U39: 109402 | V39: =U39*$F39 -> 1094020 | W39: =IF(V39<=$H39,"VÁLIDA","NO VÁLIDA") -> VÁLIDA | X39: 107651 | Y39: =X39*$F39 -> 1076510 | Z39: =IF(Y39<=$H39,"VÁLIDA","NO VÁLIDA") -> VÁLIDA | AA39: 108199 | AB39: =AA39*$F39 -> 1081990 | AC39: =IF(AB39<=$H39,"VÁLIDA","NO VÁLIDA") -> VÁLIDA | AD39: 109402 | AE39: =AD39*$F39 -> 1094020 | AF39: =IF(AE39<=$H39,"VÁLIDA","NO VÁLIDA") -> VÁLIDA | AH39: =AG39*$F39 -> 0 | AI39: =IF(AH39<=$H39,"VÁLIDA","NO VÁLIDA") -> VÁLIDA | AJ39: 101744 | AK39: =AJ39*$F39 -> 1017440 | AL39: =IF(AK39<=$H39,"VÁLIDA","NO VÁLIDA") -> VÁLIDA | AM39: 109128 | AN39: =AM39*$F39 -> 1091280 | AO39: =IF(AN39<=$H39,"VÁLIDA","NO VÁLIDA") -> VÁLIDA | AP39: 109402 | AQ39: =AP39*$F39 -> 1094020 | AR39: =IF(AQ39<=$H39,"VÁLIDA","NO VÁLIDA") -> VÁLIDA | AS39: 108000 | AT39: =AS39*$F39 -> 1080000 | AU39: =IF(AT39<=$H39,"VÁLIDA","NO VÁLIDA") -> VÁLIDA | AV39: 145373.4 | AW39: =AV39*$F39 -> 1453734 | AX39: =IF(AW39<=$H39,"VÁLIDA","NO VÁLIDA") -> NO VÁLIDA | AY39: 109402 | AZ39: =AY39*$F39 -> 1094020 | BA39: =IF(AZ39<=$H39,"VÁLIDA","NO VÁLIDA") -> VÁLIDA | BB39: 104905.31 | BC39: =BB39*$F39 -> 1049053.1 | BD39: =IF(BC39<=$H39,"VÁLIDA","NO VÁLIDA") -> VÁLIDA | BE39: 107039 | BF39: =BE39*$F39 -> 1070390 | BG39: =IF(BF39<=$H39,"VÁLIDA","NO VÁLIDA") -> VÁLIDA | BH39: 108307.98 | BI39: =BH39*$F39 -> 1083079.8 | BJ39: =IF(BI39<=$H39,"VÁLIDA","NO VÁLIDA") -> VÁLIDA | BK39: 108527 | BL39: =BK39*$F39 -> 1085270 | BM39: =IF(BL39<=$H39,"VÁLIDA","NO VÁLIDA") -> VÁLIDA | BN39: 107448 | BO39: =BN39*$F39 -> 1074480 | BP39: =IF(BO39<=$H39,"VÁLIDA","NO VÁLIDA") -> VÁLIDA
C40: =C33+1 -> 1 | D40: ESPACIO PUBLICO | H40: =SUM(H42:H57) -> 1.1516014e+09 | J40: =SUM(J42:J57) -> 1.1336483e+09 | K40: =IF(J40<=$H40,"VÁLIDA","NO VÁLIDA") -> VÁLIDA | M40: =SUM(M42:M57) -> 1.1389331e+09 | N40: =IF(M40<=$H40,"VÁLIDA","NO VÁLIDA") -> VÁLIDA | P40: =SUM(P42:P57) -> 1.0845214e+09 | Q40: =IF(P40<=$H40,"VÁLIDA","NO VÁLIDA") -> VÁLIDA | S40: =SUM(S42:S57) -> 1.1346701e+09 | T40: =IF(S40<=$H40,"VÁLIDA","NO VÁLIDA") -> VÁLIDA | V40: =SUM(V42:V57) -> 1.1516014e+09 | W40: =IF(V40<=$H40,"VÁLIDA","NO VÁLIDA") -> VÁLIDA | Y40: =SUM(Y42:Y57) -> 1.1331677e+09 | Z40: =IF(Y40<=$H40,"VÁLIDA","NO VÁLIDA") -> VÁLIDA | AB40: =SUM(AB42:AB57) -> 1.1413863e+09 | AC40: =IF(AB40<=$H40,"VÁLIDA","NO VÁLIDA") -> VÁLIDA | AE40: =SUM(AE42:AE57) -> 1.1457358e+09 | AF40: =IF(AE40<=$H40,"VÁLIDA","NO VÁLIDA") -> VÁLIDA | AH40: =SUM(AH42:AH57) -> 0 | AI40: =IF(AH40<=$H40,"VÁLIDA","NO VÁLIDA") -> VÁLIDA | AK40: =SUM(AK42:AK57) -> 1.0709948e+09 | AL40: =IF(AK40<=$H40,"VÁLIDA","NO VÁLIDA") -> VÁLIDA | AN40: =SUM(AN42:AN57) -> 1148733573 | AO40: =IF(AN40<=$H40,"VÁLIDA","NO VÁLIDA") -> VÁLIDA | AQ40: =SUM(AQ42:AQ57) -> 1.1516014e+09 | AR40: =IF(AQ40<=$H40,"VÁLIDA","NO VÁLIDA") -> VÁLIDA | AT40: =SUM(AT42:AT57) -> 1127656800 | AU40: =IF(AT40<=$H40,"VÁLIDA","NO VÁLIDA") -> VÁLIDA | AW40: =SUM(AW42:AW57) -> 1.5302539e+09 | AX40: =IF(AW40<=$H40,"VÁLIDA","NO VÁLIDA") -> NO VÁLIDA | AZ40: =SUM(AZ42:AZ57) -> 1.1516014e+09 | BA40: =IF(AZ40<=$H40,"VÁLIDA","NO VÁLIDA") -> VÁLIDA | BC40: =SUM(BC42:BC57) -> 1.1042677e+09 | BD40: =IF(BC40<=$H40,"VÁLIDA","NO VÁLIDA") -> VÁLIDA | BF40: =SUM(BF42:BF57) -> 1126719367 | BG40: =IF(BF40<=$H40,"VÁLIDA","NO VÁLIDA") -> VÁLIDA | BI40: =SUM(BI42:BI57) -> 1.1400854e+09 | BJ40: =IF(BI40<=$H40,"VÁLIDA","NO VÁLIDA") -> VÁLIDA | BL40: =SUM(BL42:BL57) -> 1.1423888e+09 | BM40: =IF(BL40<=$H40,"VÁLIDA","NO VÁLIDA") -> VÁLIDA | BO40: =SUM(BO42:BO57) -> 1.1310176e+09 | BP40: =IF(BO40<=$H40,"VÁLIDA","NO VÁLIDA") -> VÁLIDA
D41: ANDENES
B42: 3837 | C42: =C40+0.01 -> 1.01 | D42: =VLOOKUP(B42,[2]ITEMS!$B$4:$E$2466,2,FALSE) -> SELLADO DE JUNTAS EN PAVIMENTO DE CONCRETO HIDRAULICO (Incluye Limpieza, Suministro e Instalación de Fondo y Sellante) | E42: =VLOOKUP(B42,[2]ITEMS!$B$4:$E$2466,3,FALSE) -> M | F42: 22 | G42: =VLOOKUP(B42,[2]ITEMS!$B$4:$E$2466,4,FALSE) -> 7313 | H42: =F42*G42 -> 160886 | I42: 7199 | J42: =I42*$F42 -> 158378 | K42: =IF(J42<=$H42,"VÁLIDA","NO VÁLIDA") -> VÁLIDA | L42: 7233 | M42: =L42*$F42 -> 159126 | N42: =IF(M42<=$H42,"VÁLIDA","NO VÁLIDA") -> VÁLIDA | O42: 7313 | P42: =O42*$F42 -> 160886 | Q42: =IF(P42<=$H42,"VÁLIDA","NO VÁLIDA") -> VÁLIDA | R42: 7205 | S42: =R42*$F42 -> 158510 | T42: =IF(S42<=$H42,"VÁLIDA","NO VÁLIDA") -> VÁLIDA | U42: 7313 | V42: =U42*$F42 -> 160886 | W42: =IF(V42<=$H42,"VÁLIDA","NO VÁLIDA") -> VÁLIDA | X42: 7195 | Y42: =X42*$F42 -> 158290 | Z42: =IF(Y42<=$H42,"VÁLIDA","NO VÁLIDA") -> VÁLIDA | AA42: 7233 | AB42: =AA42*$F42 -> 159126 | AC42: =IF(AB42<=$H42,"VÁLIDA","NO VÁLIDA") -> VÁLIDA | AD42: 7313 | AE42: =AD42*$F42 -> 160886 | AF42: =IF(AE42<=$H42,"VÁLIDA","NO VÁLIDA") -> VÁLIDA | AH42: =AG42*$F42 -> 0 | AI42: =IF(AH42<=$H42,"VÁLIDA","NO VÁLIDA") -> VÁLIDA | AJ42: 6801 | AK42: =AJ42*$F42 -> 149622 | AL42: =IF(AK42<=$H42,"VÁLIDA","NO VÁLIDA") -> VÁLIDA | AM42: 7295 | AN42: =AM42*$F42 -> 160490 | AO42: =IF(AN42<=$H42,"VÁLIDA","NO VÁLIDA") -> VÁLIDA | AP42: 7313 | AQ42: =AP42*$F42 -> 160886 | AR42: =IF(AQ42<=$H42,"VÁLIDA","NO VÁLIDA") -> VÁLIDA | AS42: 7100 | AT42: =AS42*$F42 -> 156200 | AU42: =IF(AT42<=$H42,"VÁLIDA","NO VÁLIDA") -> VÁLIDA | AV42: 9717.3 | AW42: =AV42*$F42 -> 213780.6 | AX42: =IF(AW42<=$H42,"VÁLIDA","NO VÁLIDA") -> NO VÁLIDA | AY42: 7313 | AZ42: =AY42*$F42 -> 160886 | BA42: =IF(AZ42<=$H42,"VÁLIDA","NO VÁLIDA") -> VÁLIDA | BB42: 7012.4178 | BC42: =BB42*$F42 -> 154273.19 | BD42: =IF(BC42<=$H42,"VÁLIDA","NO VÁLIDA") -> VÁLIDA | BE42: 7155 | BF42: =BE42*$F42 -> 157410 | BG42: =IF(BF42<=$H42,"VÁLIDA","NO VÁLIDA") -> VÁLIDA | BH42: 7239.87 | BI42: =BH42*$F42 -> 159277.14 | BJ42: =IF(BI42<=$H42,"VÁLIDA","NO VÁLIDA") -> VÁLIDA | BK42: 7254 | BL42: =BK42*$F42 -> 159588 | BM42: =IF(BL42<=$H42,"VÁLIDA","NO VÁLIDA") -> VÁLIDA | BN42: 7182 | BO42: =BN42*$F42 -> 158004 | BP42: =IF(BO42<=$H42,"VÁLIDA","NO VÁLIDA") -> VÁLIDA
B43: 6095 | C43: =C42+0.01 -> 1.02 | D43: =VLOOKUP(B43,[2]ITEMS!$B$4:$E$2466,2,FALSE) -> PISO EN CONCRETO MR 43 (315 Kg/Cm2) GRAVA COMÚN ACELERADO A 7 DÍAS, ESTAMPADO PARA POMPEYANOS, e=0.23m (INCLUYE SUMINISTRO Y COLOCACIÓN DE CONCRETO, JUEGO DE MOLDES, DESMOLDANTE EN POLVO, CURADOR PARA CONCRETO, CORTE Y SELLADO DE JUNTAS. | E43: =VLOOKUP(B43,[2]ITEMS!$B$4:$E$2466,3,FALSE) -> M2 | F43: 114 | G43: =VLOOKUP(B43,[2]ITEMS!$B$4:$E$2466,4,FALSE) -> 290921 | H43: =F43*G43 -> 33164994 | I43: 286388 | J43: =I43*$F43 -> 32648232 | K43: =IF(J43<=$H43,"VÁLIDA","NO VÁLIDA") -> VÁLIDA | L43: 287721 | M43: =L43*$F43 -> 32800194 | N43: =IF(M43<=$H43,"VÁLIDA","NO VÁLIDA") -> VÁLIDA | O43: 290921 | P43: =O43*$F43 -> 33164994 | Q43: =IF(P43<=$H43,"VÁLIDA","NO VÁLIDA") -> VÁLIDA | R43: 286644 | S43: =R43*$F43 -> 32677416 | T43: =IF(S43<=$H43,"VÁLIDA","NO VÁLIDA") -> VÁLIDA | U43: 290921 | V43: =U43*$F43 -> 33164994 | W43: =IF(V43<=$H43,"VÁLIDA","NO VÁLIDA") -> VÁLIDA | X43: 286266 | Y43: =X43*$F43 -> 32634324 | Z43: =IF(Y43<=$H43,"VÁLIDA","NO VÁLIDA") -> VÁLIDA | AA43: 287721 | AB43: =AA43*$F43 -> 32800194 | AC43: =IF(AB43<=$H43,"VÁLIDA","NO VÁLIDA") -> VÁLIDA | AD43: 276000 | AE43: =AD43*$F43 -> 31464000 | AF43: =IF(AE43<=$H43,"VÁLIDA","NO VÁLIDA") -> VÁLIDA | AH43: =AG43*$F43 -> 0 | AI43: =IF(AH43<=$H43,"VÁLIDA","NO VÁLIDA") -> VÁLIDA | AJ43: 270557 | AK43: =AJ43*$F43 -> 30843498 | AL43: =IF(AK43<=$H43,"VÁLIDA","NO VÁLIDA") -> VÁLIDA | AM43: 290194 | AN43: =AM43*$F43 -> 33082116 | AO43: =IF(AN43<=$H43,"VÁLIDA","NO VÁLIDA") -> VÁLIDA | AP43: 290921 | AQ43: =AP43*$F43 -> 33164994 | AR43: =IF(AQ43<=$H43,"VÁLIDA","NO VÁLIDA") -> VÁLIDA | AS43: 286000 | AT43: =AS43*$F43 -> 32604000 | AU43: =IF(AT43<=$H43,"VÁLIDA","NO VÁLIDA") -> VÁLIDA | AV43: 386577.9 | AW43: =AV43*$F43 -> 44069881 | AX43: =IF(AW43<=$H43,"VÁLIDA","NO VÁLIDA") -> NO VÁLIDA | AY43: 290921 | AZ43: =AY43*$F43 -> 33164994 | BA43: =IF(AZ43<=$H43,"VÁLIDA","NO VÁLIDA") -> VÁLIDA | BB43: 278963.43 | BC43: =BB43*$F43 -> 31801831 | BD43: =IF(BC43<=$H43,"VÁLIDA","NO VÁLIDA") -> VÁLIDA | BE43: 284637 | BF43: =BE43*$F43 -> 32448618 | BG43: =IF(BF43<=$H43,"VÁLIDA","NO VÁLIDA") -> VÁLIDA | BH43: 288011.79 | BI43: =BH43*$F43 -> 32833344 | BJ43: =IF(BI43<=$H43,"VÁLIDA","NO VÁLIDA") -> VÁLIDA | BK43: 288594 | BL43: =BK43*$F43 -> 32899716 | BM43: =IF(BL43<=$H43,"VÁLIDA","NO VÁLIDA") -> VÁLIDA | BN43: 285725 | BO43: =BN43*$F43 -> 32572650 | BP43: =IF(BO43<=$H43,"VÁLIDA","NO VÁLIDA") -> VÁLIDA
B44: 3649 | C44: =C43+0.01 -> 1.03 | D44: =VLOOKUP(B44,[2]ITEMS!$B$4:$E$2466,2,FALSE) -> CONCRETO 2500 PSI (Hecho en Obra con arena de río y triturado de 3/4") | E44: =VLOOKUP(B44,[2]ITEMS!$B$4:$E$2466,3,FALSE) -> M3 | F44: 75 | G44: =VLOOKUP(B44,[2]ITEMS!$B$4:$E$2466,4,FALSE) -> 259269 | H44: =F44*G44 -> 19445175 | I44: 255229 | J44: =I44*$F44 -> 19142175 | K44: =IF(J44<=$H44,"VÁLIDA","NO VÁLIDA") -> VÁLIDA | L44: 256417 | M44: =L44*$F44 -> 19231275 | N44: =IF(M44<=$H44,"VÁLIDA","NO VÁLIDA") -> VÁLIDA | O44: 259269 | P44: =O44*$F44 -> 19445175 | Q44: =IF(P44<=$H44,"VÁLIDA","NO VÁLIDA") -> VÁLIDA | R44: 255458 | S44: =R44*$F44 -> 19159350 | T44: =IF(S44<=$H44,"VÁLIDA","NO VÁLIDA") -> VÁLIDA | U44: 259269 | V44: =U44*$F44 -> 19445175 | W44: =IF(V44<=$H44,"VÁLIDA","NO VÁLIDA") -> VÁLIDA | X44: 255120 | Y44: =X44*$F44 -> 19134000 | Z44: =IF(Y44<=$H44,"VÁLIDA","NO VÁLIDA") -> VÁLIDA | AA44: 256417 | AB44: =AA44*$F44 -> 19231275 | AC44: =IF(AB44<=$H44,"VÁLIDA","NO VÁLIDA") -> VÁLIDA | AD44: 259000 | AE44: =AD44*$F44 -> 19425000 | AF44: =IF(AE44<=$H44,"VÁLIDA","NO VÁLIDA") -> VÁLIDA | AH44: =AG44*$F44 -> 0 | AI44: =IF(AH44<=$H44,"VÁLIDA","NO VÁLIDA") -> VÁLIDA | AJ44: 241120 | AK44: =AJ44*$F44 -> 18084000 | AL44: =IF(AK44<=$H44,"VÁLIDA","NO VÁLIDA") -> VÁLIDA | AM44: 258621 | AN44: =AM44*$F44 -> 19396575 | AO44: =IF(AN44<=$H44,"VÁLIDA","NO VÁLIDA") -> VÁLIDA | AP44: 259269 | AQ44: =AP44*$F44 -> 19445175 | AR44: =IF(AQ44<=$H44,"VÁLIDA","NO VÁLIDA") -> VÁLIDA | AS44: 255000 | AT44: =AS44*$F44 -> 19125000 | AU44: =IF(AT44<=$H44,"VÁLIDA","NO VÁLIDA") -> VÁLIDA | AV44: 344517.3 | AW44: =AV44*$F44 -> 25838798 | AX44: =IF(AW44<=$H44,"VÁLIDA","NO VÁLIDA") -> NO VÁLIDA | AY44: 259269 | AZ44: =AY44*$F44 -> 19445175 | BA44: =IF(AZ44<=$H44,"VÁLIDA","NO VÁLIDA") -> VÁLIDA | BB44: 248612.41 | BC44: =BB44*$F44 -> 18645931 | BD44: =IF(BC44<=$H44,"VÁLIDA","NO VÁLIDA") -> VÁLIDA | BE44: 253669 | BF44: =BE44*$F44 -> 19025175 | BG44: =IF(BF44<=$H44,"VÁLIDA","NO VÁLIDA") -> VÁLIDA | BH44: 256676.31 | BI44: =BH44*$F44 -> 19250723 | BJ44: =IF(BI44<=$H44,"VÁLIDA","NO VÁLIDA") -> VÁLIDA | BK44: 257195 | BL44: =BK44*$F44 -> 19289625 | BM44: =IF(BL44<=$H44,"VÁLIDA","NO VÁLIDA") -> VÁLIDA | BN44: 254638 | BO44: =BN44*$F44 -> 19097850 | BP44: =IF(BO44<=$H44,"VÁLIDA","NO VÁLIDA") -> VÁLIDA
C45: =C44+0.01 -> 1.04 | D45: CONSTRUCCION DE JUNTA LONGITUDINAL | E45: M | F45: 720 | G45: 4326 | H45: =F45*G45 -> 3114720 | I45: 4259 | J45: =I45*$F45 -> 3066480 | K45: =IF(J45<=$H45,"VÁLIDA","NO VÁLIDA") -> VÁLIDA | L45: 4278 | M45: =L45*$F45 -> 3080160 | N45: =IF(M45<=$H45,"VÁLIDA","NO VÁLIDA") -> VÁLIDA | O45: 4326 | P45: =O45*$F45 -> 3114720 | Q45: =IF(P45<=$H45,"VÁLIDA","NO VÁLIDA") -> VÁLIDA | R45: 4262 | S45: =R45*$F45 -> 3068640 | T45: =IF(S45<=$H45,"VÁLIDA","NO VÁLIDA") -> VÁLIDA | U45: 4326 | V45: =U45*$F45 -> 3114720 | W45: =IF(V45<=$H45,"VÁLIDA","NO VÁLIDA") -> VÁLIDA | X45: 4256 | Y45: =X45*$F45 -> 3064320 | Z45: =IF(Y45<=$H45,"VÁLIDA","NO VÁLIDA") -> VÁLIDA | AA45: 4278 | AB45: =AA45*$F45 -> 3080160 | AC45: =IF(AB45<=$H45,"VÁLIDA","NO VÁLIDA") -> VÁLIDA | AD45: 4326 | AE45: =AD45*$F45 -> 3114720 | AF45: =IF(AE45<=$H45,"VÁLIDA","NO VÁLIDA") -> VÁLIDA | AH45: =AG45*$F45 -> 0 | AI45: =IF(AH45<=$H45,"VÁLIDA","NO VÁLIDA") -> VÁLIDA | AJ45: 4023 | AK45: =AJ45*$F45 -> 2896560 | AL45: =IF(AK45<=$H45,"VÁLIDA","NO VÁLIDA") -> VÁLIDA | AM45: 4315 | AN45: =AM45*$F45 -> 3106800 | AO45: =IF(AN45<=$H45,"VÁLIDA","NO VÁLIDA") -> VÁLIDA | AP45: 4326 | AQ45: =AP45*$F45 -> 3114720 | AR45: =IF(AQ45<=$H45,"VÁLIDA","NO VÁLIDA") -> VÁLIDA | AS45: 4200 | AT45: =AS45*$F45 -> 3024000 | AU45: =IF(AT45<=$H45,"VÁLIDA","NO VÁLIDA") -> VÁLIDA | AV45: 5748.3 | AW45: =AV45*$F45 -> 4138776 | AX45: =IF(AW45<=$H45,"VÁLIDA","NO VÁLIDA") -> NO VÁLIDA | AY45: 4326 | AZ45: =AY45*$F45 -> 3114720 | BA45: =IF(AZ45<=$H45,"VÁLIDA","NO VÁLIDA") -> VÁLIDA | BB45: 4148.1908 | BC45: =BB45*$F45 -> 2986697.4 | BD45: =IF(BC45<=$H45,"VÁLIDA","NO VÁLIDA") -> VÁLIDA | BE45: 4233 | BF45: =BE45*$F45 -> 3047760 | BG45: =IF(BF45<=$H45,"VÁLIDA","NO VÁLIDA") -> VÁLIDA | BH45: 4282.74 | BI45: =BH45*$F45 -> 3083572.8 | BJ45: =IF(BI45<=$H45,"VÁLIDA","NO VÁLIDA") -> VÁLIDA | BK45: 4291 | BL45: =BK45*$F45 -> 3089520 | BM45: =IF(BL45<=$H45,"VÁLIDA","NO VÁLIDA") -> VÁLIDA | BN45: 4248 | BO45: =BN45*$F45 -> 3058560 | BP45: =IF(BO45<=$H45,"VÁLIDA","NO VÁLIDA") -> VÁLIDA
C46: =C45+0.01 -> 1.05 | D46: BOMBA CONCRETO | E46: M3 | F46: 170 | G46: 28326 | H46: =F46*G46 -> 4815420 | I46: 27885 | J46: =I46*$F46 -> 4740450 | K46: =IF(J46<=$H46,"VÁLIDA","NO VÁLIDA") -> VÁLIDA | L46: 28014 | M46: =L46*$F46 -> 4762380 | N46: =IF(M46<=$H46,"VÁLIDA","NO VÁLIDA") -> VÁLIDA | O46: 28326 | P46: =O46*$F46 -> 4815420 | Q46: =IF(P46<=$H46,"VÁLIDA","NO VÁLIDA") -> VÁLIDA | R46: 27910 | S46: =R46*$F46 -> 4744700 | T46: =IF(S46<=$H46,"VÁLIDA","NO VÁLIDA") -> VÁLIDA | U46: 28326 | V46: =U46*$F46 -> 4815420 | W46: =IF(V46<=$H46,"VÁLIDA","NO VÁLIDA") -> VÁLIDA | X46: 27872 | Y46: =X46*$F46 -> 4738240 | Z46: =IF(Y46<=$H46,"VÁLIDA","NO VÁLIDA") -> VÁLIDA | AA46: 28014 | AB46: =AA46*$F46 -> 4762380 | AC46: =IF(AB46<=$H46,"VÁLIDA","NO VÁLIDA") -> VÁLIDA | AD46: 28326 | AE46: =AD46*$F46 -> 4815420 | AF46: =IF(AE46<=$H46,"VÁLIDA","NO VÁLIDA") -> VÁLIDA | AH46: =AG46*$F46 -> 0 | AI46: =IF(AH46<=$H46,"VÁLIDA","NO VÁLIDA") -> VÁLIDA | AJ46: 26343 | AK46: =AJ46*$F46 -> 4478310 | AL46: =IF(AK46<=$H46,"VÁLIDA","NO VÁLIDA") -> VÁLIDA | AM46: 28255 | AN46: =AM46*$F46 -> 4803350 | AO46: =IF(AN46<=$H46,"VÁLIDA","NO VÁLIDA") -> VÁLIDA | AP46: 28326 | AQ46: =AP46*$F46 -> 4815420 | AR46: =IF(AQ46<=$H46,"VÁLIDA","NO VÁLIDA") -> VÁLIDA | AS46: 27700 | AT46: =AS46*$F46 -> 4709000 | AU46: =IF(AT46<=$H46,"VÁLIDA","NO VÁLIDA") -> VÁLIDA | AV46: 37639.35 | AW46: =AV46*$F46 -> 6398689.5 | AX46: =IF(AW46<=$H46,"VÁLIDA","NO VÁLIDA") -> NO VÁLIDA | AY46: 28326 | AZ46: =AY46*$F46 -> 4815420 | BA46: =IF(AZ46<=$H46,"VÁLIDA","NO VÁLIDA") -> VÁLIDA | BB46: 27161.732 | BC46: =BB46*$F46 -> 4617494.4 | BD46: =IF(BC46<=$H46,"VÁLIDA","NO VÁLIDA") -> VÁLIDA | BE46: 27714 | BF46: =BE46*$F46 -> 4711380 | BG46: =IF(BF46<=$H46,"VÁLIDA","NO VÁLIDA") -> VÁLIDA | BH46: 28042.74 | BI46: =BH46*$F46 -> 4767265.8 | BJ46: =IF(BI46<=$H46,"VÁLIDA","NO VÁLIDA") -> VÁLIDA | BK46: 28099 | BL46: =BK46*$F46 -> 4776830 | BM46: =IF(BL46<=$H46,"VÁLIDA","NO VÁLIDA") -> VÁLIDA | BN46: 27820 | BO46: =BN46*$F46 -> 4729400 | BP46: =IF(BO46<=$H46,"VÁLIDA","NO VÁLIDA") -> VÁLIDA
B47: 6204 | C47: =C46+0.01 -> 1.06 | D47: =VLOOKUP(B47,[2]ITEMS!$B$4:$E$2466,2,FALSE) -> SELLO DE JUNTAS CON ICOPOR Y SIKAFLEX 1A SELLADO DE JUNTAS (300cc) (Incluye suministro e instalación) | E47: =VLOOKUP(B47,[2]ITEMS!$B$4:$E$2466,3,FALSE) -> M | F47: 720 | G47: =VLOOKUP(B47,[2]ITEMS!$B$4:$E$2466,4,FALSE) -> 14916 | H47: =F47*G47 -> 10739520 | I47: 14684 | J47: =I47*$F47 -> 10572480 | K47: =IF(J47<=$H47,"VÁLIDA","NO VÁLIDA") -> VÁLIDA | L47: 14752 | M47: =L47*$F47 -> 10621440 | N47: =IF(M47<=$H47,"VÁLIDA","NO VÁLIDA") -> VÁLIDA | O47: 14916 | P47: =O47*$F47 -> 10739520 | Q47: =IF(P47<=$H47,"VÁLIDA","NO VÁLIDA") -> VÁLIDA | R47: 14697 | S47: =R47*$F47 -> 10581840 | T47: =IF(S47<=$H47,"VÁLIDA","NO VÁLIDA") -> VÁLIDA | U47: 14916 | V47: =U47*$F47 -> 10739520 | W47: =IF(V47<=$H47,"VÁLIDA","NO VÁLIDA") -> VÁLIDA | X47: 14677 | Y47: =X47*$F47 -> 10567440 | Z47: =IF(Y47<=$H47,"VÁLIDA","NO VÁLIDA") -> VÁLIDA | AA47: 14752 | AB47: =AA47*$F47 -> 10621440 | AC47: =IF(AB47<=$H47,"VÁLIDA","NO VÁLIDA") -> VÁLIDA | AD47: 14916 | AE47: =AD47*$F47 -> 10739520 | AF47: =IF(AE47<=$H47,"VÁLIDA","NO VÁLIDA") -> VÁLIDA | AH47: =AG47*$F47 -> 0 | AI47: =IF(AH47<=$H47,"VÁLIDA","NO VÁLIDA") -> VÁLIDA | AJ47: 13872 | AK47: =AJ47*$F47 -> 9987840 | AL47: =IF(AK47<=$H47,"VÁLIDA","NO VÁLIDA") -> VÁLIDA | AM47: 14879 | AN47: =AM47*$F47 -> 10712880 | AO47: =IF(AN47<=$H47,"VÁLIDA","NO VÁLIDA") -> VÁLIDA | AP47: 14916 | AQ47: =AP47*$F47 -> 10739520 | AR47: =IF(AQ47<=$H47,"VÁLIDA","NO VÁLIDA") -> VÁLIDA | AS47: 14500 | AT47: =AS47*$F47 -> 10440000 | AU47: =IF(AT47<=$H47,"VÁLIDA","NO VÁLIDA") -> VÁLIDA | AV47: 19820.7 | AW47: =AV47*$F47 -> 14270904 | AX47: =IF(AW47<=$H47,"VÁLIDA","NO VÁLIDA") -> NO VÁLIDA | AY47: 14916 | AZ47: =AY47*$F47 -> 10739520 | BA47: =IF(AZ47<=$H47,"VÁLIDA","NO VÁLIDA") -> VÁLIDA | BB47: 14302.916 | BC47: =BB47*$F47 -> 10298099 | BD47: =IF(BC47<=$H47,"VÁLIDA","NO VÁLIDA") -> VÁLIDA | BE47: 14594 | BF47: =BE47*$F47 -> 10507680 | BG47: =IF(BF47<=$H47,"VÁLIDA","NO VÁLIDA") -> VÁLIDA | BH47: 14766.84 | BI47: =BH47*$F47 -> 10632125 | BJ47: =IF(BI47<=$H47,"VÁLIDA","NO VÁLIDA") -> VÁLIDA | BK47: 14797 | BL47: =BK47*$F47 -> 10653840 | BM47: =IF(BL47<=$H47,"VÁLIDA","NO VÁLIDA") -> VÁLIDA | BN47: 14649 | BO47: =BN47*$F47 -> 10547280 | BP47: =IF(BO47<=$H47,"VÁLIDA","NO VÁLIDA") -> VÁLIDA
B48: 7714 | C48: =C43+0.01 -> 1.03 | D48: (DOVELAS) ACERO LISO PARA TRANSFERENCIA DE LOSAS D= 1" | E48: KG | F48: 2677 | G48: 3659 | H48: =F48*G48 -> 9795143 | I48: 3602 | J48: =I48*$F48 -> 9642554 | K48: =IF(J48<=$H48,"VÁLIDA","NO VÁLIDA") -> VÁLIDA | L48: 3619 | M48: =L48*$F48 -> 9688063 | N48: =IF(M48<=$H48,"VÁLIDA","NO VÁLIDA") -> VÁLIDA | O48: 3659 | P48: =O48*$F48 -> 9795143 | Q48: =IF(P48<=$H48,"VÁLIDA","NO VÁLIDA") -> VÁLIDA | R48: 3605 | S48: =R48*$F48 -> 9650585 | T48: =IF(S48<=$H48,"VÁLIDA","NO VÁLIDA") -> VÁLIDA | U48: 3659 | V48: =U48*$F48 -> 9795143 | W48: =IF(V48<=$H48,"VÁLIDA","NO VÁLIDA") -> VÁLIDA | X48: 3600 | Y48: =X48*$F48 -> 9637200 | Z48: =IF(Y48<=$H48,"VÁLIDA","NO VÁLIDA") -> VÁLIDA | AA48: 3619 | AB48: =AA48*$F48 -> 9688063 | AC48: =IF(AB48<=$H48,"VÁLIDA","NO VÁLIDA") -> VÁLIDA | AD48: 3659 | AE48: =AD48*$F48 -> 9795143 | AF48: =IF(AE48<=$H48,"VÁLIDA","NO VÁLIDA") -> VÁLIDA | AH48: =AG48*$F48 -> 0 | AI48: =IF(AH48<=$H48,"VÁLIDA","NO VÁLIDA") -> VÁLIDA | AJ48: 3403 | AK48: =AJ48*$F48 -> 9109831 | AL48: =IF(AK48<=$H48,"VÁLIDA","NO VÁLIDA") -> VÁLIDA | AM48: 3650 | AN48: =AM48*$F48 -> 9771050 | AO48: =IF(AN48<=$H48,"VÁLIDA","NO VÁLIDA") -> VÁLIDA | AP48: 3659 | AQ48: =AP48*$F48 -> 9795143 | AR48: =IF(AQ48<=$H48,"VÁLIDA","NO VÁLIDA") -> VÁLIDA | AS48: 3500 | AT48: =AS48*$F48 -> 9369500 | AU48: =IF(AT48<=$H48,"VÁLIDA","NO VÁLIDA") -> VÁLIDA | AV48: 4862.7 | AW48: =AV48*$F48 -> 13017448 | AX48: =IF(AW48<=$H48,"VÁLIDA","NO VÁLIDA") -> NO VÁLIDA | AY48: 3659 | AZ48: =AY48*$F48 -> 9795143 | BA48: =IF(AZ48<=$H48,"VÁLIDA","NO VÁLIDA") -> VÁLIDA | BB48: 3508.6061 | BC48: =BB48*$F48 -> 9392538.6 | BD48: =IF(BC48<=$H48,"VÁLIDA","NO VÁLIDA") -> VÁLIDA | BE48: 3580 | BF48: =BE48*$F48 -> 9583660 | BG48: =IF(BF48<=$H48,"VÁLIDA","NO VÁLIDA") -> VÁLIDA | BH48: 3622.41 | BI48: =BH48*$F48 -> 9697191.6 | BJ48: =IF(BI48<=$H48,"VÁLIDA","NO VÁLIDA") -> VÁLIDA | BK48: 3630 | BL48: =BK48*$F48 -> 9717510 | BM48: =IF(BL48<=$H48,"VÁLIDA","NO VÁLIDA") -> VÁLIDA | BN48: 3593 | BO48: =BN48*$F48 -> 9618461 | BP48: =IF(BO48<=$H48,"VÁLIDA","NO VÁLIDA") -> VÁLIDA
B49: 5404 | C49: =C48+0.01 -> 1.04 | D49: =VLOOKUP(B49,[2]ITEMS!$B$4:$E$2466,2,FALSE) -> CANASTILLA PASAJUNTAS (Incluye suministro y fijación) | E49: =VLOOKUP(B49,[2]ITEMS!$B$4:$E$2466,3,FALSE) -> KG | F49: 1550 | G49: =VLOOKUP(B49,[2]ITEMS!$B$4:$E$2466,4,FALSE) -> 4280 | H49: =F49*G49 -> 6634000 | I49: 4213 | J49: =I49*$F49 -> 6530150 | K49: =IF(J49<=$H49,"VÁLIDA","NO VÁLIDA") -> VÁLIDA | L49: 4233 | M49: =L49*$F49 -> 6561150 | N49: =IF(M49<=$H49,"VÁLIDA","NO VÁLIDA") -> VÁLIDA | O49: 4280 | P49: =O49*$F49 -> 6634000 | Q49: =IF(P49<=$H49,"VÁLIDA","NO VÁLIDA") -> VÁLIDA | R49: 4217 | S49: =R49*$F49 -> 6536350 | T49: =IF(S49<=$H49,"VÁLIDA","NO VÁLIDA") -> VÁLIDA | U49: 4280 | V49: =U49*$F49 -> 6634000 | W49: =IF(V49<=$H49,"VÁLIDA","NO VÁLIDA") -> VÁLIDA | X49: 4211 | Y49: =X49*$F49 -> 6527050 | Z49: =IF(Y49<=$H49,"VÁLIDA","NO VÁLIDA") -> VÁLIDA | AA49: 4233 | AB49: =AA49*$F49 -> 6561150 | AC49: =IF(AB49<=$H49,"VÁLIDA","NO VÁLIDA") -> VÁLIDA | AD49: 4280 | AE49: =AD49*$F49 -> 6634000 | AF49: =IF(AE49<=$H49,"VÁLIDA","NO VÁLIDA") -> VÁLIDA | AH49: =AG49*$F49 -> 0 | AI49: =IF(AH49<=$H49,"VÁLIDA","NO VÁLIDA") -> VÁLIDA | AJ49: 3980 | AK49: =AJ49*$F49 -> 6169000 | AL49: =IF(AK49<=$H49,"VÁLIDA","NO VÁLIDA") -> VÁLIDA | AM49: 4269 | AN49: =AM49*$F49 -> 6616950 | AO49: =IF(AN49<=$H49,"VÁLIDA","NO VÁLIDA") -> VÁLIDA | AP49: 4280 | AQ49: =AP49*$F49 -> 6634000 | AR49: =IF(AQ49<=$H49,"VÁLIDA","NO VÁLIDA") -> VÁLIDA | AS49: 4100 | AT49: =AS49*$F49 -> 6355000 | AU49: =IF(AT49<=$H49,"VÁLIDA","NO VÁLIDA") -> VÁLIDA | AV49: 5687.55 | AW49: =AV49*$F49 -> 8815702.5 | AX49: =IF(AW49<=$H49,"VÁLIDA","NO VÁLIDA") -> NO VÁLIDA | AY49: 4280 | AZ49: =AY49*$F49 -> 6634000 | BA49: =IF(AZ49<=$H49,"VÁLIDA","NO VÁLIDA") -> VÁLIDA | BB49: 4104.0815 | BC49: =BB49*$F49 -> 6361326.3 | BD49: =IF(BC49<=$H49,"VÁLIDA","NO VÁLIDA") -> VÁLIDA | BE49: 4188 | BF49: =BE49*$F49 -> 6491400 | BG49: =IF(BF49<=$H49,"VÁLIDA","NO VÁLIDA") -> VÁLIDA | BH49: 4237.2 | BI49: =BH49*$F49 -> 6567660 | BJ49: =IF(BI49<=$H49,"VÁLIDA","NO VÁLIDA") -> VÁLIDA | BK49: 4246 | BL49: =BK49*$F49 -> 6581300 | BM49: =IF(BL49<=$H49,"VÁLIDA","NO VÁLIDA") -> VÁLIDA | BN49: 4203 | BO49: =BN49*$F49 -> 6514650 | BP49: =IF(BO49<=$H49,"VÁLIDA","NO VÁLIDA") -> VÁLIDA
B50: 3874 | C50: =C49+0.01 -> 1.05 | D50: =VLOOKUP(B50,[2]ITEMS!$B$4:$E$2466,2,FALSE) -> MORTERO 1:5 (Hecho en Obra) | E50: =VLOOKUP(B50,[2]ITEMS!$B$4:$E$2466,3,FALSE) -> M3 | F50: 4.55 | G50: =VLOOKUP(B50,[2]ITEMS!$B$4:$E$2466,4,FALSE) -> 226129 | H50: =F50*G50 -> 1028886.9 | I50: 222606 | J50: =I50*$F50 -> 1012857.3 | K50: =IF(J50<=$H50,"VÁLIDA","NO VÁLIDA") -> VÁLIDA | L50: 223642 | M50: =L50*$F50 -> 1017571.1 | N50: =IF(M50<=$H50,"VÁLIDA","NO VÁLIDA") -> VÁLIDA | O50: 226129 | P50: =O50*$F50 -> 1028886.9 | Q50: =IF(P50<=$H50,"VÁLIDA","NO VÁLIDA") -> VÁLIDA | R50: 222805 | S50: =R50*$F50 -> 1013762.8 | T50: =IF(S50<=$H50,"VÁLIDA","NO VÁLIDA") -> VÁLIDA | U50: 226129 | V50: =U50*$F50 -> 1028886.9 | W50: =IF(V50<=$H50,"VÁLIDA","NO VÁLIDA") -> VÁLIDA | X50: 222510 | Y50: =X50*$F50 -> 1012420.5 | Z50: =IF(Y50<=$H50,"VÁLIDA","NO VÁLIDA") -> VÁLIDA | AA50: 223642 | AB50: =AA50*$F50 -> 1017571.1 | AC50: =IF(AB50<=$H50,"VÁLIDA","NO VÁLIDA") -> VÁLIDA | AD50: 226129 | AE50: =AD50*$F50 -> 1028886.9 | AF50: =IF(AE50<=$H50,"VÁLIDA","NO VÁLIDA") -> VÁLIDA | AH50: =AG50*$F50 -> 0 | AI50: =IF(AH50<=$H50,"VÁLIDA","NO VÁLIDA") -> VÁLIDA | AJ50: 210300 | AK50: =AJ50*$F50 -> 956865 | AL50: =IF(AK50<=$H50,"VÁLIDA","NO VÁLIDA") -> VÁLIDA | AM50: 225564 | AN50: =AM50*$F50 -> 1026316.2 | AO50: =IF(AN50<=$H50,"VÁLIDA","NO VÁLIDA") -> VÁLIDA | AP50: 226129 | AQ50: =AP50*$F50 -> 1028886.9 | AR50: =IF(AQ50<=$H50,"VÁLIDA","NO VÁLIDA") -> VÁLIDA | AS50: 222000 | AT50: =AS50*$F50 -> 1010100 | AU50: =IF(AT50<=$H50,"VÁLIDA","NO VÁLIDA") -> VÁLIDA | AV50: 300481.65 | AW50: =AV50*$F50 -> 1367191.5 | AX50: =IF(AW50<=$H50,"VÁLIDA","NO VÁLIDA") -> NO VÁLIDA | AY50: 226129 | AZ50: =AY50*$F50 -> 1028886.9 | BA50: =IF(AZ50<=$H50,"VÁLIDA","NO VÁLIDA") -> VÁLIDA | BB50: 216834.54 | BC50: =BB50*$F50 -> 986597.17 | BD50: =IF(BC50<=$H50,"VÁLIDA","NO VÁLIDA") -> VÁLIDA | BE50: 221240 | BF50: =BE50*$F50 -> 1006642 | BG50: =IF(BF50<=$H50,"VÁLIDA","NO VÁLIDA") -> VÁLIDA | BH50: 223867.71 | BI50: =BH50*$F50 -> 1018598.1 | BJ50: =IF(BI50<=$H50,"VÁLIDA","NO VÁLIDA") -> VÁLIDA | BK50: 224320 | BL50: =BK50*$F50 -> 1020656 | BM50: =IF(BL50<=$H50,"VÁLIDA","NO VÁLIDA") -> VÁLIDA | BN50: 222090 | BO50: =BN50*$F50 -> 1010509.5 | BP50: =IF(BO50<=$H50,"VÁLIDA","NO VÁLIDA") -> VÁLIDA
B51: 3806 | C51: =C49+0.01 -> 1.05 | D51: =VLOOKUP(B51,[2]ITEMS!$B$4:$E$2466,2,FALSE) -> CURADO DE LOSAS DE CONCRETO (Suministro y Aplicación) | E51: =VLOOKUP(B51,[2]ITEMS!$B$4:$E$2466,3,FALSE) -> M2 | F51: 2630 | G51: =VLOOKUP(B51,[2]ITEMS!$B$4:$E$2466,4,FALSE) -> 1399 | H51: =F51*G51 -> 3679370 | I51: 1377 | J51: =I51*$F51 -> 3621510 | K51: =IF(J51<=$H51,"VÁLIDA","NO VÁLIDA") -> VÁLIDA | L51: 1384 | M51: =L51*$F51 -> 3639920 | N51: =IF(M51<=$H51,"VÁLIDA","NO VÁLIDA") -> VÁLIDA | O51: 1399 | P51: =O51*$F51 -> 3679370 | Q51: =IF(P51<=$H51,"VÁLIDA","NO VÁLIDA") -> VÁLIDA | R51: 1378 | S51: =R51*$F51 -> 3624140 | T51: =IF(S51<=$H51,"VÁLIDA","NO VÁLIDA") -> VÁLIDA | U51: 1399 | V51: =U51*$F51 -> 3679370 | W51: =IF(V51<=$H51,"VÁLIDA","NO VÁLIDA") -> VÁLIDA | X51: 1376 | Y51: =X51*$F51 -> 3618880 | Z51: =IF(Y51<=$H51,"VÁLIDA","NO VÁLIDA") -> VÁLIDA | AA51: 1384 | AB51: =AA51*$F51 -> 3639920 | AC51: =IF(AB51<=$H51,"VÁLIDA","NO VÁLIDA") -> VÁLIDA | AD51: 1399 | AE51: =AD51*$F51 -> 3679370 | AF51: =IF(AE51<=$H51,"VÁLIDA","NO VÁLIDA") -> VÁLIDA | AH51: =AG51*$F51 -> 0 | AI51: =IF(AH51<=$H51,"VÁLIDA","NO VÁLIDA") -> VÁLIDA | AJ51: 1301 | AK51: =AJ51*$F51 -> 3421630 | AL51: =IF(AK51<=$H51,"VÁLIDA","NO VÁLIDA") -> VÁLIDA | AM51: 1396 | AN51: =AM51*$F51 -> 3671480 | AO51: =IF(AN51<=$H51,"VÁLIDA","NO VÁLIDA") -> VÁLIDA | AP51: 1399 | AQ51: =AP51*$F51 -> 3679370 | AR51: =IF(AQ51<=$H51,"VÁLIDA","NO VÁLIDA") -> VÁLIDA | AS51: 1300 | AT51: =AS51*$F51 -> 3419000 | AU51: =IF(AT51<=$H51,"VÁLIDA","NO VÁLIDA") -> VÁLIDA | AV51: 1858.95 | AW51: =AV51*$F51 -> 4889038.5 | AX51: =IF(AW51<=$H51,"VÁLIDA","NO VÁLIDA") -> NO VÁLIDA | AY51: 1399 | AZ51: =AY51*$F51 -> 3679370 | BA51: =IF(AZ51<=$H51,"VÁLIDA","NO VÁLIDA") -> VÁLIDA | BB51: 1341.4977 | BC51: =BB51*$F51 -> 3528138.9 | BD51: =IF(BC51<=$H51,"VÁLIDA","NO VÁLIDA") -> VÁLIDA | BE51: 1369 | BF51: =BE51*$F51 -> 3600470 | BG51: =IF(BF51<=$H51,"VÁLIDA","NO VÁLIDA") -> VÁLIDA | BH51: 1385.01 | BI51: =BH51*$F51 -> 3642576.3 | BJ51: =IF(BI51<=$H51,"VÁLIDA","NO VÁLIDA") -> VÁLIDA | BK51: 1388 | BL51: =BK51*$F51 -> 3650440 | BM51: =IF(BL51<=$H51,"VÁLIDA","NO VÁLIDA") -> VÁLIDA | BN51: 1374 | BO51: =BN51*$F51 -> 3613620 | BP51: =IF(BO51<=$H51,"VÁLIDA","NO VÁLIDA") -> VÁLIDA
B52: 4073 | C52: =C51+0.01 -> 1.06 | D52: =VLOOKUP(B52,[2]ITEMS!$B$4:$E$2466,2,FALSE) -> PISO EN LOSETA PREFABRICADA A50 (Suministro e Instalación. Incluye Base 4cm Mortero 2000 PSI y Arena de Sello) | E52: =VLOOKUP(B52,[2]ITEMS!$B$4:$E$2466,3,FALSE) -> M2 | F52: 53 | G52: =VLOOKUP(B52,[2]ITEMS!$B$4:$E$2466,4,FALSE) -> 63535 | H52: =F52*G52 -> 3367355 | I52: 62545 | J52: =I52*$F52 -> 3314885 | K52: =IF(J52<=$H52,"VÁLIDA","NO VÁLIDA") -> VÁLIDA | L52: 62836 | M52: =L52*$F52 -> 3330308 | N52: =IF(M52<=$H52,"VÁLIDA","NO VÁLIDA") -> VÁLIDA | O52: 63535 | P52: =O52*$F52 -> 3367355 | Q52: =IF(P52<=$H52,"VÁLIDA","NO VÁLIDA") -> VÁLIDA | R52: 62601 | S52: =R52*$F52 -> 3317853 | T52: =IF(S52<=$H52,"VÁLIDA","NO VÁLIDA") -> VÁLIDA | U52: 63535 | V52: =U52*$F52 -> 3367355 | W52: =IF(V52<=$H52,"VÁLIDA","NO VÁLIDA") -> VÁLIDA | X52: 62518 | Y52: =X52*$F52 -> 3313454 | Z52: =IF(Y52<=$H52,"VÁLIDA","NO VÁLIDA") -> VÁLIDA | AA52: 62836 | AB52: =AA52*$F52 -> 3330308 | AC52: =IF(AB52<=$H52,"VÁLIDA","NO VÁLIDA") -> VÁLIDA | AD52: 63535 | AE52: =AD52*$F52 -> 3367355 | AF52: =IF(AE52<=$H52,"VÁLIDA","NO VÁLIDA") -> VÁLIDA | AH52: =AG52*$F52 -> 0 | AI52: =IF(AH52<=$H52,"VÁLIDA","NO VÁLIDA") -> VÁLIDA | AJ52: 59088 | AK52: =AJ52*$F52 -> 3131664 | AL52: =IF(AK52<=$H52,"VÁLIDA","NO VÁLIDA") -> VÁLIDA | AM52: 63376 | AN52: =AM52*$F52 -> 3358928 | AO52: =IF(AN52<=$H52,"VÁLIDA","NO VÁLIDA") -> VÁLIDA | AP52: 63535 | AQ52: =AP52*$F52 -> 3367355 | AR52: =IF(AQ52<=$H52,"VÁLIDA","NO VÁLIDA") -> VÁLIDA | AS52: 62100 | AT52: =AS52*$F52 -> 3291300 | AU52: =IF(AT52<=$H52,"VÁLIDA","NO VÁLIDA") -> VÁLIDA | AV52: 84426.3 | AW52: =AV52*$F52 -> 4474593.9 | AX52: =IF(AW52<=$H52,"VÁLIDA","NO VÁLIDA") -> NO VÁLIDA | AY52: 63535 | AZ52: =AY52*$F52 -> 3367355 | BA52: =IF(AZ52<=$H52,"VÁLIDA","NO VÁLIDA") -> VÁLIDA | BB52: 60923.556 | BC52: =BB52*$F52 -> 3228948.4 | BD52: =IF(BC52<=$H52,"VÁLIDA","NO VÁLIDA") -> VÁLIDA | BE52: 62163 | BF52: =BE52*$F52 -> 3294639 | BG52: =IF(BF52<=$H52,"VÁLIDA","NO VÁLIDA") -> VÁLIDA | BH52: 62899.65 | BI52: =BH52*$F52 -> 3333681.5 | BJ52: =IF(BI52<=$H52,"VÁLIDA","NO VÁLIDA") -> VÁLIDA | BK52: 63027 | BL52: =BK52*$F52 -> 3340431 | BM52: =IF(BL52<=$H52,"VÁLIDA","NO VÁLIDA") -> VÁLIDA | BN52: 62400 | BO52: =BN52*$F52 -> 3307200 | BP52: =IF(BO52<=$H52,"VÁLIDA","NO VÁLIDA") -> VÁLIDA
B53: 3708 | C53: =C52+0.01 -> 1.07 | D53: =VLOOKUP(B53,[2]ITEMS!$B$4:$E$2466,2,FALSE) -> ACERO DE REFUERZO (Incluye Suministro, Figurado y Fijación) | E53: =VLOOKUP(B53,[2]ITEMS!$B$4:$E$2466,3,FALSE) -> KG | F53: 20509 | G53: =VLOOKUP(B53,[2]ITEMS!$B$4:$E$2466,4,FALSE) -> 2990 | H53: =F53*G53 -> 61321910 | I53: 2943 | J53: =I53*$F53 -> 60357987 | K53: =IF(J53<=$H53,"VÁLIDA","NO VÁLIDA") -> VÁLIDA | L53: 2957 | M53: =L53*$F53 -> 60645113 | N53: =IF(M53<=$H53,"VÁLIDA","NO VÁLIDA") -> VÁLIDA | O53: 2990 | P53: =O53*$F53 -> 61321910 | Q53: =IF(P53<=$H53,"VÁLIDA","NO VÁLIDA") -> VÁLIDA | R53: 2946 | S53: =R53*$F53 -> 60419514 | T53: =IF(S53<=$H53,"VÁLIDA","NO VÁLIDA") -> VÁLIDA | U53: 2990 | V53: =U53*$F53 -> 61321910 | W53: =IF(V53<=$H53,"VÁLIDA","NO VÁLIDA") -> VÁLIDA | X53: 2942 | Y53: =X53*$F53 -> 60337478 | Z53: =IF(Y53<=$H53,"VÁLIDA","NO VÁLIDA") -> VÁLIDA | AA53: 2957 | AB53: =AA53*$F53 -> 60645113 | AC53: =IF(AB53<=$H53,"VÁLIDA","NO VÁLIDA") -> VÁLIDA | AD53: 2900 | AE53: =AD53*$F53 -> 59476100 | AF53: =IF(AE53<=$H53,"VÁLIDA","NO VÁLIDA") -> VÁLIDA | AH53: =AG53*$F53 -> 0 | AI53: =IF(AH53<=$H53,"VÁLIDA","NO VÁLIDA") -> VÁLIDA | AJ53: 2781 | AK53: =AJ53*$F53 -> 57035529 | AL53: =IF(AK53<=$H53,"VÁLIDA","NO VÁLIDA") -> VÁLIDA | AM53: 2983 | AN53: =AM53*$F53 -> 61178347 | AO53: =IF(AN53<=$H53,"VÁLIDA","NO VÁLIDA") -> VÁLIDA | AP53: 2990 | AQ53: =AP53*$F53 -> 61321910 | AR53: =IF(AQ53<=$H53,"VÁLIDA","NO VÁLIDA") -> VÁLIDA | AS53: 2900 | AT53: =AS53*$F53 -> 59476100 | AU53: =IF(AT53<=$H53,"VÁLIDA","NO VÁLIDA") -> VÁLIDA | AV53: 3973.05 | AW53: =AV53*$F53 -> 81483282 | AX53: =IF(AW53<=$H53,"VÁLIDA","NO VÁLIDA") -> NO VÁLIDA | AY53: 2990 | AZ53: =AY53*$F53 -> 61321910 | BA53: =IF(AZ53<=$H53,"VÁLIDA","NO VÁLIDA") -> VÁLIDA | BB53: 2867.1037 | BC53: =BB53*$F53 -> 58801429 | BD53: =IF(BC53<=$H53,"VÁLIDA","NO VÁLIDA") -> VÁLIDA | BE53: 2925 | BF53: =BE53*$F53 -> 59988825 | BG53: =IF(BF53<=$H53,"VÁLIDA","NO VÁLIDA") -> VÁLIDA | BH53: 2960.1 | BI53: =BH53*$F53 -> 60708691 | BJ53: =IF(BI53<=$H53,"VÁLIDA","NO VÁLIDA") -> VÁLIDA | BK53: 2966 | BL53: =BK53*$F53 -> 60829694 | BM53: =IF(BL53<=$H53,"VÁLIDA","NO VÁLIDA") -> VÁLIDA | BN53: 2936 | BO53: =BN53*$F53 -> 60214424 | BP53: =IF(BO53<=$H53,"VÁLIDA","NO VÁLIDA") -> VÁLIDA
B54: 4559 | C54: =C53+0.01 -> 1.08 | D54: =VLOOKUP(B54,[2]ITEMS!$B$4:$E$2466,2,FALSE) -> CONCRETO 1500 PSI (Hecho en Obra 1:3:5 con arena y gravilla de río) | E54: =VLOOKUP(B54,[2]ITEMS!$B$4:$E$2466,3,FALSE) -> M3 | F54: 40 | G54: =VLOOKUP(B54,[2]ITEMS!$B$4:$E$2466,4,FALSE) -> 225884 | H54: =F54*G54 -> 9035360 | I54: 222364 | J54: =I54*$F54 -> 8894560 | K54: =IF(J54<=$H54,"VÁLIDA","NO VÁLIDA") -> VÁLIDA | L54: 223399 | M54: =L54*$F54 -> 8935960 | N54: =IF(M54<=$H54,"VÁLIDA","NO VÁLIDA") -> VÁLIDA | O54: 225884 | P54: =O54*$F54 -> 9035360 | Q54: =IF(P54<=$H54,"VÁLIDA","NO VÁLIDA") -> VÁLIDA | R54: 222564 | S54: =R54*$F54 -> 8902560 | T54: =IF(S54<=$H54,"VÁLIDA","NO VÁLIDA") -> VÁLIDA | U54: 225884 | V54: =U54*$F54 -> 9035360 | W54: =IF(V54<=$H54,"VÁLIDA","NO VÁLIDA") -> VÁLIDA | X54: 222269 | Y54: =X54*$F54 -> 8890760 | Z54: =IF(Y54<=$H54,"VÁLIDA","NO VÁLIDA") -> VÁLIDA | AA54: 223399 | AB54: =AA54*$F54 -> 8935960 | AC54: =IF(AB54<=$H54,"VÁLIDA","NO VÁLIDA") -> VÁLIDA | AD54: 225884 | AE54: =AD54*$F54 -> 9035360 | AF54: =IF(AE54<=$H54,"VÁLIDA","NO VÁLIDA") -> VÁLIDA | AH54: =AG54*$F54 -> 0 | AI54: =IF(AH54<=$H54,"VÁLIDA","NO VÁLIDA") -> VÁLIDA | AJ54: 210072 | AK54: =AJ54*$F54 -> 8402880 | AL54: =IF(AK54<=$H54,"VÁLIDA","NO VÁLIDA") -> VÁLIDA | AM54: 225319 | AN54: =AM54*$F54 -> 9012760 | AO54: =IF(AN54<=$H54,"VÁLIDA","NO VÁLIDA") -> VÁLIDA | AP54: 225884 | AQ54: =AP54*$F54 -> 9035360 | AR54: =IF(AQ54<=$H54,"VÁLIDA","NO VÁLIDA") -> VÁLIDA | AS54: 221000 | AT54: =AS54*$F54 -> 8840000 | AU54: =IF(AT54<=$H54,"VÁLIDA","NO VÁLIDA") -> VÁLIDA | AV54: 300156.3 | AW54: =AV54*$F54 -> 12006252 | AX54: =IF(AW54<=$H54,"VÁLIDA","NO VÁLIDA") -> NO VÁLIDA | AY54: 225884 | AZ54: =AY54*$F54 -> 9035360 | BA54: =IF(AZ54<=$H54,"VÁLIDA","NO VÁLIDA") -> VÁLIDA | BB54: 216599.61 | BC54: =BB54*$F54 -> 8663984.5 | BD54: =IF(BC54<=$H54,"VÁLIDA","NO VÁLIDA") -> VÁLIDA | BE54: 221005 | BF54: =BE54*$F54 -> 8840200 | BG54: =IF(BF54<=$H54,"VÁLIDA","NO VÁLIDA") -> VÁLIDA | BH54: 223625.16 | BI54: =BH54*$F54 -> 8945006.4 | BJ54: =IF(BI54<=$H54,"VÁLIDA","NO VÁLIDA") -> VÁLIDA | BK54: 224077 | BL54: =BK54*$F54 -> 8963080 | BM54: =IF(BL54<=$H54,"VÁLIDA","NO VÁLIDA") -> VÁLIDA | BN54: 221849 | BO54: =BN54*$F54 -> 8873960 | BP54: =IF(BO54<=$H54,"VÁLIDA","NO VÁLIDA") -> VÁLIDA
B55: 3394 | C55: 322.15 | D55: LOSA DE CONCRETO MR45 (Suministro, Formaleteado, Colocación y Acabado. No Incluye Acero, Curado, Juntas) | E55: =VLOOKUP(B55,[2]ITEMS!$B$4:$E$2466,3,FALSE) -> M3 | F55: 390.4 | G55: 503681 | H55: =F55*G55 -> 1.9663706e+08 | I55: 495833 | J55: =I55*$F55 -> 1.935732e+08 | K55: =IF(J55<=$H55,"VÁLIDA","NO VÁLIDA") -> VÁLIDA | L55: 498141 | M55: =L55*$F55 -> 1.9447425e+08 | N55: =IF(M55<=$H55,"VÁLIDA","NO VÁLIDA") -> VÁLIDA | O55: 503681 | P55: =O55*$F55 -> 1.9663706e+08 | Q55: =IF(P55<=$H55,"VÁLIDA","NO VÁLIDA") -> VÁLIDA | R55: 496277 | S55: =R55*$F55 -> 1.9374654e+08 | T55: =IF(S55<=$H55,"VÁLIDA","NO VÁLIDA") -> VÁLIDA | U55: 503681 | V55: =U55*$F55 -> 1.9663706e+08 | W55: =IF(V55<=$H55,"VÁLIDA","NO VÁLIDA") -> VÁLIDA | X55: 495622 | Y55: =X55*$F55 -> 1.9349083e+08 | Z55: =IF(Y55<=$H55,"VÁLIDA","NO VÁLIDA") -> VÁLIDA | AA55: 503681 | AB55: =AA55*$F55 -> 1.9663706e+08 | AC55: =IF(AB55<=$H55,"VÁLIDA","NO VÁLIDA") -> VÁLIDA | AD55: 500000 | AE55: =AD55*$F55 -> 195200000 | AF55: =IF(AE55<=$H55,"VÁLIDA","NO VÁLIDA") -> VÁLIDA | AH55: =AG55*$F55 -> 0 | AI55: =IF(AH55<=$H55,"VÁLIDA","NO VÁLIDA") -> VÁLIDA | AJ55: 468423 | AK55: =AJ55*$F55 -> 1.8287234e+08 | AL55: =IF(AK55<=$H55,"VÁLIDA","NO VÁLIDA") -> VÁLIDA | AM55: 502422 | AN55: =AM55*$F55 -> 1.9614555e+08 | AO55: =IF(AN55<=$H55,"VÁLIDA","NO VÁLIDA") -> VÁLIDA | AP55: 503681 | AQ55: =AP55*$F55 -> 1.9663706e+08 | AR55: =IF(AQ55<=$H55,"VÁLIDA","NO VÁLIDA") -> VÁLIDA | AS55: 494000 | AT55: =AS55*$F55 -> 192857600 | AU55: =IF(AT55<=$H55,"VÁLIDA","NO VÁLIDA") -> VÁLIDA | AV55: 669293.55 | AW55: =AV55*$F55 -> 2.612922e+08 | AX55: =IF(AW55<=$H55,"VÁLIDA","NO VÁLIDA") -> NO VÁLIDA | AY55: 503681 | AZ55: =AY55*$F55 -> 1.9663706e+08 | BA55: =IF(AZ55<=$H55,"VÁLIDA","NO VÁLIDA") -> VÁLIDA | BB55: 482978.47 | BC55: =BB55*$F55 -> 1.885548e+08 | BD55: =IF(BC55<=$H55,"VÁLIDA","NO VÁLIDA") -> VÁLIDA | BE55: 492800 | BF55: =BE55*$F55 -> 192389120 | BG55: =IF(BF55<=$H55,"VÁLIDA","NO VÁLIDA") -> VÁLIDA | BH55: 498644.19 | BI55: =BH55*$F55 -> 1.9467069e+08 | BJ55: =IF(BI55<=$H55,"VÁLIDA","NO VÁLIDA") -> VÁLIDA | BK55: 499652 | BL55: =BK55*$F55 -> 1.9506414e+08 | BM55: =IF(BL55<=$H55,"VÁLIDA","NO VÁLIDA") -> VÁLIDA | BN55: 494685 | BO55: =BN55*$F55 -> 193125024 | BP55: =IF(BO55<=$H55,"VÁLIDA","NO VÁLIDA") -> VÁLIDA
D56: CONCRETO ACELERADO A 3 DIAS ( INCLUYE SUMINISTRO E INSTALACION) | E56: M3 | F56: 234 | G56: 503682 | H56: =F56*G56 -> 117861588 | I56: 495834 | J56: =I56*$F56 -> 116025156 | K56: =IF(J56<=$H56,"VÁLIDA","NO VÁLIDA") -> VÁLIDA | L56: 498141 | M56: =L56*$F56 -> 116564994 | N56: =IF(M56<=$H56,"VÁLIDA","NO VÁLIDA") -> VÁLIDA | O56: 503682 | P56: =O56*$F56 -> 117861588 | Q56: =IF(P56<=$H56,"VÁLIDA","NO VÁLIDA") -> VÁLIDA | R56: 496278 | S56: =R56*$F56 -> 116129052 | T56: =IF(S56<=$H56,"VÁLIDA","NO VÁLIDA") -> VÁLIDA | U56: 503682 | V56: =U56*$F56 -> 117861588 | W56: =IF(V56<=$H56,"VÁLIDA","NO VÁLIDA") -> VÁLIDA | X56: 495623 | Y56: =X56*$F56 -> 115975782 | Z56: =IF(Y56<=$H56,"VÁLIDA","NO VÁLIDA") -> VÁLIDA | AA56: 503682 | AB56: =AA56*$F56 -> 117861588 | AC56: =IF(AB56<=$H56,"VÁLIDA","NO VÁLIDA") -> VÁLIDA | AD56: 500000 | AE56: =AD56*$F56 -> 117000000 | AF56: =IF(AE56<=$H56,"VÁLIDA","NO VÁLIDA") -> VÁLIDA | AH56: =AG56*$F56 -> 0 | AI56: =IF(AH56<=$H56,"VÁLIDA","NO VÁLIDA") -> VÁLIDA | AJ56: 468424 | AK56: =AJ56*$F56 -> 109611216 | AL56: =IF(AK56<=$H56,"VÁLIDA","NO VÁLIDA") -> VÁLIDA | AM56: 502423 | AN56: =AM56*$F56 -> 117566982 | AO56: =IF(AN56<=$H56,"VÁLIDA","NO VÁLIDA") -> VÁLIDA | AP56: 503682 | AQ56: =AP56*$F56 -> 117861588 | AR56: =IF(AQ56<=$H56,"VÁLIDA","NO VÁLIDA") -> VÁLIDA | AS56: 494000 | AT56: =AS56*$F56 -> 115596000 | AU56: =IF(AT56<=$H56,"VÁLIDA","NO VÁLIDA") -> VÁLIDA | AV56: 669294.9 | AW56: =AV56*$F56 -> 1.5661501e+08 | AX56: =IF(AW56<=$H56,"VÁLIDA","NO VÁLIDA") -> NO VÁLIDA | AY56: 503682 | AZ56: =AY56*$F56 -> 117861588 | BA56: =IF(AZ56<=$H56,"VÁLIDA","NO VÁLIDA") -> VÁLIDA | BB56: 482979.43 | BC56: =BB56*$F56 -> 1.1301719e+08 | BD56: =IF(BC56<=$H56,"VÁLIDA","NO VÁLIDA") -> VÁLIDA | BE56: 492802 | BF56: =BE56*$F56 -> 115315668 | BG56: =IF(BF56<=$H56,"VÁLIDA","NO VÁLIDA") -> VÁLIDA | BH56: 498645.18 | BI56: =BH56*$F56 -> 1.1668297e+08 | BJ56: =IF(BI56<=$H56,"VÁLIDA","NO VÁLIDA") -> VÁLIDA | BK56: 499653 | BL56: =BK56*$F56 -> 116918802 | BM56: =IF(BL56<=$H56,"VÁLIDA","NO VÁLIDA") -> VÁLIDA | BN56: 494686 | BO56: =BN56*$F56 -> 115756524 | BP56: =IF(BO56<=$H56,"VÁLIDA","NO VÁLIDA") -> VÁLIDA
D57: ENCHAPE PIEDRA BARICHARA (Incluye sumnistro e instalacion con mortero 1:4) | E57: M2 | F57: 1677 | G57: 400000 | H57: =F57*G57 -> 670800000 | I57: 393767 | J57: =I57*$F57 -> 660347259 | K57: =IF(J57<=$H57,"VÁLIDA","NO VÁLIDA") -> VÁLIDA | L57: 395600 | M57: =L57*$F57 -> 663421200 | N57: =IF(M57<=$H57,"VÁLIDA","NO VÁLIDA") -> VÁLIDA | O57: 360000 | P57: =O57*$F57 -> 603720000 | Q57: =IF(P57<=$H57,"VÁLIDA","NO VÁLIDA") -> VÁLIDA | R57: 394120 | S57: =R57*$F57 -> 660939240 | T57: =IF(S57<=$H57,"VÁLIDA","NO VÁLIDA") -> VÁLIDA | U57: 400000 | V57: =U57*$F57 -> 670800000 | W57: =IF(V57<=$H57,"VÁLIDA","NO VÁLIDA") -> VÁLIDA | X57: 393600 | Y57: =X57*$F57 -> 660067200 | Z57: =IF(Y57<=$H57,"VÁLIDA","NO VÁLIDA") -> VÁLIDA | AA57: 395000 | AB57: =AA57*$F57 -> 662415000 | AC57: =IF(AB57<=$H57,"VÁLIDA","NO VÁLIDA") -> VÁLIDA | AD57: 400000 | AE57: =AD57*$F57 -> 670800000 | AF57: =IF(AE57<=$H57,"VÁLIDA","NO VÁLIDA") -> VÁLIDA | AH57: =AG57*$F57 -> 0 | AI57: =IF(AH57<=$H57,"VÁLIDA","NO VÁLIDA") -> VÁLIDA | AJ57: 372000 | AK57: =AJ57*$F57 -> 623844000 | AL57: =IF(AK57<=$H57,"VÁLIDA","NO VÁLIDA") -> VÁLIDA | AM57: 399000 | AN57: =AM57*$F57 -> 669123000 | AO57: =IF(AN57<=$H57,"VÁLIDA","NO VÁLIDA") -> VÁLIDA | AP57: 400000 | AQ57: =AP57*$F57 -> 670800000 | AR57: =IF(AQ57<=$H57,"VÁLIDA","NO VÁLIDA") -> VÁLIDA | AS57: 392000 | AT57: =AS57*$F57 -> 657384000 | AU57: =IF(AT57<=$H57,"VÁLIDA","NO VÁLIDA") -> VÁLIDA | AV57: 531522 | AW57: =AV57*$F57 -> 891362394 | AX57: =IF(AW57<=$H57,"VÁLIDA","NO VÁLIDA") -> NO VÁLIDA | AY57: 400000 | AZ57: =AY57*$F57 -> 670800000 | BA57: =IF(AZ57<=$H57,"VÁLIDA","NO VÁLIDA") -> VÁLIDA | BB57: 383559.02 | BC57: =BB57*$F57 -> 6.4322847e+08 | BD57: =IF(BC57<=$H57,"VÁLIDA","NO VÁLIDA") -> VÁLIDA | BE57: 391360 | BF57: =BE57*$F57 -> 656310720 | BG57: =IF(BF57<=$H57,"VÁLIDA","NO VÁLIDA") -> VÁLIDA | BH57: 396000 | BI57: =BH57*$F57 -> 664092000 | BJ57: =IF(BI57<=$H57,"VÁLIDA","NO VÁLIDA") -> VÁLIDA | BK57: 396800 | BL57: =BK57*$F57 -> 665433600 | BM57: =IF(BL57<=$H57,"VÁLIDA","NO VÁLIDA") -> VÁLIDA | BN57: 392856 | BO57: =BN57*$F57 -> 658819512 | BP57: =IF(BO57<=$H57,"VÁLIDA","NO VÁLIDA") -> VÁLIDA
C58: =+C40+1 -> 2 | D58: MOBILIARIO URBANO | H58: =SUM(H59:H64) -> 75263624 | J58: =SUM(J59:J64) -> 74090911 | K58: =IF(J58<=$H58,"VÁLIDA","NO VÁLIDA") -> VÁLIDA | M58: =SUM(M59:M64) -> 74435703 | N58: =IF(M58<=$H58,"VÁLIDA","NO VÁLIDA") -> VÁLIDA | P58: =SUM(P59:P64) -> 75263624 | Q58: =IF(P58<=$H58,"VÁLIDA","NO VÁLIDA") -> VÁLIDA | S58: =SUM(S59:S64) -> 74157244 | T58: =IF(S58<=$H58,"VÁLIDA","NO VÁLIDA") -> VÁLIDA | V58: =SUM(V59:V64) -> 75263624 | W58: =IF(V58<=$H58,"VÁLIDA","NO VÁLIDA") -> VÁLIDA | Y58: =SUM(Y59:Y64) -> 74059349 | Z58: =IF(Y58<=$H58,"VÁLIDA","NO VÁLIDA") -> VÁLIDA | AB58: =SUM(AB59:AB64) -> 74435703 | AC58: =IF(AB58<=$H58,"VÁLIDA","NO VÁLIDA") -> VÁLIDA | AE58: =SUM(AE59:AE64) -> 75085964 | AF58: =IF(AE58<=$H58,"VÁLIDA","NO VÁLIDA") -> VÁLIDA | AH58: =SUM(AH59:AH64) -> 0 | AI58: =IF(AH58<=$H58,"VÁLIDA","NO VÁLIDA") -> VÁLIDA | AK58: =SUM(AK59:AK64) -> 69995160 | AL58: =IF(AK58<=$H58,"VÁLIDA","NO VÁLIDA") -> VÁLIDA | AN58: =SUM(AN59:AN64) -> 75075435 | AO58: =IF(AN58<=$H58,"VÁLIDA","NO VÁLIDA") -> VÁLIDA | AQ58: =SUM(AQ59:AQ64) -> 75263624 | AR58: =IF(AQ58<=$H58,"VÁLIDA","NO VÁLIDA") -> VÁLIDA | AT58: =SUM(AT59:AT64) -> 73620600 | AU58: =IF(AT58<=$H58,"VÁLIDA","NO VÁLIDA") -> VÁLIDA | AW58: =SUM(AW59:AW64) -> 1.0001067e+08 | AX58: =IF(AW58<=$H58,"VÁLIDA","NO VÁLIDA") -> NO VÁLIDA | AZ58: =SUM(AZ59:AZ64) -> 75263624 | BA58: =IF(AZ58<=$H58,"VÁLIDA","NO VÁLIDA") -> VÁLIDA | BC58: =SUM(BC59:BC64) -> 72170104 | BD58: =IF(BC58<=$H58,"VÁLIDA","NO VÁLIDA") -> VÁLIDA | BF58: =SUM(BF59:BF64) -> 73637967 | BG58: =IF(BF58<=$H58,"VÁLIDA","NO VÁLIDA") -> VÁLIDA | BI58: =SUM(BI59:BI64) -> 74510988 | BJ58: =IF(BI58<=$H58,"VÁLIDA","NO VÁLIDA") -> VÁLIDA | BL58: =SUM(BL59:BL64) -> 74661499 | BM58: =IF(BL58<=$H58,"VÁLIDA","NO VÁLIDA") -> VÁLIDA | BO58: =SUM(BO59:BO64) -> 73919367 | BP58: =IF(BO58<=$H58,"VÁLIDA","NO VÁLIDA") -> VÁLIDA
B59: 3396 | C59: =+C58+0.01 -> 2.01 | D59: BOLARDO SEMI AUTOMATICO | E59: =VLOOKUP(B59,[2]ITEMS!$B$4:$E$2466,3,FALSE) -> UN | F59: 6 | G59: 6519610 | H59: =F59*G59 -> 39117660 | I59: 6418024 | J59: =I59*$F59 -> 38508144 | K59: =IF(J59<=$H59,"VÁLIDA","NO VÁLIDA") -> VÁLIDA | L59: 6447894 | M59: =L59*$F59 -> 38687364 | N59: =IF(M59<=$H59,"VÁLIDA","NO VÁLIDA") -> VÁLIDA | O59: 6519610 | P59: =O59*$F59 -> 39117660 | Q59: =IF(P59<=$H59,"VÁLIDA","NO VÁLIDA") -> VÁLIDA | R59: 6423772 | S59: =R59*$F59 -> 38542632 | T59: =IF(S59<=$H59,"VÁLIDA","NO VÁLIDA") -> VÁLIDA | U59: 6519610 | V59: =U59*$F59 -> 39117660 | W59: =IF(V59<=$H59,"VÁLIDA","NO VÁLIDA") -> VÁLIDA | X59: 6415296 | Y59: =X59*$F59 -> 38491776 | Z59: =IF(Y59<=$H59,"VÁLIDA","NO VÁLIDA") -> VÁLIDA | AA59: 6447894 | AB59: =AA59*$F59 -> 38687364 | AC59: =IF(AB59<=$H59,"VÁLIDA","NO VÁLIDA") -> VÁLIDA | AD59: 6490000 | AE59: =AD59*$F59 -> 38940000 | AF59: =IF(AE59<=$H59,"VÁLIDA","NO VÁLIDA") -> VÁLIDA | AH59: =AG59*$F59 -> 0 | AI59: =IF(AH59<=$H59,"VÁLIDA","NO VÁLIDA") -> VÁLIDA | AJ59: 6063237 | AK59: =AJ59*$F59 -> 36379422 | AL59: =IF(AK59<=$H59,"VÁLIDA","NO VÁLIDA") -> VÁLIDA | AM59: 6503311 | AN59: =AM59*$F59 -> 39019866 | AO59: =IF(AN59<=$H59,"VÁLIDA","NO VÁLIDA") -> VÁLIDA | AP59: 6519610 | AQ59: =AP59*$F59 -> 39117660 | AR59: =IF(AQ59<=$H59,"VÁLIDA","NO VÁLIDA") -> VÁLIDA | AS59: 6379000 | AT59: =AS59*$F59 -> 38274000 | AU59: =IF(AT59<=$H59,"VÁLIDA","NO VÁLIDA") -> VÁLIDA | AV59: 8663290.2 | AW59: =AV59*$F59 -> 51979741 | AX59: =IF(AW59<=$H59,"VÁLIDA","NO VÁLIDA") -> NO VÁLIDA | AY59: 6519610 | AZ59: =AY59*$F59 -> 39117660 | BA59: =IF(AZ59<=$H59,"VÁLIDA","NO VÁLIDA") -> VÁLIDA | BB59: 6251638 | BC59: =BB59*$F59 -> 37509828 | BD59: =IF(BC59<=$H59,"VÁLIDA","NO VÁLIDA") -> VÁLIDA | BE59: 6378786 | BF59: =BE59*$F59 -> 38272716 | BG59: =IF(BF59<=$H59,"VÁLIDA","NO VÁLIDA") -> VÁLIDA | BH59: 6454413.9 | BI59: =BH59*$F59 -> 38726483 | BJ59: =IF(BI59<=$H59,"VÁLIDA","NO VÁLIDA") -> VÁLIDA | BK59: 6467453 | BL59: =BK59*$F59 -> 38804718 | BM59: =IF(BL59<=$H59,"VÁLIDA","NO VÁLIDA") -> VÁLIDA | BN59: 6403169 | BO59: =BN59*$F59 -> 38419014 | BP59: =IF(BO59<=$H59,"VÁLIDA","NO VÁLIDA") -> VÁLIDA
B60: 3400 | C60: =+C59+0.01 -> 2.02 | D60: FOTO CONTROL | E60: =VLOOKUP(B60,[2]ITEMS!$B$4:$E$2466,3,FALSE) -> UN | F60: 14 | G60: 177052 | H60: =F60*G60 -> 2478728 | I60: 174293 | J60: =I60*$F60 -> 2440102 | K60: =IF(J60<=$H60,"VÁLIDA","NO VÁLIDA") -> VÁLIDA | L60: 175104 | M60: =L60*$F60 -> 2451456 | N60: =IF(M60<=$H60,"VÁLIDA","NO VÁLIDA") -> VÁLIDA | O60: 177052 | P60: =O60*$F60 -> 2478728 | Q60: =IF(P60<=$H60,"VÁLIDA","NO VÁLIDA") -> VÁLIDA | R60: 174449 | S60: =R60*$F60 -> 2442286 | T60: =IF(S60<=$H60,"VÁLIDA","NO VÁLIDA") -> VÁLIDA | U60: 177052 | V60: =U60*$F60 -> 2478728 | W60: =IF(V60<=$H60,"VÁLIDA","NO VÁLIDA") -> VÁLIDA | X60: 174219 | Y60: =X60*$F60 -> 2439066 | Z60: =IF(Y60<=$H60,"VÁLIDA","NO VÁLIDA") -> VÁLIDA | AA60: 175104 | AB60: =AA60*$F60 -> 2451456 | AC60: =IF(AB60<=$H60,"VÁLIDA","NO VÁLIDA") -> VÁLIDA | AD60: 177052 | AE60: =AD60*$F60 -> 2478728 | AF60: =IF(AE60<=$H60,"VÁLIDA","NO VÁLIDA") -> VÁLIDA | AH60: =AG60*$F60 -> 0 | AI60: =IF(AH60<=$H60,"VÁLIDA","NO VÁLIDA") -> VÁLIDA | AJ60: 164658 | AK60: =AJ60*$F60 -> 2305212 | AL60: =IF(AK60<=$H60,"VÁLIDA","NO VÁLIDA") -> VÁLIDA | AM60: 176609 | AN60: =AM60*$F60 -> 2472526 | AO60: =IF(AN60<=$H60,"VÁLIDA","NO VÁLIDA") -> VÁLIDA | AP60: 177052 | AQ60: =AP60*$F60 -> 2478728 | AR60: =IF(AQ60<=$H60,"VÁLIDA","NO VÁLIDA") -> VÁLIDA | AS60: 173200 | AT60: =AS60*$F60 -> 2424800 | AU60: =IF(AT60<=$H60,"VÁLIDA","NO VÁLIDA") -> VÁLIDA | AV60: 235267.2 | AW60: =AV60*$F60 -> 3293740.8 | AX60: =IF(AW60<=$H60,"VÁLIDA","NO VÁLIDA") -> NO VÁLIDA | AY60: 177052 | AZ60: =AY60*$F60 -> 2478728 | BA60: =IF(AZ60<=$H60,"VÁLIDA","NO VÁLIDA") -> VÁLIDA | BB60: 169774.73 | BC60: =BB60*$F60 -> 2376846.2 | BD60: =IF(BC60<=$H60,"VÁLIDA","NO VÁLIDA") -> VÁLIDA | BE60: 173228 | BF60: =BE60*$F60 -> 2425192 | BG60: =IF(BF60<=$H60,"VÁLIDA","NO VÁLIDA") -> VÁLIDA | BH60: 175281.48 | BI60: =BH60*$F60 -> 2453940.7 | BJ60: =IF(BI60<=$H60,"VÁLIDA","NO VÁLIDA") -> VÁLIDA | BK60: 175636 | BL60: =BK60*$F60 -> 2458904 | BM60: =IF(BL60<=$H60,"VÁLIDA","NO VÁLIDA") -> VÁLIDA | BN60: 173889 | BO60: =BN60*$F60 -> 2434446 | BP60: =IF(BO60<=$H60,"VÁLIDA","NO VÁLIDA") -> VÁLIDA
B61: 4699 | C61: =+C60+0.01 -> 2.03 | D61: JARDINERA | E61: =VLOOKUP(B61,[2]ITEMS!$B$4:$E$2466,3,FALSE) -> UN | F61: 10 | G61: 849875 | H61: =F61*G61 -> 8498750 | I61: 836633 | J61: =I61*$F61 -> 8366330 | K61: =IF(J61<=$H61,"VÁLIDA","NO VÁLIDA") -> VÁLIDA | L61: 840526 | M61: =L61*$F61 -> 8405260 | N61: =IF(M61<=$H61,"VÁLIDA","NO VÁLIDA") -> VÁLIDA | O61: 849875 | P61: =O61*$F61 -> 8498750 | Q61: =IF(P61<=$H61,"VÁLIDA","NO VÁLIDA") -> VÁLIDA | R61: 837382 | S61: =R61*$F61 -> 8373820 | T61: =IF(S61<=$H61,"VÁLIDA","NO VÁLIDA") -> VÁLIDA | U61: 849875 | V61: =U61*$F61 -> 8498750 | W61: =IF(V61<=$H61,"VÁLIDA","NO VÁLIDA") -> VÁLIDA | X61: 836277 | Y61: =X61*$F61 -> 8362770 | Z61: =IF(Y61<=$H61,"VÁLIDA","NO VÁLIDA") -> VÁLIDA | AA61: 840526 | AB61: =AA61*$F61 -> 8405260 | AC61: =IF(AB61<=$H61,"VÁLIDA","NO VÁLIDA") -> VÁLIDA | AD61: 849875 | AE61: =AD61*$F61 -> 8498750 | AF61: =IF(AE61<=$H61,"VÁLIDA","NO VÁLIDA") -> VÁLIDA | AH61: =AG61*$F61 -> 0 | AI61: =IF(AH61<=$H61,"VÁLIDA","NO VÁLIDA") -> VÁLIDA | AJ61: 790384 | AK61: =AJ61*$F61 -> 7903840 | AL61: =IF(AK61<=$H61,"VÁLIDA","NO VÁLIDA") -> VÁLIDA | AM61: 847750 | AN61: =AM61*$F61 -> 8477500 | AO61: =IF(AN61<=$H61,"VÁLIDA","NO VÁLIDA") -> VÁLIDA | AP61: 849875 | AQ61: =AP61*$F61 -> 8498750 | AR61: =IF(AQ61<=$H61,"VÁLIDA","NO VÁLIDA") -> VÁLIDA | AS61: 831500 | AT61: =AS61*$F61 -> 8315000 | AU61: =IF(AT61<=$H61,"VÁLIDA","NO VÁLIDA") -> VÁLIDA | AV61: 1129318.2 | AW61: =AV61*$F61 -> 11293182 | AX61: =IF(AW61<=$H61,"VÁLIDA","NO VÁLIDA") -> NO VÁLIDA | AY61: 849875 | AZ61: =AY61*$F61 -> 8498750 | BA61: =IF(AZ61<=$H61,"VÁLIDA","NO VÁLIDA") -> VÁLIDA | BB61: 814943.05 | BC61: =BB61*$F61 -> 8149430.5 | BD61: =IF(BC61<=$H61,"VÁLIDA","NO VÁLIDA") -> VÁLIDA | BE61: 831518 | BF61: =BE61*$F61 -> 8315180 | BG61: =IF(BF61<=$H61,"VÁLIDA","NO VÁLIDA") -> VÁLIDA | BH61: 841376.25 | BI61: =BH61*$F61 -> 8413762.5 | BJ61: =IF(BI61<=$H61,"VÁLIDA","NO VÁLIDA") -> VÁLIDA | BK61: 843076 | BL61: =BK61*$F61 -> 8430760 | BM61: =IF(BL61<=$H61,"VÁLIDA","NO VÁLIDA") -> VÁLIDA | BN61: 834696 | BO61: =BN61*$F61 -> 8346960 | BP61: =IF(BO61<=$H61,"VÁLIDA","NO VÁLIDA") -> VÁLIDA
B62: 4697 | C62: =+C61+0.01 -> 2.04 | D62: CANECAS PLASTICAS EN POSTE | E62: =VLOOKUP(B62,[2]ITEMS!$B$4:$E$2466,3,FALSE) -> UN | F62: 11 | G62: =VLOOKUP(B62,[2]ITEMS!$B$4:$E$2466,4,FALSE) -> 141918 | H62: =F62*G62 -> 1561098 | I62: 139707 | J62: =I62*$F62 -> 1536777 | K62: =IF(J62<=$H62,"VÁLIDA","NO VÁLIDA") -> VÁLIDA | L62: 140357 | M62: =L62*$F62 -> 1543927 | N62: =IF(M62<=$H62,"VÁLIDA","NO VÁLIDA") -> VÁLIDA | O62: 141918 | P62: =O62*$F62 -> 1561098 | Q62: =IF(P62<=$H62,"VÁLIDA","NO VÁLIDA") -> VÁLIDA | R62: 139832 | S62: =R62*$F62 -> 1538152 | T62: =IF(S62<=$H62,"VÁLIDA","NO VÁLIDA") -> VÁLIDA | U62: 141918 | V62: =U62*$F62 -> 1561098 | W62: =IF(V62<=$H62,"VÁLIDA","NO VÁLIDA") -> VÁLIDA | X62: 139647 | Y62: =X62*$F62 -> 1536117 | Z62: =IF(Y62<=$H62,"VÁLIDA","NO VÁLIDA") -> VÁLIDA | AA62: 140357 | AB62: =AA62*$F62 -> 1543927 | AC62: =IF(AB62<=$H62,"VÁLIDA","NO VÁLIDA") -> VÁLIDA | AD62: 141918 | AE62: =AD62*$F62 -> 1561098 | AF62: =IF(AE62<=$H62,"VÁLIDA","NO VÁLIDA") -> VÁLIDA | AH62: =AG62*$F62 -> 0 | AI62: =IF(AH62<=$H62,"VÁLIDA","NO VÁLIDA") -> VÁLIDA | AJ62: 131984 | AK62: =AJ62*$F62 -> 1451824 | AL62: =IF(AK62<=$H62,"VÁLIDA","NO VÁLIDA") -> VÁLIDA | AM62: 141563 | AN62: =AM62*$F62 -> 1557193 | AO62: =IF(AN62<=$H62,"VÁLIDA","NO VÁLIDA") -> VÁLIDA | AP62: 141918 | AQ62: =AP62*$F62 -> 1561098 | AR62: =IF(AQ62<=$H62,"VÁLIDA","NO VÁLIDA") -> VÁLIDA | AS62: 138800 | AT62: =AS62*$F62 -> 1526800 | AU62: =IF(AT62<=$H62,"VÁLIDA","NO VÁLIDA") -> VÁLIDA | AV62: 188581.5 | AW62: =AV62*$F62 -> 2074396.5 | AX62: =IF(AW62<=$H62,"VÁLIDA","NO VÁLIDA") -> NO VÁLIDA | AY62: 141918 | AZ62: =AY62*$F62 -> 1561098 | BA62: =IF(AZ62<=$H62,"VÁLIDA","NO VÁLIDA") -> VÁLIDA | BB62: 136084.82 | BC62: =BB62*$F62 -> 1496933 | BD62: =IF(BC62<=$H62,"VÁLIDA","NO VÁLIDA") -> VÁLIDA | BE62: 138853 | BF62: =BE62*$F62 -> 1527383 | BG62: =IF(BF62<=$H62,"VÁLIDA","NO VÁLIDA") -> VÁLIDA | BH62: 140498.82 | BI62: =BH62*$F62 -> 1545487 | BJ62: =IF(BI62<=$H62,"VÁLIDA","NO VÁLIDA") -> VÁLIDA | BK62: 140783 | BL62: =BK62*$F62 -> 1548613 | BM62: =IF(BL62<=$H62,"VÁLIDA","NO VÁLIDA") -> VÁLIDA | BN62: 139383 | BO62: =BN62*$F62 -> 1533213 | BP62: =IF(BO62<=$H62,"VÁLIDA","NO VÁLIDA") -> VÁLIDA
B63: 4859 | C63: =+C62+0.01 -> 2.05 | D63: BANCA SIN ESPALDAR | E63: UN | F63: 10 | G63: 2089591 | H63: =F63*G63 -> 20895910 | I63: 2057032 | J63: =I63*$F63 -> 20570320 | K63: =IF(J63<=$H63,"VÁLIDA","NO VÁLIDA") -> VÁLIDA | L63: 2066605 | M63: =L63*$F63 -> 20666050 | N63: =IF(M63<=$H63,"VÁLIDA","NO VÁLIDA") -> VÁLIDA | O63: 2089591 | P63: =O63*$F63 -> 20895910 | Q63: =IF(P63<=$H63,"VÁLIDA","NO VÁLIDA") -> VÁLIDA | R63: 2058874 | S63: =R63*$F63 -> 20588740 | T63: =IF(S63<=$H63,"VÁLIDA","NO VÁLIDA") -> VÁLIDA | U63: 2089591 | V63: =U63*$F63 -> 20895910 | W63: =IF(V63<=$H63,"VÁLIDA","NO VÁLIDA") -> VÁLIDA | X63: 2056157 | Y63: =X63*$F63 -> 20561570 | Z63: =IF(Y63<=$H63,"VÁLIDA","NO VÁLIDA") -> VÁLIDA | AA63: 2066605 | AB63: =AA63*$F63 -> 20666050 | AC63: =IF(AB63<=$H63,"VÁLIDA","NO VÁLIDA") -> VÁLIDA | AD63: 2089591 | AE63: =AD63*$F63 -> 20895910 | AF63: =IF(AE63<=$H63,"VÁLIDA","NO VÁLIDA") -> VÁLIDA | AH63: =AG63*$F63 -> 0 | AI63: =IF(AH63<=$H63,"VÁLIDA","NO VÁLIDA") -> VÁLIDA | AJ63: 1943320 | AK63: =AJ63*$F63 -> 19433200 | AL63: =IF(AK63<=$H63,"VÁLIDA","NO VÁLIDA") -> VÁLIDA | AM63: 2084367 | AN63: =AM63*$F63 -> 20843670 | AO63: =IF(AN63<=$H63,"VÁLIDA","NO VÁLIDA") -> VÁLIDA | AP63: 2089591 | AQ63: =AP63*$F63 -> 20895910 | AR63: =IF(AQ63<=$H63,"VÁLIDA","NO VÁLIDA") -> VÁLIDA | AS63: 2044000 | AT63: =AS63*$F63 -> 20440000 | AU63: =IF(AT63<=$H63,"VÁLIDA","NO VÁLIDA") -> VÁLIDA | AV63: 2776658.4 | AW63: =AV63*$F63 -> 27766584 | AX63: =IF(AW63<=$H63,"VÁLIDA","NO VÁLIDA") -> NO VÁLIDA | AY63: 2089591 | AZ63: =AY63*$F63 -> 20895910 | BA63: =IF(AZ63<=$H63,"VÁLIDA","NO VÁLIDA") -> VÁLIDA | BB63: 2003703.7 | BC63: =BB63*$F63 -> 20037037 | BD63: =IF(BC63<=$H63,"VÁLIDA","NO VÁLIDA") -> VÁLIDA | BE63: 2044456 | BF63: =BE63*$F63 -> 20444560 | BG63: =IF(BF63<=$H63,"VÁLIDA","NO VÁLIDA") -> VÁLIDA | BH63: 2068695.1 | BI63: =BH63*$F63 -> 20686951 | BJ63: =IF(BI63<=$H63,"VÁLIDA","NO VÁLIDA") -> VÁLIDA | BK63: 2072874 | BL63: =BK63*$F63 -> 20728740 | BM63: =IF(BL63<=$H63,"VÁLIDA","NO VÁLIDA") -> VÁLIDA | BN63: 2052270 | BO63: =BN63*$F63 -> 20522700 | BP63: =IF(BO63<=$H63,"VÁLIDA","NO VÁLIDA") -> VÁLIDA
B64: 3210 | C64: =+C62+0.01 -> 2.05 | D64: =VLOOKUP(B64,[2]ITEMS!$B$4:$E$2466,2,FALSE) -> BORDILLO PREFABRICADO A80 (Suministro e Instalación. Incluye 3cm Mortero de Nivelación 2000 PSI) | E64: =VLOOKUP(B64,[2]ITEMS!$B$4:$E$2466,3,FALSE) -> M | F64: 66 | G64: =VLOOKUP(B64,[2]ITEMS!$B$4:$E$2466,4,FALSE) -> 41083 | H64: =F64*G64 -> 2711478 | I64: 40443 | J64: =I64*$F64 -> 2669238 | K64: =IF(J64<=$H64,"VÁLIDA","NO VÁLIDA") -> VÁLIDA | L64: 40631 | M64: =L64*$F64 -> 2681646 | N64: =IF(M64<=$H64,"VÁLIDA","NO VÁLIDA") -> VÁLIDA | O64: 41083 | P64: =O64*$F64 -> 2711478 | Q64: =IF(P64<=$H64,"VÁLIDA","NO VÁLIDA") -> VÁLIDA | R64: 40479 | S64: =R64*$F64 -> 2671614 | T64: =IF(S64<=$H64,"VÁLIDA","NO VÁLIDA") -> VÁLIDA | U64: 41083 | V64: =U64*$F64 -> 2711478 | W64: =IF(V64<=$H64,"VÁLIDA","NO VÁLIDA") -> VÁLIDA | X64: 40425 | Y64: =X64*$F64 -> 2668050 | Z64: =IF(Y64<=$H64,"VÁLIDA","NO VÁLIDA") -> VÁLIDA | AA64: 40631 | AB64: =AA64*$F64 -> 2681646 | AC64: =IF(AB64<=$H64,"VÁLIDA","NO VÁLIDA") -> VÁLIDA | AD64: 41083 | AE64: =AD64*$F64 -> 2711478 | AF64: =IF(AE64<=$H64,"VÁLIDA","NO VÁLIDA") -> VÁLIDA | AH64: =AG64*$F64 -> 0 | AI64: =IF(AH64<=$H64,"VÁLIDA","NO VÁLIDA") -> VÁLIDA | AJ64: 38207 | AK64: =AJ64*$F64 -> 2521662 | AL64: =IF(AK64<=$H64,"VÁLIDA","NO VÁLIDA") -> VÁLIDA | AM64: 40980 | AN64: =AM64*$F64 -> 2704680 | AO64: =IF(AN64<=$H64,"VÁLIDA","NO VÁLIDA") -> VÁLIDA | AP64: 41083 | AQ64: =AP64*$F64 -> 2711478 | AR64: =IF(AQ64<=$H64,"VÁLIDA","NO VÁLIDA") -> VÁLIDA | AS64: 40000 | AT64: =AS64*$F64 -> 2640000 | AU64: =IF(AT64<=$H64,"VÁLIDA","NO VÁLIDA") -> VÁLIDA | AV64: 54591.3 | AW64: =AV64*$F64 -> 3603025.8 | AX64: =IF(AW64<=$H64,"VÁLIDA","NO VÁLIDA") -> NO VÁLIDA | AY64: 41083 | AZ64: =AY64*$F64 -> 2711478 | BA64: =IF(AZ64<=$H64,"VÁLIDA","NO VÁLIDA") -> VÁLIDA | BB64: 39394.388 | BC64: =BB64*$F64 -> 2600029.6 | BD64: =IF(BC64<=$H64,"VÁLIDA","NO VÁLIDA") -> VÁLIDA | BE64: 40196 | BF64: =BE64*$F64 -> 2652936 | BG64: =IF(BF64<=$H64,"VÁLIDA","NO VÁLIDA") -> VÁLIDA | BH64: 40672.17 | BI64: =BH64*$F64 -> 2684363.2 | BJ64: =IF(BI64<=$H64,"VÁLIDA","NO VÁLIDA") -> VÁLIDA | BK64: 40754 | BL64: =BK64*$F64 -> 2689764 | BM64: =IF(BL64<=$H64,"VÁLIDA","NO VÁLIDA") -> VÁLIDA | BN64: 40349 | BO64: =BN64*$F64 -> 2663034 | BP64: =IF(BO64<=$H64,"VÁLIDA","NO VÁLIDA") -> VÁLIDA
C65: =C58+1 -> 3 | D65: REDES DE ACUEDUCTO | H65: =SUM(H66:H85) -> 28149133 | J65: =SUM(J66:J85) -> 27710486 | K65: =IF(J65<=$H65,"VÁLIDA","NO VÁLIDA") -> VÁLIDA | M65: =SUM(M66:M85) -> 27839499 | N65: =IF(M65<=$H65,"VÁLIDA","NO VÁLIDA") -> VÁLIDA | P65: =SUM(P66:P85) -> 28149133 | Q65: =IF(P65<=$H65,"VÁLIDA","NO VÁLIDA") -> VÁLIDA | S65: =SUM(S66:S85) -> 27735298 | T65: =IF(S65<=$H65,"VÁLIDA","NO VÁLIDA") -> VÁLIDA | V65: =SUM(V66:V85) -> 28149133 | W65: =IF(V65<=$H65,"VÁLIDA","NO VÁLIDA") -> VÁLIDA | Y65: =SUM(Y66:Y85) -> 27698696 | Z65: =IF(Y65<=$H65,"VÁLIDA","NO VÁLIDA") -> VÁLIDA | AB65: =SUM(AB66:AB85) -> 27839499 | AC65: =IF(AB65<=$H65,"VÁLIDA","NO VÁLIDA") -> VÁLIDA | AE65: =SUM(AE66:AE85) -> 28149133 | AF65: =IF(AE65<=$H65,"VÁLIDA","NO VÁLIDA") -> VÁLIDA | AH65: =SUM(AH66:AH85) -> 0 | AI65: =IF(AH65<=$H65,"VÁLIDA","NO VÁLIDA") -> VÁLIDA | AK65: =SUM(AK66:AK85) -> 26178693 | AL65: =IF(AK65<=$H65,"VÁLIDA","NO VÁLIDA") -> VÁLIDA | AN65: =SUM(AN66:AN85) -> 28078752 | AO65: =IF(AN65<=$H65,"VÁLIDA","NO VÁLIDA") -> VÁLIDA | AQ65: =SUM(AQ66:AQ85) -> 28149133 | AR65: =IF(AQ65<=$H65,"VÁLIDA","NO VÁLIDA") -> VÁLIDA | AT65: =SUM(AT66:AT85) -> 27500800 | AU65: =IF(AT65<=$H65,"VÁLIDA","NO VÁLIDA") -> VÁLIDA | AW65: =SUM(AW66:AW85) -> 37404723 | AX65: =IF(AW65<=$H65,"VÁLIDA","NO VÁLIDA") -> NO VÁLIDA | AZ65: =SUM(AZ66:AZ85) -> 28149133 | BA65: =IF(AZ65<=$H65,"VÁLIDA","NO VÁLIDA") -> VÁLIDA | BC65: =SUM(BC66:BC85) -> 26992135 | BD65: =IF(BC65<=$H65,"VÁLIDA","NO VÁLIDA") -> VÁLIDA | BF65: =SUM(BF66:BF85) -> 27541067 | BG65: =IF(BF65<=$H65,"VÁLIDA","NO VÁLIDA") -> VÁLIDA | BI65: =SUM(BI66:BI85) -> 27867642 | BJ65: =IF(BI65<=$H65,"VÁLIDA","NO VÁLIDA") -> VÁLIDA | BL65: =SUM(BL66:BL85) -> 27923917 | BM65: =IF(BL65<=$H65,"VÁLIDA","NO VÁLIDA") -> VÁLIDA | BO65: =SUM(BO66:BO85) -> 27646290 | BP65: =IF(BO65<=$H65,"VÁLIDA","NO VÁLIDA") -> VÁLIDA
C66: =C65+0.01 -> 3.01 | D66: NIVELACION DE POZOS EXISTENTES EN LADRILLO Atura maxima 20 cms (Incluye ladrillo y mortero) | E66: UN | F66: =2+2 -> 4 | G66: 413236 | H66: =F66*G66 -> 1652944 | I66: 406797 | J66: =I66*$F66 -> 1627188 | K66: =IF(J66<=$H66,"VÁLIDA","NO VÁLIDA") -> VÁLIDA | L66: 408690 | M66: =L66*$F66 -> 1634760 | N66: =IF(M66<=$H66,"VÁLIDA","NO VÁLIDA") -> VÁLIDA | O66: 413236 | P66: =O66*$F66 -> 1652944 | Q66: =IF(P66<=$H66,"VÁLIDA","NO VÁLIDA") -> VÁLIDA | R66: 407161 | S66: =R66*$F66 -> 1628644 | T66: =IF(S66<=$H66,"VÁLIDA","NO VÁLIDA") -> VÁLIDA | U66: 413236 | V66: =U66*$F66 -> 1652944 | W66: =IF(V66<=$H66,"VÁLIDA","NO VÁLIDA") -> VÁLIDA | X66: 406624 | Y66: =X66*$F66 -> 1626496 | Z66: =IF(Y66<=$H66,"VÁLIDA","NO VÁLIDA") -> VÁLIDA | AA66: 408690 | AB66: =AA66*$F66 -> 1634760 | AC66: =IF(AB66<=$H66,"VÁLIDA","NO VÁLIDA") -> VÁLIDA | AD66: 413236 | AE66: =AD66*$F66 -> 1652944 | AF66: =IF(AE66<=$H66,"VÁLIDA","NO VÁLIDA") -> VÁLIDA | AH66: =AG66*$F66 -> 0 | AI66: =IF(AH66<=$H66,"VÁLIDA","NO VÁLIDA") -> VÁLIDA | AJ66: 384309 | AK66: =AJ66*$F66 -> 1537236 | AL66: =IF(AK66<=$H66,"VÁLIDA","NO VÁLIDA") -> VÁLIDA | AM66: 412203 | AN66: =AM66*$F66 -> 1648812 | AO66: =IF(AN66<=$H66,"VÁLIDA","NO VÁLIDA") -> VÁLIDA | AP66: 413236 | AQ66: =AP66*$F66 -> 1652944 | AR66: =IF(AQ66<=$H66,"VÁLIDA","NO VÁLIDA") -> VÁLIDA | AS66: 404000 | AT66: =AS66*$F66 -> 1616000 | AU66: =IF(AT66<=$H66,"VÁLIDA","NO VÁLIDA") -> VÁLIDA | AV66: 549109.8 | AW66: =AV66*$F66 -> 2196439.2 | AX66: =IF(AW66<=$H66,"VÁLIDA","NO VÁLIDA") -> NO VÁLIDA | AY66: 413236 | AZ66: =AY66*$F66 -> 1652944 | BA66: =IF(AZ66<=$H66,"VÁLIDA","NO VÁLIDA") -> VÁLIDA | BB66: 396250.99 | BC66: =BB66*$F66 -> 1585003.9 | BD66: =IF(BC66<=$H66,"VÁLIDA","NO VÁLIDA") -> VÁLIDA | BE66: 404310 | BF66: =BE66*$F66 -> 1617240 | BG66: =IF(BF66<=$H66,"VÁLIDA","NO VÁLIDA") -> VÁLIDA | BH66: 409103.64 | BI66: =BH66*$F66 -> 1636414.6 | BJ66: =IF(BI66<=$H66,"VÁLIDA","NO VÁLIDA") -> VÁLIDA | BK66: 409930 | BL66: =BK66*$F66 -> 1639720 | BM66: =IF(BL66<=$H66,"VÁLIDA","NO VÁLIDA") -> VÁLIDA | BN66: 405855 | BO66: =BN66*$F66 -> 1623420 | BP66: =IF(BO66<=$H66,"VÁLIDA","NO VÁLIDA") -> VÁLIDA
C67: =C66+0.01 -> 3.02 | D67: TUBERIAS
B68: 3226 | C68: =C67+0.01 -> 3.03 | D68: =VLOOKUP(B68,[2]ITEMS!$B$4:$E$2466,2,FALSE) -> TUBERIA PVC D=4" TIPO U.M. RDE 21 (Suministro e Instalación) | E68: =VLOOKUP(B68,[2]ITEMS!$B$4:$E$2466,3,FALSE) -> M | F68: 114 | G68: =VLOOKUP(B68,[2]ITEMS!$B$4:$E$2466,4,FALSE) -> 36371 | H68: =F68*G68 -> 4146294 | I68: 35804 | J68: =I68*$F68 -> 4081656 | K68: =IF(J68<=$H68,"VÁLIDA","NO VÁLIDA") -> VÁLIDA | L68: 35971 | M68: =L68*$F68 -> 4100694 | N68: =IF(M68<=$H68,"VÁLIDA","NO VÁLIDA") -> VÁLIDA | O68: 36371 | P68: =O68*$F68 -> 4146294 | Q68: =IF(P68<=$H68,"VÁLIDA","NO VÁLIDA") -> VÁLIDA | R68: 35836 | S68: =R68*$F68 -> 4085304 | T68: =IF(S68<=$H68,"VÁLIDA","NO VÁLIDA") -> VÁLIDA | U68: 36371 | V68: =U68*$F68 -> 4146294 | W68: =IF(V68<=$H68,"VÁLIDA","NO VÁLIDA") -> VÁLIDA | X68: 35789 | Y68: =X68*$F68 -> 4079946 | Z68: =IF(Y68<=$H68,"VÁLIDA","NO VÁLIDA") -> VÁLIDA | AA68: 35971 | AB68: =AA68*$F68 -> 4100694 | AC68: =IF(AB68<=$H68,"VÁLIDA","NO VÁLIDA") -> VÁLIDA | AD68: 36371 | AE68: =AD68*$F68 -> 4146294 | AF68: =IF(AE68<=$H68,"VÁLIDA","NO VÁLIDA") -> VÁLIDA | AH68: =AG68*$F68 -> 0 | AI68: =IF(AH68<=$H68,"VÁLIDA","NO VÁLIDA") -> VÁLIDA | AJ68: 33825 | AK68: =AJ68*$F68 -> 3856050 | AL68: =IF(AK68<=$H68,"VÁLIDA","NO VÁLIDA") -> VÁLIDA | AM68: 36280 | AN68: =AM68*$F68 -> 4135920 | AO68: =IF(AN68<=$H68,"VÁLIDA","NO VÁLIDA") -> VÁLIDA | AP68: 36371 | AQ68: =AP68*$F68 -> 4146294 | AR68: =IF(AQ68<=$H68,"VÁLIDA","NO VÁLIDA") -> VÁLIDA | AS68: 35500 | AT68: =AS68*$F68 -> 4047000 | AU68: =IF(AT68<=$H68,"VÁLIDA","NO VÁLIDA") -> VÁLIDA | AV68: 48330 | AW68: =AV68*$F68 -> 5509620 | AX68: =IF(AW68<=$H68,"VÁLIDA","NO VÁLIDA") -> NO VÁLIDA | AY68: 36371 | AZ68: =AY68*$F68 -> 4146294 | BA68: =IF(AZ68<=$H68,"VÁLIDA","NO VÁLIDA") -> VÁLIDA | BB68: 34876.063 | BC68: =BB68*$F68 -> 3975871.1 | BD68: =IF(BC68<=$H68,"VÁLIDA","NO VÁLIDA") -> VÁLIDA | BE68: 35585 | BF68: =BE68*$F68 -> 4056690 | BG68: =IF(BF68<=$H68,"VÁLIDA","NO VÁLIDA") -> VÁLIDA | BH68: 36007.29 | BI68: =BH68*$F68 -> 4104831.1 | BJ68: =IF(BI68<=$H68,"VÁLIDA","NO VÁLIDA") -> VÁLIDA | BK68: 36080 | BL68: =BK68*$F68 -> 4113120 | BM68: =IF(BL68<=$H68,"VÁLIDA","NO VÁLIDA") -> VÁLIDA | BN68: 35721 | BO68: =BN68*$F68 -> 4072194 | BP68: =IF(BO68<=$H68,"VÁLIDA","NO VÁLIDA") -> VÁLIDA
B69: 3227 | C69: =C68+0.01 -> 3.04 | D69: =VLOOKUP(B69,[2]ITEMS!$B$4:$E$2466,2,FALSE) -> TUBERIA PVC D=6" TIPO U.M. RDE 21 (Suministro e Instalación) | E69: =VLOOKUP(B69,[2]ITEMS!$B$4:$E$2466,3,FALSE) -> M | F69: 11 | G69: =VLOOKUP(B69,[2]ITEMS!$B$4:$E$2466,4,FALSE) -> 76218 | H69: =F69*G69 -> 838398 | I69: 75030 | J69: =I69*$F69 -> 825330 | K69: =IF(J69<=$H69,"VÁLIDA","NO VÁLIDA") -> VÁLIDA | L69: 75380 | M69: =L69*$F69 -> 829180 | N69: =IF(M69<=$H69,"VÁLIDA","NO VÁLIDA") -> VÁLIDA | O69: 76218 | P69: =O69*$F69 -> 838398 | Q69: =IF(P69<=$H69,"VÁLIDA","NO VÁLIDA") -> VÁLIDA | R69: 75098 | S69: =R69*$F69 -> 826078 | T69: =IF(S69<=$H69,"VÁLIDA","NO VÁLIDA") -> VÁLIDA | U69: 76218 | V69: =U69*$F69 -> 838398 | W69: =IF(V69<=$H69,"VÁLIDA","NO VÁLIDA") -> VÁLIDA | X69: 74998 | Y69: =X69*$F69 -> 824978 | Z69: =IF(Y69<=$H69,"VÁLIDA","NO VÁLIDA") -> VÁLIDA | AA69: 75380 | AB69: =AA69*$F69 -> 829180 | AC69: =IF(AB69<=$H69,"VÁLIDA","NO VÁLIDA") -> VÁLIDA | AD69: 76218 | AE69: =AD69*$F69 -> 838398 | AF69: =IF(AE69<=$H69,"VÁLIDA","NO VÁLIDA") -> VÁLIDA | AH69: =AG69*$F69 -> 0 | AI69: =IF(AH69<=$H69,"VÁLIDA","NO VÁLIDA") -> VÁLIDA | AJ69: 70883 | AK69: =AJ69*$F69 -> 779713 | AL69: =IF(AK69<=$H69,"VÁLIDA","NO VÁLIDA") -> VÁLIDA | AM69: 76027 | AN69: =AM69*$F69 -> 836297 | AO69: =IF(AN69<=$H69,"VÁLIDA","NO VÁLIDA") -> VÁLIDA | AP69: 76218 | AQ69: =AP69*$F69 -> 838398 | AR69: =IF(AQ69<=$H69,"VÁLIDA","NO VÁLIDA") -> VÁLIDA | AS69: 74500 | AT69: =AS69*$F69 -> 819500 | AU69: =IF(AT69<=$H69,"VÁLIDA","NO VÁLIDA") -> VÁLIDA | AV69: 101278.35 | AW69: =AV69*$F69 -> 1114061.9 | AX69: =IF(AW69<=$H69,"VÁLIDA","NO VÁLIDA") -> NO VÁLIDA | AY69: 76218 | AZ69: =AY69*$F69 -> 838398 | BA69: =IF(AZ69<=$H69,"VÁLIDA","NO VÁLIDA") -> VÁLIDA | BB69: 73085.253 | BC69: =BB69*$F69 -> 803937.78 | BD69: =IF(BC69<=$H69,"VÁLIDA","NO VÁLIDA") -> VÁLIDA | BE69: 74572 | BF69: =BE69*$F69 -> 820292 | BG69: =IF(BF69<=$H69,"VÁLIDA","NO VÁLIDA") -> VÁLIDA | BH69: 75455.82 | BI69: =BH69*$F69 -> 830014.02 | BJ69: =IF(BI69<=$H69,"VÁLIDA","NO VÁLIDA") -> VÁLIDA | BK69: 75608 | BL69: =BK69*$F69 -> 831688 | BM69: =IF(BL69<=$H69,"VÁLIDA","NO VÁLIDA") -> VÁLIDA | BN69: 74856 | BO69: =BN69*$F69 -> 823416 | BP69: =IF(BO69<=$H69,"VÁLIDA","NO VÁLIDA") -> VÁLIDA
B70: 3238 | C70: =C69+0.01 -> 3.05 | D70: =VLOOKUP(B70,[2]ITEMS!$B$4:$E$2466,2,FALSE) -> TUBERIA PVC D=12" TIPO U.M. RDE 26 (Suministro e Instalación) | E70: =VLOOKUP(B70,[2]ITEMS!$B$4:$E$2466,3,FALSE) -> M | F70: 11 | G70: =VLOOKUP(B70,[2]ITEMS!$B$4:$E$2466,4,FALSE) -> 221692 | H70: =F70*G70 -> 2438612 | I70: 218238 | J70: =I70*$F70 -> 2400618 | K70: =IF(J70<=$H70,"VÁLIDA","NO VÁLIDA") -> VÁLIDA | L70: 219253 | M70: =L70*$F70 -> 2411783 | N70: =IF(M70<=$H70,"VÁLIDA","NO VÁLIDA") -> VÁLIDA | O70: 221692 | P70: =O70*$F70 -> 2438612 | Q70: =IF(P70<=$H70,"VÁLIDA","NO VÁLIDA") -> VÁLIDA | R70: 218433 | S70: =R70*$F70 -> 2402763 | T70: =IF(S70<=$H70,"VÁLIDA","NO VÁLIDA") -> VÁLIDA | U70: 221692 | V70: =U70*$F70 -> 2438612 | W70: =IF(V70<=$H70,"VÁLIDA","NO VÁLIDA") -> VÁLIDA | X70: 218144 | Y70: =X70*$F70 -> 2399584 | Z70: =IF(Y70<=$H70,"VÁLIDA","NO VÁLIDA") -> VÁLIDA | AA70: 219253 | AB70: =AA70*$F70 -> 2411783 | AC70: =IF(AB70<=$H70,"VÁLIDA","NO VÁLIDA") -> VÁLIDA | AD70: 221692 | AE70: =AD70*$F70 -> 2438612 | AF70: =IF(AE70<=$H70,"VÁLIDA","NO VÁLIDA") -> VÁLIDA | AH70: =AG70*$F70 -> 0 | AI70: =IF(AH70<=$H70,"VÁLIDA","NO VÁLIDA") -> VÁLIDA | AJ70: 206174 | AK70: =AJ70*$F70 -> 2267914 | AL70: =IF(AK70<=$H70,"VÁLIDA","NO VÁLIDA") -> VÁLIDA | AM70: 221138 | AN70: =AM70*$F70 -> 2432518 | AO70: =IF(AN70<=$H70,"VÁLIDA","NO VÁLIDA") -> VÁLIDA | AP70: 221692 | AQ70: =AP70*$F70 -> 2438612 | AR70: =IF(AQ70<=$H70,"VÁLIDA","NO VÁLIDA") -> VÁLIDA | AS70: 216900 | AT70: =AS70*$F70 -> 2385900 | AU70: =IF(AT70<=$H70,"VÁLIDA","NO VÁLIDA") -> VÁLIDA | AV70: 294584.85 | AW70: =AV70*$F70 -> 3240433.3 | AX70: =IF(AW70<=$H70,"VÁLIDA","NO VÁLIDA") -> NO VÁLIDA | AY70: 221692 | AZ70: =AY70*$F70 -> 2438612 | BA70: =IF(AZ70<=$H70,"VÁLIDA","NO VÁLIDA") -> VÁLIDA | BB70: 212579.91 | BC70: =BB70*$F70 -> 2338379.1 | BD70: =IF(BC70<=$H70,"VÁLIDA","NO VÁLIDA") -> VÁLIDA | BE70: 216903 | BF70: =BE70*$F70 -> 2385933 | BG70: =IF(BF70<=$H70,"VÁLIDA","NO VÁLIDA") -> VÁLIDA | BH70: 219475.08 | BI70: =BH70*$F70 -> 2414225.9 | BJ70: =IF(BI70<=$H70,"VÁLIDA","NO VÁLIDA") -> VÁLIDA | BK70: 219918 | BL70: =BK70*$F70 -> 2419098 | BM70: =IF(BL70<=$H70,"VÁLIDA","NO VÁLIDA") -> VÁLIDA | BN70: 217732 | BO70: =BN70*$F70 -> 2395052 | BP70: =IF(BO70<=$H70,"VÁLIDA","NO VÁLIDA") -> VÁLIDA
B71: 3602 | C71: =C70+0.01 -> 3.06 | D71: =VLOOKUP(B71,[2]ITEMS!$B$4:$E$2466,2,FALSE) -> UNION PVC TIPO U.M. D= 4" (Suministro e Instalación) | E71: =VLOOKUP(B71,[2]ITEMS!$B$4:$E$2466,3,FALSE) -> UN | F71: 16 | G71: =VLOOKUP(B71,[2]ITEMS!$B$4:$E$2466,4,FALSE) -> 52236 | H71: =F71*G71 -> 835776 | I71: 51422 | J71: =I71*$F71 -> 822752 | K71: =IF(J71<=$H71,"VÁLIDA","NO VÁLIDA") -> VÁLIDA | L71: 51661 | M71: =L71*$F71 -> 826576 | N71: =IF(M71<=$H71,"VÁLIDA","NO VÁLIDA") -> VÁLIDA | O71: 52236 | P71: =O71*$F71 -> 835776 | Q71: =IF(P71<=$H71,"VÁLIDA","NO VÁLIDA") -> VÁLIDA | R71: 51468 | S71: =R71*$F71 -> 823488 | T71: =IF(S71<=$H71,"VÁLIDA","NO VÁLIDA") -> VÁLIDA | U71: 52236 | V71: =U71*$F71 -> 835776 | W71: =IF(V71<=$H71,"VÁLIDA","NO VÁLIDA") -> VÁLIDA | X71: 51400 | Y71: =X71*$F71 -> 822400 | Z71: =IF(Y71<=$H71,"VÁLIDA","NO VÁLIDA") -> VÁLIDA | AA71: 51661 | AB71: =AA71*$F71 -> 826576 | AC71: =IF(AB71<=$H71,"VÁLIDA","NO VÁLIDA") -> VÁLIDA | AD71: 52236 | AE71: =AD71*$F71 -> 835776 | AF71: =IF(AE71<=$H71,"VÁLIDA","NO VÁLIDA") -> VÁLIDA | AH71: =AG71*$F71 -> 0 | AI71: =IF(AH71<=$H71,"VÁLIDA","NO VÁLIDA") -> VÁLIDA | AJ71: 48579 | AK71: =AJ71*$F71 -> 777264 | AL71: =IF(AK71<=$H71,"VÁLIDA","NO VÁLIDA") -> VÁLIDA | AM71: 52105 | AN71: =AM71*$F71 -> 833680 | AO71: =IF(AN71<=$H71,"VÁLIDA","NO VÁLIDA") -> VÁLIDA | AP71: 52236 | AQ71: =AP71*$F71 -> 835776 | AR71: =IF(AQ71<=$H71,"VÁLIDA","NO VÁLIDA") -> VÁLIDA | AS71: 51100 | AT71: =AS71*$F71 -> 817600 | AU71: =IF(AT71<=$H71,"VÁLIDA","NO VÁLIDA") -> VÁLIDA | AV71: 69411.6 | AW71: =AV71*$F71 -> 1110585.6 | AX71: =IF(AW71<=$H71,"VÁLIDA","NO VÁLIDA") -> NO VÁLIDA | AY71: 52236 | AZ71: =AY71*$F71 -> 835776 | BA71: =IF(AZ71<=$H71,"VÁLIDA","NO VÁLIDA") -> VÁLIDA | BB71: 50088.972 | BC71: =BB71*$F71 -> 801423.56 | BD71: =IF(BC71<=$H71,"VÁLIDA","NO VÁLIDA") -> VÁLIDA | BE71: 51108 | BF71: =BE71*$F71 -> 817728 | BG71: =IF(BF71<=$H71,"VÁLIDA","NO VÁLIDA") -> VÁLIDA | BH71: 51713.64 | BI71: =BH71*$F71 -> 827418.24 | BJ71: =IF(BI71<=$H71,"VÁLIDA","NO VÁLIDA") -> VÁLIDA | BK71: 51818 | BL71: =BK71*$F71 -> 829088 | BM71: =IF(BL71<=$H71,"VÁLIDA","NO VÁLIDA") -> VÁLIDA | BN71: 51303 | BO71: =BN71*$F71 -> 820848 | BP71: =IF(BO71<=$H71,"VÁLIDA","NO VÁLIDA") -> VÁLIDA
B72: 3603 | C72: =C71+0.01 -> 3.07 | D72: =VLOOKUP(B72,[2]ITEMS!$B$4:$E$2466,2,FALSE) -> UNION PVC TIPO U.M. D= 6" (Suministro e Instalación) | E72: =VLOOKUP(B72,[2]ITEMS!$B$4:$E$2466,3,FALSE) -> UN | F72: 4 | G72: =VLOOKUP(B72,[2]ITEMS!$B$4:$E$2466,4,FALSE) -> 117648 | H72: =F72*G72 -> 470592 | I72: 115815 | J72: =I72*$F72 -> 463260 | K72: =IF(J72<=$H72,"VÁLIDA","NO VÁLIDA") -> VÁLIDA | L72: 116354 | M72: =L72*$F72 -> 465416 | N72: =IF(M72<=$H72,"VÁLIDA","NO VÁLIDA") -> VÁLIDA | O72: 117648 | P72: =O72*$F72 -> 470592 | Q72: =IF(P72<=$H72,"VÁLIDA","NO VÁLIDA") -> VÁLIDA | R72: 115919 | S72: =R72*$F72 -> 463676 | T72: =IF(S72<=$H72,"VÁLIDA","NO VÁLIDA") -> VÁLIDA | U72: 117648 | V72: =U72*$F72 -> 470592 | W72: =IF(V72<=$H72,"VÁLIDA","NO VÁLIDA") -> VÁLIDA | X72: 115765 | Y72: =X72*$F72 -> 463060 | Z72: =IF(Y72<=$H72,"VÁLIDA","NO VÁLIDA") -> VÁLIDA | AA72: 116354 | AB72: =AA72*$F72 -> 465416 | AC72: =IF(AB72<=$H72,"VÁLIDA","NO VÁLIDA") -> VÁLIDA | AD72: 117648 | AE72: =AD72*$F72 -> 470592 | AF72: =IF(AE72<=$H72,"VÁLIDA","NO VÁLIDA") -> VÁLIDA | AH72: =AG72*$F72 -> 0 | AI72: =IF(AH72<=$H72,"VÁLIDA","NO VÁLIDA") -> VÁLIDA | AJ72: 109413 | AK72: =AJ72*$F72 -> 437652 | AL72: =IF(AK72<=$H72,"VÁLIDA","NO VÁLIDA") -> VÁLIDA | AM72: 117354 | AN72: =AM72*$F72 -> 469416 | AO72: =IF(AN72<=$H72,"VÁLIDA","NO VÁLIDA") -> VÁLIDA | AP72: 117648 | AQ72: =AP72*$F72 -> 470592 | AR72: =IF(AQ72<=$H72,"VÁLIDA","NO VÁLIDA") -> VÁLIDA | AS72: 115100 | AT72: =AS72*$F72 -> 460400 | AU72: =IF(AT72<=$H72,"VÁLIDA","NO VÁLIDA") -> VÁLIDA | AV72: 156331.35 | AW72: =AV72*$F72 -> 625325.4 | AX72: =IF(AW72<=$H72,"VÁLIDA","NO VÁLIDA") -> NO VÁLIDA | AY72: 117648 | AZ72: =AY72*$F72 -> 470592 | BA72: =IF(AZ72<=$H72,"VÁLIDA","NO VÁLIDA") -> VÁLIDA | BB72: 112812.38 | BC72: =BB72*$F72 -> 451249.51 | BD72: =IF(BC72<=$H72,"VÁLIDA","NO VÁLIDA") -> VÁLIDA | BE72: 115107 | BF72: =BE72*$F72 -> 460428 | BG72: =IF(BF72<=$H72,"VÁLIDA","NO VÁLIDA") -> VÁLIDA | BH72: 116471.52 | BI72: =BH72*$F72 -> 465886.08 | BJ72: =IF(BI72<=$H72,"VÁLIDA","NO VÁLIDA") -> VÁLIDA | BK72: 116707 | BL72: =BK72*$F72 -> 466828 | BM72: =IF(BL72<=$H72,"VÁLIDA","NO VÁLIDA") -> VÁLIDA | BN72: 115546 | BO72: =BN72*$F72 -> 462184 | BP72: =IF(BO72<=$H72,"VÁLIDA","NO VÁLIDA") -> VÁLIDA
B73: 3604 | C73: =C72+0.01 -> 3.08 | D73: =VLOOKUP(B73,[2]ITEMS!$B$4:$E$2466,2,FALSE) -> UNION PVC TIPO U.M. D= 8" (Suministro e Instalación) | E73: =VLOOKUP(B73,[2]ITEMS!$B$4:$E$2466,3,FALSE) -> UN | F73: 5 | G73: =VLOOKUP(B73,[2]ITEMS!$B$4:$E$2466,4,FALSE) -> 214081 | H73: =F73*G73 -> 1070405 | I73: 210745 | J73: =I73*$F73 -> 1053725 | K73: =IF(J73<=$H73,"VÁLIDA","NO VÁLIDA") -> VÁLIDA | L73: 211726 | M73: =L73*$F73 -> 1058630 | N73: =IF(M73<=$H73,"VÁLIDA","NO VÁLIDA") -> VÁLIDA | O73: 214081 | P73: =O73*$F73 -> 1070405 | Q73: =IF(P73<=$H73,"VÁLIDA","NO VÁLIDA") -> VÁLIDA | R73: 210934 | S73: =R73*$F73 -> 1054670 | T73: =IF(S73<=$H73,"VÁLIDA","NO VÁLIDA") -> VÁLIDA | U73: 214081 | V73: =U73*$F73 -> 1070405 | W73: =IF(V73<=$H73,"VÁLIDA","NO VÁLIDA") -> VÁLIDA | X73: 210655 | Y73: =X73*$F73 -> 1053275 | Z73: =IF(Y73<=$H73,"VÁLIDA","NO VÁLIDA") -> VÁLIDA | AA73: 211726 | AB73: =AA73*$F73 -> 1058630 | AC73: =IF(AB73<=$H73,"VÁLIDA","NO VÁLIDA") -> VÁLIDA | AD73: 214081 | AE73: =AD73*$F73 -> 1070405 | AF73: =IF(AE73<=$H73,"VÁLIDA","NO VÁLIDA") -> VÁLIDA | AH73: =AG73*$F73 -> 0 | AI73: =IF(AH73<=$H73,"VÁLIDA","NO VÁLIDA") -> VÁLIDA | AJ73: 199095 | AK73: =AJ73*$F73 -> 995475 | AL73: =IF(AK73<=$H73,"VÁLIDA","NO VÁLIDA") -> VÁLIDA | AM73: 213546 | AN73: =AM73*$F73 -> 1067730 | AO73: =IF(AN73<=$H73,"VÁLIDA","NO VÁLIDA") -> VÁLIDA | AP73: 214081 | AQ73: =AP73*$F73 -> 1070405 | AR73: =IF(AQ73<=$H73,"VÁLIDA","NO VÁLIDA") -> VÁLIDA | AS73: 209000 | AT73: =AS73*$F73 -> 1045000 | AU73: =IF(AT73<=$H73,"VÁLIDA","NO VÁLIDA") -> VÁLIDA | AV73: 284472 | AW73: =AV73*$F73 -> 1422360 | AX73: =IF(AW73<=$H73,"VÁLIDA","NO VÁLIDA") -> NO VÁLIDA | AY73: 214081 | AZ73: =AY73*$F73 -> 1070405 | BA73: =IF(AZ73<=$H73,"VÁLIDA","NO VÁLIDA") -> VÁLIDA | BB73: 205281.75 | BC73: =BB73*$F73 -> 1026408.7 | BD73: =IF(BC73<=$H73,"VÁLIDA","NO VÁLIDA") -> VÁLIDA | BE73: 209457 | BF73: =BE73*$F73 -> 1047285 | BG73: =IF(BF73<=$H73,"VÁLIDA","NO VÁLIDA") -> VÁLIDA | BH73: 211940.19 | BI73: =BH73*$F73 -> 1059700.9 | BJ73: =IF(BI73<=$H73,"VÁLIDA","NO VÁLIDA") -> VÁLIDA | BK73: 212368 | BL73: =BK73*$F73 -> 1061840 | BM73: =IF(BL73<=$H73,"VÁLIDA","NO VÁLIDA") -> VÁLIDA | BN73: 210257 | BO73: =BN73*$F73 -> 1051285 | BP73: =IF(BO73<=$H73,"VÁLIDA","NO VÁLIDA") -> VÁLIDA
D74: ACCESORIOS
D75: VALVULAS
B76: 4402 | C76: =C73+0.01 -> 3.09 | D76: =VLOOKUP(B76,[2]ITEMS!$B$4:$E$2466,2,FALSE) -> VALVULA COMPUERTA ELASTICA VASTAGO NO ASCENDENTE EXTREMO LISO D=4" (Suministro e Instalación) | E76: =VLOOKUP(B76,[2]ITEMS!$B$4:$E$2466,3,FALSE) -> UN | F76: 1 | G76: =VLOOKUP(B76,[2]ITEMS!$B$4:$E$2466,4,FALSE) -> 764764 | H76: =F76*G76 -> 764764 | I76: 752848 | J76: =I76*F76 -> 752848 | K76: =IF(J76<=$H76,"VÁLIDA","NO VÁLIDA") -> VÁLIDA | L76: 756352 | M76: =L76*$F76 -> 756352 | N76: =IF(M76<=$H76,"VÁLIDA","NO VÁLIDA") -> VÁLIDA | O76: 764764 | P76: =O76*$F76 -> 764764 | Q76: =IF(P76<=$H76,"VÁLIDA","NO VÁLIDA") -> VÁLIDA | R76: 753522 | S76: =R76*$F76 -> 753522 | T76: =IF(S76<=$H76,"VÁLIDA","NO VÁLIDA") -> VÁLIDA | U76: 764764 | V76: =U76*$F76 -> 764764 | W76: =IF(V76<=$H76,"VÁLIDA","NO VÁLIDA") -> VÁLIDA | X76: 752527 | Y76: =X76*$F76 -> 752527 | Z76: =IF(Y76<=$H76,"VÁLIDA","NO VÁLIDA") -> VÁLIDA | AA76: 756352 | AB76: =AA76*$F76 -> 756352 | AC76: =IF(AB76<=$H76,"VÁLIDA","NO VÁLIDA") -> VÁLIDA | AD76: 764764 | AE76: =AD76*$F76 -> 764764 | AF76: =IF(AE76<=$H76,"VÁLIDA","NO VÁLIDA") -> VÁLIDA | AH76: =AG76*$F76 -> 0 | AI76: =IF(AH76<=$H76,"VÁLIDA","NO VÁLIDA") -> VÁLIDA | AJ76: 711231 | AK76: =AJ76*$F76 -> 711231 | AL76: =IF(AK76<=$H76,"VÁLIDA","NO VÁLIDA") -> VÁLIDA | AM76: 762852 | AN76: =AM76*$F76 -> 762852 | AO76: =IF(AN76<=$H76,"VÁLIDA","NO VÁLIDA") -> VÁLIDA | AP76: 764764 | AQ76: =AP76*$F76 -> 764764 | AR76: =IF(AQ76<=$H76,"VÁLIDA","NO VÁLIDA") -> VÁLIDA | AS76: 728000 | AT76: =AS76*$F76 -> 728000 | AU76: =IF(AT76<=$H76,"VÁLIDA","NO VÁLIDA") -> VÁLIDA | AV76: 1016221.9 | AW76: =AV76*$F76 -> 1016221.9 | AX76: =IF(AW76<=$H76,"VÁLIDA","NO VÁLIDA") -> NO VÁLIDA | AY76: 764764 | AZ76: =AY76*$F76 -> 764764 | BA76: =IF(AZ76<=$H76,"VÁLIDA","NO VÁLIDA") -> VÁLIDA | BB76: 733330.32 | BC76: =BB76*$F76 -> 733330.32 | BD76: =IF(BC76<=$H76,"VÁLIDA","NO VÁLIDA") -> VÁLIDA | BE76: 748245 | BF76: =BE76*$F76 -> 748245 | BG76: =IF(BF76<=$H76,"VÁLIDA","NO VÁLIDA") -> VÁLIDA | BH76: 757116.36 | BI76: =BH76*$F76 -> 757116.36 | BJ76: =IF(BI76<=$H76,"VÁLIDA","NO VÁLIDA") -> VÁLIDA | BK76: 758646 | BL76: =BK76*$F76 -> 758646 | BM76: =IF(BL76<=$H76,"VÁLIDA","NO VÁLIDA") -> VÁLIDA | BN76: 751105 | BO76: =BN76*$F76 -> 751105 | BP76: =IF(BO76<=$H76,"VÁLIDA","NO VÁLIDA") -> VÁLIDA
D77: EMPATES
B78: 4843 | C78: =C76+0.01 -> 3.1 | D78: =VLOOKUP(B78,[2]ITEMS!$B$4:$E$2466,2,FALSE) -> EMPATES DE TUBERÍA EN PVC A AC 3" LINEAL SEGÚN NORMA NS-023. SUMINISTRO E INSTALACIÓN. (INCLUYE ACCESORIOS). | E78: =VLOOKUP(B78,[2]ITEMS!$B$4:$E$2466,3,FALSE) -> UN | F78: 4 | G78: =VLOOKUP(B78,[2]ITEMS!$B$4:$E$2466,4,FALSE) -> 181327 | H78: =F78*G78 -> 725308 | I78: 178502 | J78: =I78*F78 -> 714008 | K78: =IF(J78<=$H78,"VÁLIDA","NO VÁLIDA") -> VÁLIDA | L78: 179332 | M78: =L78*$F78 -> 717328 | N78: =IF(M78<=$H78,"VÁLIDA","NO VÁLIDA") -> VÁLIDA | O78: 181327 | P78: =O78*$F78 -> 725308 | Q78: =IF(P78<=$H78,"VÁLIDA","NO VÁLIDA") -> VÁLIDA | R78: 178661 | S78: =R78*$F78 -> 714644 | T78: =IF(S78<=$H78,"VÁLIDA","NO VÁLIDA") -> VÁLIDA | U78: 181327 | V78: =U78*$F78 -> 725308 | W78: =IF(V78<=$H78,"VÁLIDA","NO VÁLIDA") -> VÁLIDA | X78: 178425 | Y78: =X78*$F78 -> 713700 | Z78: =IF(Y78<=$H78,"VÁLIDA","NO VÁLIDA") -> VÁLIDA | AA78: 179332 | AB78: =AA78*$F78 -> 717328 | AC78: =IF(AB78<=$H78,"VÁLIDA","NO VÁLIDA") -> VÁLIDA | AD78: 181327 | AE78: =AD78*$F78 -> 725308 | AF78: =IF(AE78<=$H78,"VÁLIDA","NO VÁLIDA") -> VÁLIDA | AH78: =AG78*$F78 -> 0 | AI78: =IF(AH78<=$H78,"VÁLIDA","NO VÁLIDA") -> VÁLIDA | AJ78: 168634 | AK78: =AJ78*$F78 -> 674536 | AL78: =IF(AK78<=$H78,"VÁLIDA","NO VÁLIDA") -> VÁLIDA | AM78: 180874 | AN78: =AM78*$F78 -> 723496 | AO78: =IF(AN78<=$H78,"VÁLIDA","NO VÁLIDA") -> VÁLIDA | AP78: 181327 | AQ78: =AP78*$F78 -> 725308 | AR78: =IF(AQ78<=$H78,"VÁLIDA","NO VÁLIDA") -> VÁLIDA | AS78: 177400 | AT78: =AS78*$F78 -> 709600 | AU78: =IF(AT78<=$H78,"VÁLIDA","NO VÁLIDA") -> VÁLIDA | AV78: 240948 | AW78: =AV78*$F78 -> 963792 | AX78: =IF(AW78<=$H78,"VÁLIDA","NO VÁLIDA") -> NO VÁLIDA | AY78: 181327 | AZ78: =AY78*$F78 -> 725308 | BA78: =IF(AZ78<=$H78,"VÁLIDA","NO VÁLIDA") -> VÁLIDA | BB78: 173874.02 | BC78: =BB78*$F78 -> 695496.06 | BD78: =IF(BC78<=$H78,"VÁLIDA","NO VÁLIDA") -> VÁLIDA | BE78: 177410 | BF78: =BE78*$F78 -> 709640 | BG78: =IF(BF78<=$H78,"VÁLIDA","NO VÁLIDA") -> VÁLIDA | BH78: 179513.73 | BI78: =BH78*$F78 -> 718054.92 | BJ78: =IF(BI78<=$H78,"VÁLIDA","NO VÁLIDA") -> VÁLIDA | BK78: 179876 | BL78: =BK78*$F78 -> 719504 | BM78: =IF(BL78<=$H78,"VÁLIDA","NO VÁLIDA") -> VÁLIDA | BN78: 178088 | BO78: =BN78*$F78 -> 712352 | BP78: =IF(BO78<=$H78,"VÁLIDA","NO VÁLIDA") -> VÁLIDA
B79: 4845 | C79: =C78+0.01 -> 3.11 | D79: =VLOOKUP(B79,[2]ITEMS!$B$4:$E$2466,2,FALSE) -> EMPATES DE TUBERÍA EN PVC A PVC 8" LINEAL SEGÚN NORMA NS-023. SUMINISTRO E INSTALACIÓN. (INCLUYE ACCESORIOS). | E79: =VLOOKUP(B79,[2]ITEMS!$B$4:$E$2466,3,FALSE) -> UN | F79: 4 | G79: =VLOOKUP(B79,[2]ITEMS!$B$4:$E$2466,4,FALSE) -> 606462 | H79: =F79*G79 -> 2425848 | I79: 597012 | J79: =I79*F79 -> 2388048 | K79: =IF(J79<=$H79,"VÁLIDA","NO VÁLIDA") -> VÁLIDA | L79: 599791 | M79: =L79*$F79 -> 2399164 | N79: =IF(M79<=$H79,"VÁLIDA","NO VÁLIDA") -> VÁLIDA | O79: 606462 | P79: =O79*$F79 -> 2425848 | Q79: =IF(P79<=$H79,"VÁLIDA","NO VÁLIDA") -> VÁLIDA | R79: 597547 | S79: =R79*$F79 -> 2390188 | T79: =IF(S79<=$H79,"VÁLIDA","NO VÁLIDA") -> VÁLIDA | U79: 606462 | V79: =U79*$F79 -> 2425848 | W79: =IF(V79<=$H79,"VÁLIDA","NO VÁLIDA") -> VÁLIDA | X79: 596758 | Y79: =X79*$F79 -> 2387032 | Z79: =IF(Y79<=$H79,"VÁLIDA","NO VÁLIDA") -> VÁLIDA | AA79: 599791 | AB79: =AA79*$F79 -> 2399164 | AC79: =IF(AB79<=$H79,"VÁLIDA","NO VÁLIDA") -> VÁLIDA | AD79: 606462 | AE79: =AD79*$F79 -> 2425848 | AF79: =IF(AE79<=$H79,"VÁLIDA","NO VÁLIDA") -> VÁLIDA | AH79: =AG79*$F79 -> 0 | AI79: =IF(AH79<=$H79,"VÁLIDA","NO VÁLIDA") -> VÁLIDA | AJ79: 564010 | AK79: =AJ79*$F79 -> 2256040 | AL79: =IF(AK79<=$H79,"VÁLIDA","NO VÁLIDA") -> VÁLIDA | AM79: 604946 | AN79: =AM79*$F79 -> 2419784 | AO79: =IF(AN79<=$H79,"VÁLIDA","NO VÁLIDA") -> VÁLIDA | AP79: 606462 | AQ79: =AP79*$F79 -> 2425848 | AR79: =IF(AQ79<=$H79,"VÁLIDA","NO VÁLIDA") -> VÁLIDA | AS79: 593300 | AT79: =AS79*$F79 -> 2373200 | AU79: =IF(AT79<=$H79,"VÁLIDA","NO VÁLIDA") -> VÁLIDA | AV79: 805870.35 | AW79: =AV79*$F79 -> 3223481.4 | AX79: =IF(AW79<=$H79,"VÁLIDA","NO VÁLIDA") -> NO VÁLIDA | AY79: 606462 | AZ79: =AY79*$F79 -> 2425848 | BA79: =IF(AZ79<=$H79,"VÁLIDA","NO VÁLIDA") -> VÁLIDA | BB79: 581534.92 | BC79: =BB79*$F79 -> 2326139.7 | BD79: =IF(BC79<=$H79,"VÁLIDA","NO VÁLIDA") -> VÁLIDA | BE79: 593362 | BF79: =BE79*$F79 -> 2373448 | BG79: =IF(BF79<=$H79,"VÁLIDA","NO VÁLIDA") -> VÁLIDA | BH79: 600397.38 | BI79: =BH79*$F79 -> 2401589.5 | BJ79: =IF(BI79<=$H79,"VÁLIDA","NO VÁLIDA") -> VÁLIDA | BK79: 601610 | BL79: =BK79*$F79 -> 2406440 | BM79: =IF(BL79<=$H79,"VÁLIDA","NO VÁLIDA") -> VÁLIDA | BN79: 595630 | BO79: =BN79*$F79 -> 2382520 | BP79: =IF(BO79<=$H79,"VÁLIDA","NO VÁLIDA") -> VÁLIDA
D80: ACOMETIDAS DOMICILIARIAS
B81: 5186 | C81: =C79+0.01 -> 3.12 | D81: INSTALACION UNION PF+UAD PVC 1/2 | E81: =VLOOKUP(B81,[2]ITEMS!$B$4:$E$2466,3,FALSE) -> UN | F81: 22 | G81: 4489 | H81: =F81*G81 -> 98758 | I81: 4419 | J81: =I81*F81 -> 97218 | K81: =IF(J81<=$H81,"VÁLIDA","NO VÁLIDA") -> VÁLIDA | L81: 4440 | M81: =L81*$F81 -> 97680 | N81: =IF(M81<=$H81,"VÁLIDA","NO VÁLIDA") -> VÁLIDA | O81: 4489 | P81: =O81*$F81 -> 98758 | Q81: =IF(P81<=$H81,"VÁLIDA","NO VÁLIDA") -> VÁLIDA | R81: 4423 | S81: =R81*$F81 -> 97306 | T81: =IF(S81<=$H81,"VÁLIDA","NO VÁLIDA") -> VÁLIDA | U81: 4489 | V81: =U81*$F81 -> 98758 | W81: =IF(V81<=$H81,"VÁLIDA","NO VÁLIDA") -> VÁLIDA | X81: 4417 | Y81: =X81*$F81 -> 97174 | Z81: =IF(Y81<=$H81,"VÁLIDA","NO VÁLIDA") -> VÁLIDA | AA81: 4440 | AB81: =AA81*$F81 -> 97680 | AC81: =IF(AB81<=$H81,"VÁLIDA","NO VÁLIDA") -> VÁLIDA | AD81: 4489 | AE81: =AD81*$F81 -> 98758 | AF81: =IF(AE81<=$H81,"VÁLIDA","NO VÁLIDA") -> VÁLIDA | AH81: =AG81*$F81 -> 0 | AI81: =IF(AH81<=$H81,"VÁLIDA","NO VÁLIDA") -> VÁLIDA | AJ81: 4175 | AK81: =AJ81*$F81 -> 91850 | AL81: =IF(AK81<=$H81,"VÁLIDA","NO VÁLIDA") -> VÁLIDA | AM81: 4478 | AN81: =AM81*$F81 -> 98516 | AO81: =IF(AN81<=$H81,"VÁLIDA","NO VÁLIDA") -> VÁLIDA | AP81: 4489 | AQ81: =AP81*$F81 -> 98758 | AR81: =IF(AQ81<=$H81,"VÁLIDA","NO VÁLIDA") -> VÁLIDA | AS81: 4300 | AT81: =AS81*$F81 -> 94600 | AU81: =IF(AT81<=$H81,"VÁLIDA","NO VÁLIDA") -> VÁLIDA | AV81: 5965.65 | AW81: =AV81*$F81 -> 131244.3 | AX81: =IF(AW81<=$H81,"VÁLIDA","NO VÁLIDA") -> NO VÁLIDA | AY81: 4489 | AZ81: =AY81*$F81 -> 98758 | BA81: =IF(AZ81<=$H81,"VÁLIDA","NO VÁLIDA") -> VÁLIDA | BB81: 4304.4911 | BC81: =BB81*$F81 -> 94698.804 | BD81: =IF(BC81<=$H81,"VÁLIDA","NO VÁLIDA") -> VÁLIDA | BE81: 4392 | BF81: =BE81*$F81 -> 96624 | BG81: =IF(BF81<=$H81,"VÁLIDA","NO VÁLIDA") -> VÁLIDA | BH81: 4444.11 | BI81: =BH81*$F81 -> 97770.42 | BJ81: =IF(BI81<=$H81,"VÁLIDA","NO VÁLIDA") -> VÁLIDA | BK81: 4453 | BL81: =BK81*$F81 -> 97966 | BM81: =IF(BL81<=$H81,"VÁLIDA","NO VÁLIDA") -> VÁLIDA | BN81: 4408 | BO81: =BN81*$F81 -> 96976 | BP81: =IF(BO81<=$H81,"VÁLIDA","NO VÁLIDA") -> VÁLIDA
D82: DADOS , ANCLAJES Y SUMIDEROS
B83: 3910 | C83: =C81+0.01 -> 3.13 | D83: =VLOOKUP(B83,[2]ITEMS!$B$4:$E$2466,2,FALSE) -> CONCRETO 4000 PSI IMPERMEABILIZADO (Hecho en Obra) | E83: =VLOOKUP(B83,[2]ITEMS!$B$4:$E$2466,3,FALSE) -> M3 | F83: 1 | G83: =VLOOKUP(B83,[2]ITEMS!$B$4:$E$2466,4,FALSE) -> 393709 | H83: =F83*G83 -> 393709 | I83: 387574 | J83: =I83*F83 -> 387574 | K83: =IF(J83<=$H83,"VÁLIDA","NO VÁLIDA") -> VÁLIDA | L83: 389378 | M83: =L83*$F83 -> 389378 | N83: =IF(M83<=$H83,"VÁLIDA","NO VÁLIDA") -> VÁLIDA | O83: 393709 | P83: =O83*$F83 -> 393709 | Q83: =IF(P83<=$H83,"VÁLIDA","NO VÁLIDA") -> VÁLIDA | R83: 387921 | S83: =R83*$F83 -> 387921 | T83: =IF(S83<=$H83,"VÁLIDA","NO VÁLIDA") -> VÁLIDA | U83: 393709 | V83: =U83*$F83 -> 393709 | W83: =IF(V83<=$H83,"VÁLIDA","NO VÁLIDA") -> VÁLIDA | X83: 387409 | Y83: =X83*$F83 -> 387409 | Z83: =IF(Y83<=$H83,"VÁLIDA","NO VÁLIDA") -> VÁLIDA | AA83: 389378 | AB83: =AA83*$F83 -> 389378 | AC83: =IF(AB83<=$H83,"VÁLIDA","NO VÁLIDA") -> VÁLIDA | AD83: 393709 | AE83: =AD83*$F83 -> 393709 | AF83: =IF(AE83<=$H83,"VÁLIDA","NO VÁLIDA") -> VÁLIDA | AH83: =AG83*$F83 -> 0 | AI83: =IF(AH83<=$H83,"VÁLIDA","NO VÁLIDA") -> VÁLIDA | AJ83: 366149 | AK83: =AJ83*$F83 -> 366149 | AL83: =IF(AK83<=$H83,"VÁLIDA","NO VÁLIDA") -> VÁLIDA | AM83: 392725 | AN83: =AM83*$F83 -> 392725 | AO83: =IF(AN83<=$H83,"VÁLIDA","NO VÁLIDA") -> VÁLIDA | AP83: 393709 | AQ83: =AP83*$F83 -> 393709 | AR83: =IF(AQ83<=$H83,"VÁLIDA","NO VÁLIDA") -> VÁLIDA | AS83: 385000 | AT83: =AS83*$F83 -> 385000 | AU83: =IF(AT83<=$H83,"VÁLIDA","NO VÁLIDA") -> VÁLIDA | AV83: 523162.8 | AW83: =AV83*$F83 -> 523162.8 | AX83: =IF(AW83<=$H83,"VÁLIDA","NO VÁLIDA") -> NO VÁLIDA | AY83: 393709 | AZ83: =AY83*$F83 -> 393709 | BA83: =IF(AZ83<=$H83,"VÁLIDA","NO VÁLIDA") -> VÁLIDA | BB83: 377526.59 | BC83: =BB83*$F83 -> 377526.59 | BD83: =IF(BC83<=$H83,"VÁLIDA","NO VÁLIDA") -> VÁLIDA | BE83: 385205 | BF83: =BE83*$F83 -> 385205 | BG83: =IF(BF83<=$H83,"VÁLIDA","NO VÁLIDA") -> VÁLIDA | BH83: 389771.91 | BI83: =BH83*$F83 -> 389771.91 | BJ83: =IF(BI83<=$H83,"VÁLIDA","NO VÁLIDA") -> VÁLIDA | BK83: 390559 | BL83: =BK83*$F83 -> 390559 | BM83: =IF(BL83<=$H83,"VÁLIDA","NO VÁLIDA") -> VÁLIDA | BN83: 386677 | BO83: =BN83*$F83 -> 386677 | BP83: =IF(BO83<=$H83,"VÁLIDA","NO VÁLIDA") -> VÁLIDA
B84: 3604 | C84: =C83+0.01 -> 3.14 | D84: =VLOOKUP(B84,[2]ITEMS!$B$4:$E$2466,2,FALSE) -> UNION PVC TIPO U.M. D= 8" (Suministro e Instalación) | E84: =VLOOKUP(B84,[2]ITEMS!$B$4:$E$2466,3,FALSE) -> UN | F84: 5 | G84: =VLOOKUP(B84,[2]ITEMS!$B$4:$E$2466,4,FALSE) -> 214081 | H84: =F84*G84 -> 1070405 | I84: 210745 | J84: =I84*F84 -> 1053725 | K84: =IF(J84<=$H84,"VÁLIDA","NO VÁLIDA") -> VÁLIDA | L84: 211726 | M84: =L84*$F84 -> 1058630 | N84: =IF(M84<=$H84,"VÁLIDA","NO VÁLIDA") -> VÁLIDA | O84: 214081 | P84: =O84*$F84 -> 1070405 | Q84: =IF(P84<=$H84,"VÁLIDA","NO VÁLIDA") -> VÁLIDA | R84: 210934 | S84: =R84*$F84 -> 1054670 | T84: =IF(S84<=$H84,"VÁLIDA","NO VÁLIDA") -> VÁLIDA | U84: 214081 | V84: =U84*$F84 -> 1070405 | W84: =IF(V84<=$H84,"VÁLIDA","NO VÁLIDA") -> VÁLIDA | X84: 210655 | Y84: =X84*$F84 -> 1053275 | Z84: =IF(Y84<=$H84,"VÁLIDA","NO VÁLIDA") -> VÁLIDA | AA84: 211726 | AB84: =AA84*$F84 -> 1058630 | AC84: =IF(AB84<=$H84,"VÁLIDA","NO VÁLIDA") -> VÁLIDA | AD84: 214081 | AE84: =AD84*$F84 -> 1070405 | AF84: =IF(AE84<=$H84,"VÁLIDA","NO VÁLIDA") -> VÁLIDA | AH84: =AG84*$F84 -> 0 | AI84: =IF(AH84<=$H84,"VÁLIDA","NO VÁLIDA") -> VÁLIDA | AJ84: 199095 | AK84: =AJ84*$F84 -> 995475 | AL84: =IF(AK84<=$H84,"VÁLIDA","NO VÁLIDA") -> VÁLIDA | AM84: 213546 | AN84: =AM84*$F84 -> 1067730 | AO84: =IF(AN84<=$H84,"VÁLIDA","NO VÁLIDA") -> VÁLIDA | AP84: 214081 | AQ84: =AP84*$F84 -> 1070405 | AR84: =IF(AQ84<=$H84,"VÁLIDA","NO VÁLIDA") -> VÁLIDA | AS84: 209400 | AT84: =AS84*$F84 -> 1047000 | AU84: =IF(AT84<=$H84,"VÁLIDA","NO VÁLIDA") -> VÁLIDA | AV84: 284472 | AW84: =AV84*$F84 -> 1422360 | AX84: =IF(AW84<=$H84,"VÁLIDA","NO VÁLIDA") -> NO VÁLIDA | AY84: 214081 | AZ84: =AY84*$F84 -> 1070405 | BA84: =IF(AZ84<=$H84,"VÁLIDA","NO VÁLIDA") -> VÁLIDA | BB84: 205281.75 | BC84: =BB84*$F84 -> 1026408.7 | BD84: =IF(BC84<=$H84,"VÁLIDA","NO VÁLIDA") -> VÁLIDA | BE84: 209457 | BF84: =BE84*$F84 -> 1047285 | BG84: =IF(BF84<=$H84,"VÁLIDA","NO VÁLIDA") -> VÁLIDA | BH84: 211940.19 | BI84: =BH84*$F84 -> 1059700.9 | BJ84: =IF(BI84<=$H84,"VÁLIDA","NO VÁLIDA") -> VÁLIDA | BK84: 212368 | BL84: =BK84*$F84 -> 1061840 | BM84: =IF(BL84<=$H84,"VÁLIDA","NO VÁLIDA") -> VÁLIDA | BN84: 210257 | BO84: =BN84*$F84 -> 1051285 | BP84: =IF(BO84<=$H84,"VÁLIDA","NO VÁLIDA") -> VÁLIDA
B85: 3898 | C85: =C83+0.01 -> 3.14 | D85: =VLOOKUP(B85,[2]ITEMS!$B$4:$E$2466,2,FALSE) -> SUMIDERO LATERAL SL-200, H=0.85m (Prefabricado. Incluye Suministro e Instalación. Incluye Sobretapa y Tapa) | E85: =VLOOKUP(B85,[2]ITEMS!$B$4:$E$2466,3,FALSE) -> UN | F85: 4 | G85: =VLOOKUP(B85,[2]ITEMS!$B$4:$E$2466,4,FALSE) -> 2804330 | H85: =F85*G85 -> 11217320 | I85: 2760634 | J85: =I85*F85 -> 11042536 | K85: =IF(J85<=$H85,"VÁLIDA","NO VÁLIDA") -> VÁLIDA | L85: 2773482 | M85: =L85*$F85 -> 11093928 | N85: =IF(M85<=$H85,"VÁLIDA","NO VÁLIDA") -> VÁLIDA | O85: 2804330 | P85: =O85*$F85 -> 11217320 | Q85: =IF(P85<=$H85,"VÁLIDA","NO VÁLIDA") -> VÁLIDA | R85: 2763106 | S85: =R85*$F85 -> 11052424 | T85: =IF(S85<=$H85,"VÁLIDA","NO VÁLIDA") -> VÁLIDA | U85: 2804330 | V85: =U85*$F85 -> 11217320 | W85: =IF(V85<=$H85,"VÁLIDA","NO VÁLIDA") -> VÁLIDA | X85: 2759460 | Y85: =X85*$F85 -> 11037840 | Z85: =IF(Y85<=$H85,"VÁLIDA","NO VÁLIDA") -> VÁLIDA | AA85: 2773482 | AB85: =AA85*$F85 -> 11093928 | AC85: =IF(AB85<=$H85,"VÁLIDA","NO VÁLIDA") -> VÁLIDA | AD85: 2804330 | AE85: =AD85*$F85 -> 11217320 | AF85: =IF(AE85<=$H85,"VÁLIDA","NO VÁLIDA") -> VÁLIDA | AH85: =AG85*$F85 -> 0 | AI85: =IF(AH85<=$H85,"VÁLIDA","NO VÁLIDA") -> VÁLIDA | AJ85: 2608027 | AK85: =AJ85*$F85 -> 10432108 | AL85: =IF(AK85<=$H85,"VÁLIDA","NO VÁLIDA") -> VÁLIDA | AM85: 2797319 | AN85: =AM85*$F85 -> 11189276 | AO85: =IF(AN85<=$H85,"VÁLIDA","NO VÁLIDA") -> VÁLIDA | AP85: 2804330 | AQ85: =AP85*$F85 -> 11217320 | AR85: =IF(AQ85<=$H85,"VÁLIDA","NO VÁLIDA") -> VÁLIDA | AS85: 2743000 | AT85: =AS85*$F85 -> 10972000 | AU85: =IF(AT85<=$H85,"VÁLIDA","NO VÁLIDA") -> VÁLIDA | AV85: 3726408.7 | AW85: =AV85*$F85 -> 14905635 | AX85: =IF(AW85<=$H85,"VÁLIDA","NO VÁLIDA") -> NO VÁLIDA | AY85: 2804330 | AZ85: =AY85*$F85 -> 11217320 | BA85: =IF(AZ85<=$H85,"VÁLIDA","NO VÁLIDA") -> VÁLIDA | BB85: 2689065.2 | BC85: =BB85*$F85 -> 10756261 | BD85: =IF(BC85<=$H85,"VÁLIDA","NO VÁLIDA") -> VÁLIDA | BE85: 2743756 | BF85: =BE85*$F85 -> 10975024 | BG85: =IF(BF85<=$H85,"VÁLIDA","NO VÁLIDA") -> VÁLIDA | BH85: 2776286.7 | BI85: =BH85*$F85 -> 11105147 | BJ85: =IF(BI85<=$H85,"VÁLIDA","NO VÁLIDA") -> VÁLIDA | BK85: 2781895 | BL85: =BK85*$F85 -> 11127580 | BM85: =IF(BL85<=$H85,"VÁLIDA","NO VÁLIDA") -> VÁLIDA | BN85: 2754244 | BO85: =BN85*$F85 -> 11016976 | BP85: =IF(BO85<=$H85,"VÁLIDA","NO VÁLIDA") -> VÁLIDA
C86: =C65+1 -> 4 | D86: REDES DE ALCANTARILLADO | H86: =SUM(H87:H113) -> 1.7765853e+08 | J86: =SUM(J87:J113) -> 174890295 | K86: =IF(J86<=$H86,"VÁLIDA","NO VÁLIDA") -> VÁLIDA | M86: =SUM(M87:M113) -> 175704315 | N86: =IF(M86<=$H86,"VÁLIDA","NO VÁLIDA") -> VÁLIDA | P86: =SUM(P87:P113) -> 177658519 | Q86: =IF(P86<=$H86,"VÁLIDA","NO VÁLIDA") -> VÁLIDA | S86: =SUM(S87:S113) -> 175046869 | T86: =IF(S86<=$H86,"VÁLIDA","NO VÁLIDA") -> VÁLIDA | V86: =SUM(V87:V113) -> 1.7765853e+08 | W86: =IF(V86<=$H86,"VÁLIDA","NO VÁLIDA") -> VÁLIDA | Y86: =SUM(Y87:Y113) -> 174815775 | Z86: =IF(Y86<=$H86,"VÁLIDA","NO VÁLIDA") -> VÁLIDA | AB86: =SUM(AB87:AB113) -> 175704315 | AC86: =IF(AB86<=$H86,"VÁLIDA","NO VÁLIDA") -> VÁLIDA | AE86: =SUM(AE87:AE113) -> 1.7420136e+08 | AF86: =IF(AE86<=$H86,"VÁLIDA","NO VÁLIDA") -> VÁLIDA | AH86: =SUM(AH87:AH113) -> 0 | AI86: =IF(AH86<=$H86,"VÁLIDA","NO VÁLIDA") -> VÁLIDA | AK86: =SUM(AK87:AK113) -> 165222414 | AL86: =IF(AK86<=$H86,"VÁLIDA","NO VÁLIDA") -> VÁLIDA | AN86: =SUM(AN87:AN113) -> 177214371 | AO86: =IF(AN86<=$H86,"VÁLIDA","NO VÁLIDA") -> VÁLIDA | AQ86: =SUM(AQ87:AQ113) -> 177658519 | AR86: =IF(AQ86<=$H86,"VÁLIDA","NO VÁLIDA") -> VÁLIDA | AT86: =SUM(AT87:AT113) -> 173837600 | AU86: =IF(AT86<=$H86,"VÁLIDA","NO VÁLIDA") -> VÁLIDA | AW86: =SUM(AW87:AW113) -> 2.3607353e+08 | AX86: =IF(AW86<=$H86,"VÁLIDA","NO VÁLIDA") -> NO VÁLIDA | AZ86: =SUM(AZ87:AZ113) -> 177658519 | BA86: =IF(AZ86<=$H86,"VÁLIDA","NO VÁLIDA") -> VÁLIDA | BC86: =SUM(BC87:BC113) -> 1.7035633e+08 | BD86: =IF(BC86<=$H86,"VÁLIDA","NO VÁLIDA") -> VÁLIDA | BF86: =SUM(BF87:BF113) -> 173821009 | BG86: =IF(BF86<=$H86,"VÁLIDA","NO VÁLIDA") -> VÁLIDA | BI86: =SUM(BI87:BI113) -> 1.7588194e+08 | BJ86: =IF(BI86<=$H86,"VÁLIDA","NO VÁLIDA") -> VÁLIDA | BL86: =SUM(BL87:BL113) -> 176237250 | BM86: =IF(BL86<=$H86,"VÁLIDA","NO VÁLIDA") -> VÁLIDA | BO86: =SUM(BO87:BO113) -> 174485239 | BP86: =IF(BO86<=$H86,"VÁLIDA","NO VÁLIDA") -> VÁLIDA
D87: TUBERIAS
B88: 4384 | C88: =C86+0.01 -> 4.01 | D88: =VLOOKUP(B88,[2]ITEMS!$B$4:$E$2466,2,FALSE) -> UNION DRESSER D=3" (Suministro e Instalación) | E88: =VLOOKUP(B88,[2]ITEMS!$B$4:$E$2466,3,FALSE) -> UN | F88: 4 | G88: =VLOOKUP(B88,[2]ITEMS!$B$4:$E$2466,4,FALSE) -> 96741 | H88: =F88*G88 -> 386964 | I88: 95234 | J88: =I88*F88 -> 380936 | K88: =IF(J88<=$H88,"VÁLIDA","NO VÁLIDA") -> VÁLIDA | L88: 95677 | M88: =L88*$F88 -> 382708 | N88: =IF(M88<=$H88,"VÁLIDA","NO VÁLIDA") -> VÁLIDA | O88: 96741 | P88: =O88*$F88 -> 386964 | Q88: =IF(P88<=$H88,"VÁLIDA","NO VÁLIDA") -> VÁLIDA | R88: 95319 | S88: =R88*$F88 -> 381276 | T88: =IF(S88<=$H88,"VÁLIDA","NO VÁLIDA") -> VÁLIDA | U88: 96741 | V88: =U88*$F88 -> 386964 | W88: =IF(V88<=$H88,"VÁLIDA","NO VÁLIDA") -> VÁLIDA | X88: 95193 | Y88: =X88*$F88 -> 380772 | Z88: =IF(Y88<=$H88,"VÁLIDA","NO VÁLIDA") -> VÁLIDA | AA88: 95677 | AB88: =AA88*$F88 -> 382708 | AC88: =IF(AB88<=$H88,"VÁLIDA","NO VÁLIDA") -> VÁLIDA | AD88: 96741 | AE88: =AD88*$F88 -> 386964 | AF88: =IF(AE88<=$H88,"VÁLIDA","NO VÁLIDA") -> VÁLIDA | AH88: =AG88*$F88 -> 0 | AI88: =IF(AH88<=$H88,"VÁLIDA","NO VÁLIDA") -> VÁLIDA | AJ88: 89969 | AK88: =AJ88*$F88 -> 359876 | AL88: =IF(AK88<=$H88,"VÁLIDA","NO VÁLIDA") -> VÁLIDA | AM88: 96499 | AN88: =AM88*$F88 -> 385996 | AO88: =IF(AN88<=$H88,"VÁLIDA","NO VÁLIDA") -> VÁLIDA | AP88: 96741 | AQ88: =AP88*$F88 -> 386964 | AR88: =IF(AQ88<=$H88,"VÁLIDA","NO VÁLIDA") -> VÁLIDA | AS88: 94600 | AT88: =AS88*$F88 -> 378400 | AU88: =IF(AT88<=$H88,"VÁLIDA","NO VÁLIDA") -> VÁLIDA | AV88: 128549.7 | AW88: =AV88*$F88 -> 514198.8 | AX88: =IF(AW88<=$H88,"VÁLIDA","NO VÁLIDA") -> NO VÁLIDA | AY88: 96741 | AZ88: =AY88*$F88 -> 386964 | BA88: =IF(AZ88<=$H88,"VÁLIDA","NO VÁLIDA") -> VÁLIDA | BB88: 92764.707 | BC88: =BB88*$F88 -> 371058.83 | BD88: =IF(BC88<=$H88,"VÁLIDA","NO VÁLIDA") -> VÁLIDA | BE88: 94651 | BF88: =BE88*$F88 -> 378604 | BG88: =IF(BF88<=$H88,"VÁLIDA","NO VÁLIDA") -> VÁLIDA | BH88: 95773.59 | BI88: =BH88*$F88 -> 383094.36 | BJ88: =IF(BI88<=$H88,"VÁLIDA","NO VÁLIDA") -> VÁLIDA | BK88: 95967 | BL88: =BK88*$F88 -> 383868 | BM88: =IF(BL88<=$H88,"VÁLIDA","NO VÁLIDA") -> VÁLIDA | BN88: 95013 | BO88: =BN88*$F88 -> 380052 | BP88: =IF(BO88<=$H88,"VÁLIDA","NO VÁLIDA") -> VÁLIDA
B89: 4386 | C89: =C88+0.01 -> 4.02 | D89: =VLOOKUP(B89,[2]ITEMS!$B$4:$E$2466,2,FALSE) -> UNION DRESSER D=6" (Suministro e Instalación) | E89: =VLOOKUP(B89,[2]ITEMS!$B$4:$E$2466,3,FALSE) -> UN | F89: 4 | G89: =VLOOKUP(B89,[2]ITEMS!$B$4:$E$2466,4,FALSE) -> 242526 | H89: =F89*G89 -> 970104 | I89: 238747 | J89: =I89*F89 -> 954988 | K89: =IF(J89<=$H89,"VÁLIDA","NO VÁLIDA") -> VÁLIDA | L89: 239858 | M89: =L89*$F89 -> 959432 | N89: =IF(M89<=$H89,"VÁLIDA","NO VÁLIDA") -> VÁLIDA | O89: 242526 | P89: =O89*$F89 -> 970104 | Q89: =IF(P89<=$H89,"VÁLIDA","NO VÁLIDA") -> VÁLIDA | R89: 238961 | S89: =R89*$F89 -> 955844 | T89: =IF(S89<=$H89,"VÁLIDA","NO VÁLIDA") -> VÁLIDA | U89: 242526 | V89: =U89*$F89 -> 970104 | W89: =IF(V89<=$H89,"VÁLIDA","NO VÁLIDA") -> VÁLIDA | X89: 238645 | Y89: =X89*$F89 -> 954580 | Z89: =IF(Y89<=$H89,"VÁLIDA","NO VÁLIDA") -> VÁLIDA | AA89: 239858 | AB89: =AA89*$F89 -> 959432 | AC89: =IF(AB89<=$H89,"VÁLIDA","NO VÁLIDA") -> VÁLIDA | AD89: 242526 | AE89: =AD89*$F89 -> 970104 | AF89: =IF(AE89<=$H89,"VÁLIDA","NO VÁLIDA") -> VÁLIDA | AH89: =AG89*$F89 -> 0 | AI89: =IF(AH89<=$H89,"VÁLIDA","NO VÁLIDA") -> VÁLIDA | AJ89: 225549 | AK89: =AJ89*$F89 -> 902196 | AL89: =IF(AK89<=$H89,"VÁLIDA","NO VÁLIDA") -> VÁLIDA | AM89: 241920 | AN89: =AM89*$F89 -> 967680 | AO89: =IF(AN89<=$H89,"VÁLIDA","NO VÁLIDA") -> VÁLIDA | AP89: 242526 | AQ89: =AP89*$F89 -> 970104 | AR89: =IF(AQ89<=$H89,"VÁLIDA","NO VÁLIDA") -> VÁLIDA | AS89: 237300 | AT89: =AS89*$F89 -> 949200 | AU89: =IF(AT89<=$H89,"VÁLIDA","NO VÁLIDA") -> VÁLIDA | AV89: 322269.3 | AW89: =AV89*$F89 -> 1289077.2 | AX89: =IF(AW89<=$H89,"VÁLIDA","NO VÁLIDA") -> NO VÁLIDA | AY89: 242526 | AZ89: =AY89*$F89 -> 970104 | BA89: =IF(AZ89<=$H89,"VÁLIDA","NO VÁLIDA") -> VÁLIDA | BB89: 232557.59 | BC89: =BB89*$F89 -> 930230.34 | BD89: =IF(BC89<=$H89,"VÁLIDA","NO VÁLIDA") -> VÁLIDA | BE89: 237287 | BF89: =BE89*$F89 -> 949148 | BG89: =IF(BF89<=$H89,"VÁLIDA","NO VÁLIDA") -> VÁLIDA | BH89: 240100.74 | BI89: =BH89*$F89 -> 960402.96 | BJ89: =IF(BI89<=$H89,"VÁLIDA","NO VÁLIDA") -> VÁLIDA | BK89: 240586 | BL89: =BK89*$F89 -> 962344 | BM89: =IF(BL89<=$H89,"VÁLIDA","NO VÁLIDA") -> VÁLIDA | BN89: 238194 | BO89: =BN89*$F89 -> 952776 | BP89: =IF(BO89<=$H89,"VÁLIDA","NO VÁLIDA") -> VÁLIDA
B90: 4387 | C90: =C89+0.01 -> 4.03 | D90: =VLOOKUP(B90,[2]ITEMS!$B$4:$E$2466,2,FALSE) -> UNION DRESSER D=8" (Suministro e Instalación) | E90: =VLOOKUP(B90,[2]ITEMS!$B$4:$E$2466,3,FALSE) -> UN | F90: 4 | G90: =VLOOKUP(B90,[2]ITEMS!$B$4:$E$2466,4,FALSE) -> 264478 | H90: =F90*G90 -> 1057912 | I90: 260357 | J90: =I90*F90 -> 1041428 | K90: =IF(J90<=$H90,"VÁLIDA","NO VÁLIDA") -> VÁLIDA | L90: 261569 | M90: =L90*$F90 -> 1046276 | N90: =IF(M90<=$H90,"VÁLIDA","NO VÁLIDA") -> VÁLIDA | O90: 264478 | P90: =O90*$F90 -> 1057912 | Q90: =IF(P90<=$H90,"VÁLIDA","NO VÁLIDA") -> VÁLIDA | R90: 260590 | S90: =R90*$F90 -> 1042360 | T90: =IF(S90<=$H90,"VÁLIDA","NO VÁLIDA") -> VÁLIDA | U90: 264478 | V90: =U90*$F90 -> 1057912 | W90: =IF(V90<=$H90,"VÁLIDA","NO VÁLIDA") -> VÁLIDA | X90: 260246 | Y90: =X90*$F90 -> 1040984 | Z90: =IF(Y90<=$H90,"VÁLIDA","NO VÁLIDA") -> VÁLIDA | AA90: 261569 | AB90: =AA90*$F90 -> 1046276 | AC90: =IF(AB90<=$H90,"VÁLIDA","NO VÁLIDA") -> VÁLIDA | AD90: 264478 | AE90: =AD90*$F90 -> 1057912 | AF90: =IF(AE90<=$H90,"VÁLIDA","NO VÁLIDA") -> VÁLIDA | AH90: =AG90*$F90 -> 0 | AI90: =IF(AH90<=$H90,"VÁLIDA","NO VÁLIDA") -> VÁLIDA | AJ90: 245965 | AK90: =AJ90*$F90 -> 983860 | AL90: =IF(AK90<=$H90,"VÁLIDA","NO VÁLIDA") -> VÁLIDA | AM90: 263817 | AN90: =AM90*$F90 -> 1055268 | AO90: =IF(AN90<=$H90,"VÁLIDA","NO VÁLIDA") -> VÁLIDA | AP90: 264478 | AQ90: =AP90*$F90 -> 1057912 | AR90: =IF(AQ90<=$H90,"VÁLIDA","NO VÁLIDA") -> VÁLIDA | AS90: 258700 | AT90: =AS90*$F90 -> 1034800 | AU90: =IF(AT90<=$H90,"VÁLIDA","NO VÁLIDA") -> VÁLIDA | AV90: 351440.1 | AW90: =AV90*$F90 -> 1405760.4 | AX90: =IF(AW90<=$H90,"VÁLIDA","NO VÁLIDA") -> NO VÁLIDA | AY90: 264478 | AZ90: =AY90*$F90 -> 1057912 | BA90: =IF(AZ90<=$H90,"VÁLIDA","NO VÁLIDA") -> VÁLIDA | BB90: 253607.31 | BC90: =BB90*$F90 -> 1014429.2 | BD90: =IF(BC90<=$H90,"VÁLIDA","NO VÁLIDA") -> VÁLIDA | BE90: 258765 | BF90: =BE90*$F90 -> 1035060 | BG90: =IF(BF90<=$H90,"VÁLIDA","NO VÁLIDA") -> VÁLIDA | BH90: 261833.22 | BI90: =BH90*$F90 -> 1047332.9 | BJ90: =IF(BI90<=$H90,"VÁLIDA","NO VÁLIDA") -> VÁLIDA | BK90: 262362 | BL90: =BK90*$F90 -> 1049448 | BM90: =IF(BL90<=$H90,"VÁLIDA","NO VÁLIDA") -> VÁLIDA | BN90: 259754 | BO90: =BN90*$F90 -> 1039016 | BP90: =IF(BO90<=$H90,"VÁLIDA","NO VÁLIDA") -> VÁLIDA
B91: 6639 | C91: =C90+0.01 -> 4.04 | D91: =VLOOKUP(B91,[2]ITEMS!$B$4:$E$2466,2,FALSE) -> TEE HD EXTREMO JUNTA HIDRÁULICA 6"x 4" (Suministro e Instalación) | E91: =VLOOKUP(B91,[2]ITEMS!$B$4:$E$2466,3,FALSE) -> UN | F91: 1 | G91: =VLOOKUP(B91,[2]ITEMS!$B$4:$E$2466,4,FALSE) -> 365593 | H91: =F91*G91 -> 365593 | I91: 359896 | J91: =I91*F91 -> 359896 | K91: =IF(J91<=$H91,"VÁLIDA","NO VÁLIDA") -> VÁLIDA | L91: 361571 | M91: =L91*$F91 -> 361571 | N91: =IF(M91<=$H91,"VÁLIDA","NO VÁLIDA") -> VÁLIDA | O91: 365593 | P91: =O91*$F91 -> 365593 | Q91: =IF(P91<=$H91,"VÁLIDA","NO VÁLIDA") -> VÁLIDA | R91: 360219 | S91: =R91*$F91 -> 360219 | T91: =IF(S91<=$H91,"VÁLIDA","NO VÁLIDA") -> VÁLIDA | U91: 365593 | V91: =U91*$F91 -> 365593 | W91: =IF(V91<=$H91,"VÁLIDA","NO VÁLIDA") -> VÁLIDA | X91: 359743 | Y91: =X91*$F91 -> 359743 | Z91: =IF(Y91<=$H91,"VÁLIDA","NO VÁLIDA") -> VÁLIDA | AA91: 361571 | AB91: =AA91*$F91 -> 361571 | AC91: =IF(AB91<=$H91,"VÁLIDA","NO VÁLIDA") -> VÁLIDA | AD91: 365593 | AE91: =AD91*$F91 -> 365593 | AF91: =IF(AE91<=$H91,"VÁLIDA","NO VÁLIDA") -> VÁLIDA | AH91: =AG91*$F91 -> 0 | AI91: =IF(AH91<=$H91,"VÁLIDA","NO VÁLIDA") -> VÁLIDA | AJ91: 340001 | AK91: =AJ91*$F91 -> 340001 | AL91: =IF(AK91<=$H91,"VÁLIDA","NO VÁLIDA") -> VÁLIDA | AM91: 364679 | AN91: =AM91*$F91 -> 364679 | AO91: =IF(AN91<=$H91,"VÁLIDA","NO VÁLIDA") -> VÁLIDA | AP91: 365593 | AQ91: =AP91*$F91 -> 365593 | AR91: =IF(AQ91<=$H91,"VÁLIDA","NO VÁLIDA") -> VÁLIDA | AS91: 357700 | AT91: =AS91*$F91 -> 357700 | AU91: =IF(AT91<=$H91,"VÁLIDA","NO VÁLIDA") -> VÁLIDA | AV91: 485801.55 | AW91: =AV91*$F91 -> 485801.55 | AX91: =IF(AW91<=$H91,"VÁLIDA","NO VÁLIDA") -> NO VÁLIDA | AY91: 365593 | AZ91: =AY91*$F91 -> 365593 | BA91: =IF(AZ91<=$H91,"VÁLIDA","NO VÁLIDA") -> VÁLIDA | BB91: 350566.23 | BC91: =BB91*$F91 -> 350566.23 | BD91: =IF(BC91<=$H91,"VÁLIDA","NO VÁLIDA") -> VÁLIDA | BE91: 357696 | BF91: =BE91*$F91 -> 357696 | BG91: =IF(BF91<=$H91,"VÁLIDA","NO VÁLIDA") -> VÁLIDA | BH91: 361937.07 | BI91: =BH91*$F91 -> 361937.07 | BJ91: =IF(BI91<=$H91,"VÁLIDA","NO VÁLIDA") -> VÁLIDA | BK91: 362668 | BL91: =BK91*$F91 -> 362668 | BM91: =IF(BL91<=$H91,"VÁLIDA","NO VÁLIDA") -> VÁLIDA | BN91: 359063 | BO91: =BN91*$F91 -> 359063 | BP91: =IF(BO91<=$H91,"VÁLIDA","NO VÁLIDA") -> VÁLIDA
B92: 3262 | C92: =C91+0.01 -> 4.05 | D92: =VLOOKUP(B92,[2]ITEMS!$B$4:$E$2466,2,FALSE) -> TEE HD EXTREMO LISO 10"x4" (Suministro e Instalación) | E92: =VLOOKUP(B92,[2]ITEMS!$B$4:$E$2466,3,FALSE) -> UN | F92: 4 | G92: =VLOOKUP(B92,[2]ITEMS!$B$4:$E$2466,4,FALSE) -> 1139913 | H92: =F92*G92 -> 4559652 | I92: 1122151 | J92: =I92*F92 -> 4488604 | K92: =IF(J92<=$H92,"VÁLIDA","NO VÁLIDA") -> VÁLIDA | L92: 1127374 | M92: =L92*$F92 -> 4509496 | N92: =IF(M92<=$H92,"VÁLIDA","NO VÁLIDA") -> VÁLIDA | O92: 1139913 | P92: =O92*$F92 -> 4559652 | Q92: =IF(P92<=$H92,"VÁLIDA","NO VÁLIDA") -> VÁLIDA | R92: 1123156 | S92: =R92*$F92 -> 4492624 | T92: =IF(S92<=$H92,"VÁLIDA","NO VÁLIDA") -> VÁLIDA | U92: 1139913 | V92: =U92*$F92 -> 4559652 | W92: =IF(V92<=$H92,"VÁLIDA","NO VÁLIDA") -> VÁLIDA | X92: 1121674 | Y92: =X92*$F92 -> 4486696 | Z92: =IF(Y92<=$H92,"VÁLIDA","NO VÁLIDA") -> VÁLIDA | AA92: 1127374 | AB92: =AA92*$F92 -> 4509496 | AC92: =IF(AB92<=$H92,"VÁLIDA","NO VÁLIDA") -> VÁLIDA | AD92: 1139913 | AE92: =AD92*$F92 -> 4559652 | AF92: =IF(AE92<=$H92,"VÁLIDA","NO VÁLIDA") -> VÁLIDA | AH92: =AG92*$F92 -> 0 | AI92: =IF(AH92<=$H92,"VÁLIDA","NO VÁLIDA") -> VÁLIDA | AJ92: 1060119 | AK92: =AJ92*$F92 -> 4240476 | AL92: =IF(AK92<=$H92,"VÁLIDA","NO VÁLIDA") -> VÁLIDA | AM92: 1137063 | AN92: =AM92*$F92 -> 4548252 | AO92: =IF(AN92<=$H92,"VÁLIDA","NO VÁLIDA") -> VÁLIDA | AP92: 1139913 | AQ92: =AP92*$F92 -> 4559652 | AR92: =IF(AQ92<=$H92,"VÁLIDA","NO VÁLIDA") -> VÁLIDA | AS92: 1115000 | AT92: =AS92*$F92 -> 4460000 | AU92: =IF(AT92<=$H92,"VÁLIDA","NO VÁLIDA") -> VÁLIDA | AV92: 1514721.6 | AW92: =AV92*$F92 -> 6058886.4 | AX92: =IF(AW92<=$H92,"VÁLIDA","NO VÁLIDA") -> NO VÁLIDA | AY92: 1139913 | AZ92: =AY92*$F92 -> 4559652 | BA92: =IF(AZ92<=$H92,"VÁLIDA","NO VÁLIDA") -> VÁLIDA | BB92: 1093059.8 | BC92: =BB92*$F92 -> 4372239.1 | BD92: =IF(BC92<=$H92,"VÁLIDA","NO VÁLIDA") -> VÁLIDA | BE92: 1115291 | BF92: =BE92*$F92 -> 4461164 | BG92: =IF(BF92<=$H92,"VÁLIDA","NO VÁLIDA") -> VÁLIDA | BH92: 1128513.9 | BI92: =BH92*$F92 -> 4514055.5 | BJ92: =IF(BI92<=$H92,"VÁLIDA","NO VÁLIDA") -> VÁLIDA | BK92: 1130794 | BL92: =BK92*$F92 -> 4523176 | BM92: =IF(BL92<=$H92,"VÁLIDA","NO VÁLIDA") -> VÁLIDA | BN92: 1119554 | BO92: =BN92*$F92 -> 4478216 | BP92: =IF(BO92<=$H92,"VÁLIDA","NO VÁLIDA") -> VÁLIDA
D93: POZOS
C94: =C92+0.01 -> 4.06 | D94: PLACA CUBIERTA POZO PREFABRICADA TIPO TRANSMILENIO D= 1,70 E =0,25 INCLUYE SUMINISTRO E INSTALACION SIN TAPA. | E94: UN | F94: 3 | G94: 1193832 | H94: =F94*G94 -> 3581496 | I94: 1175230 | J94: =I94*F94 -> 3525690 | K94: =IF(J94<=$H94,"VÁLIDA","NO VÁLIDA") -> VÁLIDA | L94: 1180700 | M94: =L94*$F94 -> 3542100 | N94: =IF(M94<=$H94,"VÁLIDA","NO VÁLIDA") -> VÁLIDA | O94: 1193832 | P94: =O94*$F94 -> 3581496 | Q94: =IF(P94<=$H94,"VÁLIDA","NO VÁLIDA") -> VÁLIDA | R94: 1176283 | S94: =R94*$F94 -> 3528849 | T94: =IF(S94<=$H94,"VÁLIDA","NO VÁLIDA") -> VÁLIDA | U94: 1193832 | V94: =U94*$F94 -> 3581496 | W94: =IF(V94<=$H94,"VÁLIDA","NO VÁLIDA") -> VÁLIDA | X94: 1174730 | Y94: =X94*$F94 -> 3524190 | Z94: =IF(Y94<=$H94,"VÁLIDA","NO VÁLIDA") -> VÁLIDA | AA94: 1180700 | AB94: =AA94*$F94 -> 3542100 | AC94: =IF(AB94<=$H94,"VÁLIDA","NO VÁLIDA") -> VÁLIDA | AD94: 1193832 | AE94: =AD94*$F94 -> 3581496 | AF94: =IF(AE94<=$H94,"VÁLIDA","NO VÁLIDA") -> VÁLIDA | AH94: =AG94*$F94 -> 0 | AI94: =IF(AH94<=$H94,"VÁLIDA","NO VÁLIDA") -> VÁLIDA | AJ94: 1110264 | AK94: =AJ94*$F94 -> 3330792 | AL94: =IF(AK94<=$H94,"VÁLIDA","NO VÁLIDA") -> VÁLIDA | AM94: 1190847 | AN94: =AM94*$F94 -> 3572541 | AO94: =IF(AN94<=$H94,"VÁLIDA","NO VÁLIDA") -> VÁLIDA | AP94: 1193832 | AQ94: =AP94*$F94 -> 3581496 | AR94: =IF(AQ94<=$H94,"VÁLIDA","NO VÁLIDA") -> VÁLIDA | AS94: 1168000 | AT94: =AS94*$F94 -> 3504000 | AU94: =IF(AT94<=$H94,"VÁLIDA","NO VÁLIDA") -> VÁLIDA | AV94: 1586370.1 | AW94: =AV94*$F94 -> 4759110.4 | AX94: =IF(AW94<=$H94,"VÁLIDA","NO VÁLIDA") -> NO VÁLIDA | AY94: 1193832 | AZ94: =AY94*$F94 -> 3581496 | BA94: =IF(AZ94<=$H94,"VÁLIDA","NO VÁLIDA") -> VÁLIDA | BB94: 1144762.6 | BC94: =BB94*$F94 -> 3434287.7 | BD94: =IF(BC94<=$H94,"VÁLIDA","NO VÁLIDA") -> VÁLIDA | BE94: 1168045 | BF94: =BE94*$F94 -> 3504135 | BG94: =IF(BF94<=$H94,"VÁLIDA","NO VÁLIDA") -> VÁLIDA | BH94: 1181893.7 | BI94: =BH94*$F94 -> 3545681 | BJ94: =IF(BI94<=$H94,"VÁLIDA","NO VÁLIDA") -> VÁLIDA | BK94: 1184281 | BL94: =BK94*$F94 -> 3552843 | BM94: =IF(BL94<=$H94,"VÁLIDA","NO VÁLIDA") -> VÁLIDA | BN94: 1172510 | BO94: =BN94*$F94 -> 3517530 | BP94: =IF(BO94<=$H94,"VÁLIDA","NO VÁLIDA") -> VÁLIDA
D95: SUMIDEROS
C96: =C94+0.01 -> 4.07 | D96: REJILLA NO RECICLABLE 0,835 X ,45 X 0,14 | E96: UN | F96: 11 | G96: 972058 | H96: =F96*G96 -> 10692638 | I96: 956912 | J96: =I96*F96 -> 10526032 | K96: =IF(J96<=$H96,"VÁLIDA","NO VÁLIDA") -> VÁLIDA | L96: 961365 | M96: =L96*$F96 -> 10575015 | N96: =IF(M96<=$H96,"VÁLIDA","NO VÁLIDA") -> VÁLIDA | O96: 972058 | P96: =O96*$F96 -> 10692638 | Q96: =IF(P96<=$H96,"VÁLIDA","NO VÁLIDA") -> VÁLIDA | R96: 957769 | S96: =R96*$F96 -> 10535459 | T96: =IF(S96<=$H96,"VÁLIDA","NO VÁLIDA") -> VÁLIDA | U96: 972058 | V96: =U96*$F96 -> 10692638 | W96: =IF(V96<=$H96,"VÁLIDA","NO VÁLIDA") -> VÁLIDA | X96: 956505 | Y96: =X96*$F96 -> 10521555 | Z96: =IF(Y96<=$H96,"VÁLIDA","NO VÁLIDA") -> VÁLIDA | AA96: 961365 | AB96: =AA96*$F96 -> 10575015 | AC96: =IF(AB96<=$H96,"VÁLIDA","NO VÁLIDA") -> VÁLIDA | AD96: 972058 | AE96: =AD96*$F96 -> 10692638 | AF96: =IF(AE96<=$H96,"VÁLIDA","NO VÁLIDA") -> VÁLIDA | AH96: =AG96*$F96 -> 0 | AI96: =IF(AH96<=$H96,"VÁLIDA","NO VÁLIDA") -> VÁLIDA | AJ96: 904014 | AK96: =AJ96*$F96 -> 9944154 | AL96: =IF(AK96<=$H96,"VÁLIDA","NO VÁLIDA") -> VÁLIDA | AM96: 969628 | AN96: =AM96*$F96 -> 10665908 | AO96: =IF(AN96<=$H96,"VÁLIDA","NO VÁLIDA") -> VÁLIDA | AP96: 972058 | AQ96: =AP96*$F96 -> 10692638 | AR96: =IF(AQ96<=$H96,"VÁLIDA","NO VÁLIDA") -> VÁLIDA | AS96: 951000 | AT96: =AS96*$F96 -> 10461000 | AU96: =IF(AT96<=$H96,"VÁLIDA","NO VÁLIDA") -> VÁLIDA | AV96: 1291675.9 | AW96: =AV96*$F96 -> 14208435 | AX96: =IF(AW96<=$H96,"VÁLIDA","NO VÁLIDA") -> NO VÁLIDA | AY96: 972058 | AZ96: =AY96*$F96 -> 10692638 | BA96: =IF(AZ96<=$H96,"VÁLIDA","NO VÁLIDA") -> VÁLIDA | BB96: 932104.03 | BC96: =BB96*$F96 -> 10253144 | BD96: =IF(BC96<=$H96,"VÁLIDA","NO VÁLIDA") -> VÁLIDA | BE96: 951062 | BF96: =BE96*$F96 -> 10461682 | BG96: =IF(BF96<=$H96,"VÁLIDA","NO VÁLIDA") -> VÁLIDA | BH96: 962337.42 | BI96: =BH96*$F96 -> 10585712 | BJ96: =IF(BI96<=$H96,"VÁLIDA","NO VÁLIDA") -> VÁLIDA | BK96: 964282 | BL96: =BK96*$F96 -> 10607102 | BM96: =IF(BL96<=$H96,"VÁLIDA","NO VÁLIDA") -> VÁLIDA | BN96: 954697 | BO96: =BN96*$F96 -> 10501667 | BP96: =IF(BO96<=$H96,"VÁLIDA","NO VÁLIDA") -> VÁLIDA
D97: REJILLA NO RECICLABLE 0,5 X 0,5 X 0,07 | E97: UN | F97: 50 | G97: 695311.15 | H97: =F97*G97 -> 34765558 | I97: 684477 | J97: =I97*F97 -> 34223850 | K97: =IF(J97<=$H97,"VÁLIDA","NO VÁLIDA") -> VÁLIDA | L97: 687663 | M97: =L97*$F97 -> 34383150 | N97: =IF(M97<=$H97,"VÁLIDA","NO VÁLIDA") -> VÁLIDA | O97: 695311 | P97: =O97*$F97 -> 34765550 | Q97: =IF(P97<=$H97,"VÁLIDA","NO VÁLIDA") -> VÁLIDA | R97: 685090 | S97: =R97*$F97 -> 34254500 | T97: =IF(S97<=$H97,"VÁLIDA","NO VÁLIDA") -> VÁLIDA | U97: 695311.15 | V97: =U97*$F97 -> 34765558 | W97: =IF(V97<=$H97,"VÁLIDA","NO VÁLIDA") -> VÁLIDA | X97: 684186 | Y97: =X97*$F97 -> 34209300 | Z97: =IF(Y97<=$H97,"VÁLIDA","NO VÁLIDA") -> VÁLIDA | AA97: 687663 | AB97: =AA97*$F97 -> 34383150 | AC97: =IF(AB97<=$H97,"VÁLIDA","NO VÁLIDA") -> VÁLIDA | AD97: 695311.15 | AE97: =AD97*$F97 -> 34765558 | AF97: =IF(AE97<=$H97,"VÁLIDA","NO VÁLIDA") -> VÁLIDA | AH97: =AG97*$F97 -> 0 | AI97: =IF(AH97<=$H97,"VÁLIDA","NO VÁLIDA") -> VÁLIDA | AJ97: 646639 | AK97: =AJ97*$F97 -> 32331950 | AL97: =IF(AK97<=$H97,"VÁLIDA","NO VÁLIDA") -> VÁLIDA | AM97: 693573 | AN97: =AM97*$F97 -> 34678650 | AO97: =IF(AN97<=$H97,"VÁLIDA","NO VÁLIDA") -> VÁLIDA | AP97: 695311 | AQ97: =AP97*$F97 -> 34765550 | AR97: =IF(AQ97<=$H97,"VÁLIDA","NO VÁLIDA") -> VÁLIDA | AS97: 680000 | AT97: =AS97*$F97 -> 34000000 | AU97: =IF(AT97<=$H97,"VÁLIDA","NO VÁLIDA") -> VÁLIDA | AV97: 923933.25 | AW97: =AV97*$F97 -> 46196662 | AX97: =IF(AW97<=$H97,"VÁLIDA","NO VÁLIDA") -> NO VÁLIDA | AY97: 695311 | AZ97: =AY97*$F97 -> 34765550 | BA97: =IF(AZ97<=$H97,"VÁLIDA","NO VÁLIDA") -> VÁLIDA | BB97: 666732.16 | BC97: =BB97*$F97 -> 33336608 | BD97: =IF(BC97<=$H97,"VÁLIDA","NO VÁLIDA") -> VÁLIDA | BE97: 680292 | BF97: =BE97*$F97 -> 34014600 | BG97: =IF(BF97<=$H97,"VÁLIDA","NO VÁLIDA") -> VÁLIDA | BH97: 688358.04 | BI97: =BH97*$F97 -> 34417902 | BJ97: =IF(BI97<=$H97,"VÁLIDA","NO VÁLIDA") -> VÁLIDA | BK97: 689749 | BL97: =BK97*$F97 -> 34487450 | BM97: =IF(BL97<=$H97,"VÁLIDA","NO VÁLIDA") -> VÁLIDA | BN97: 682892 | BO97: =BN97*$F97 -> 34144600 | BP97: =IF(BO97<=$H97,"VÁLIDA","NO VÁLIDA") -> VÁLIDA
B98: 4559 | C98: =C96+0.01 -> 4.08 | D98: CANAL DE AGUAS LLUVIA EN CONCRETO REFORZADO 15 CM | E98: ML | F98: 75 | G98: 233232 | H98: =F98*G98 -> 17492400 | I98: 229598 | J98: =I98*F98 -> 17219850 | K98: =IF(J98<=$H98,"VÁLIDA","NO VÁLIDA") -> VÁLIDA | L98: 230666 | M98: =L98*$F98 -> 17299950 | N98: =IF(M98<=$H98,"VÁLIDA","NO VÁLIDA") -> VÁLIDA | O98: 233232 | P98: =O98*$F98 -> 17492400 | Q98: =IF(P98<=$H98,"VÁLIDA","NO VÁLIDA") -> VÁLIDA | R98: 229803 | S98: =R98*$F98 -> 17235225 | T98: =IF(S98<=$H98,"VÁLIDA","NO VÁLIDA") -> VÁLIDA | U98: 233232 | V98: =U98*$F98 -> 17492400 | W98: =IF(V98<=$H98,"VÁLIDA","NO VÁLIDA") -> VÁLIDA | X98: 229500 | Y98: =X98*$F98 -> 17212500 | Z98: =IF(Y98<=$H98,"VÁLIDA","NO VÁLIDA") -> VÁLIDA | AA98: 230666 | AB98: =AA98*$F98 -> 17299950 | AC98: =IF(AB98<=$H98,"VÁLIDA","NO VÁLIDA") -> VÁLIDA | AD98: 233232 | AE98: =AD98*$F98 -> 17492400 | AF98: =IF(AE98<=$H98,"VÁLIDA","NO VÁLIDA") -> VÁLIDA | AH98: =AG98*$F98 -> 0 | AI98: =IF(AH98<=$H98,"VÁLIDA","NO VÁLIDA") -> VÁLIDA | AJ98: 216906 | AK98: =AJ98*$F98 -> 16267950 | AL98: =IF(AK98<=$H98,"VÁLIDA","NO VÁLIDA") -> VÁLIDA | AM98: 232649 | AN98: =AM98*$F98 -> 17448675 | AO98: =IF(AN98<=$H98,"VÁLIDA","NO VÁLIDA") -> VÁLIDA | AP98: 233232 | AQ98: =AP98*$F98 -> 17492400 | AR98: =IF(AQ98<=$H98,"VÁLIDA","NO VÁLIDA") -> VÁLIDA | AS98: 228000 | AT98: =AS98*$F98 -> 17100000 | AU98: =IF(AT98<=$H98,"VÁLIDA","NO VÁLIDA") -> VÁLIDA | AV98: 309919.5 | AW98: =AV98*$F98 -> 23243962 | AX98: =IF(AW98<=$H98,"VÁLIDA","NO VÁLIDA") -> NO VÁLIDA | AY98: 233232 | AZ98: =AY98*$F98 -> 17492400 | BA98: =IF(AZ98<=$H98,"VÁLIDA","NO VÁLIDA") -> VÁLIDA | BB98: 223645.59 | BC98: =BB98*$F98 -> 16773419 | BD98: =IF(BC98<=$H98,"VÁLIDA","NO VÁLIDA") -> VÁLIDA | BE98: 228194 | BF98: =BE98*$F98 -> 17114550 | BG98: =IF(BF98<=$H98,"VÁLIDA","NO VÁLIDA") -> VÁLIDA | BH98: 230899.68 | BI98: =BH98*$F98 -> 17317476 | BJ98: =IF(BI98<=$H98,"VÁLIDA","NO VÁLIDA") -> VÁLIDA | BK98: 231366 | BL98: =BK98*$F98 -> 17352450 | BM98: =IF(BL98<=$H98,"VÁLIDA","NO VÁLIDA") -> VÁLIDA | BN98: 229066 | BO98: =BN98*$F98 -> 17179950 | BP98: =IF(BO98<=$H98,"VÁLIDA","NO VÁLIDA") -> VÁLIDA
D99: CAJA SIFONADA INCLUYE ENCOFRADO Y VACIADO CONCRETO DE 4000 PSI IMPERMEABILIZADO | E99: UN | F99: 23 | G99: 559804 | H99: =F99*G99 -> 12875492 | I99: 551081 | J99: =I99*F99 -> 12674863 | K99: =IF(J99<=$H99,"VÁLIDA","NO VÁLIDA") -> VÁLIDA | L99: 553646 | M99: =L99*$F99 -> 12733858 | N99: =IF(M99<=$H99,"VÁLIDA","NO VÁLIDA") -> VÁLIDA | O99: 559804 | P99: =O99*$F99 -> 12875492 | Q99: =IF(P99<=$H99,"VÁLIDA","NO VÁLIDA") -> VÁLIDA | R99: 551575 | S99: =R99*$F99 -> 12686225 | T99: =IF(S99<=$H99,"VÁLIDA","NO VÁLIDA") -> VÁLIDA | U99: 559804 | V99: =U99*$F99 -> 12875492 | W99: =IF(V99<=$H99,"VÁLIDA","NO VÁLIDA") -> VÁLIDA | X99: 550847 | Y99: =X99*$F99 -> 12669481 | Z99: =IF(Y99<=$H99,"VÁLIDA","NO VÁLIDA") -> VÁLIDA | AA99: 553646 | AB99: =AA99*$F99 -> 12733858 | AC99: =IF(AB99<=$H99,"VÁLIDA","NO VÁLIDA") -> VÁLIDA | AD99: 559804 | AE99: =AD99*$F99 -> 12875492 | AF99: =IF(AE99<=$H99,"VÁLIDA","NO VÁLIDA") -> VÁLIDA | AH99: =AG99*$F99 -> 0 | AI99: =IF(AH99<=$H99,"VÁLIDA","NO VÁLIDA") -> VÁLIDA | AJ99: 520618 | AK99: =AJ99*$F99 -> 11974214 | AL99: =IF(AK99<=$H99,"VÁLIDA","NO VÁLIDA") -> VÁLIDA | AM99: 558404 | AN99: =AM99*$F99 -> 12843292 | AO99: =IF(AN99<=$H99,"VÁLIDA","NO VÁLIDA") -> VÁLIDA | AP99: 559804 | AQ99: =AP99*$F99 -> 12875492 | AR99: =IF(AQ99<=$H99,"VÁLIDA","NO VÁLIDA") -> VÁLIDA | AS99: 547000 | AT99: =AS99*$F99 -> 12581000 | AU99: =IF(AT99<=$H99,"VÁLIDA","NO VÁLIDA") -> VÁLIDA | AV99: 743870.25 | AW99: =AV99*$F99 -> 17109016 | AX99: =IF(AW99<=$H99,"VÁLIDA","NO VÁLIDA") -> NO VÁLIDA | AY99: 559804 | AZ99: =AY99*$F99 -> 12875492 | BA99: =IF(AZ99<=$H99,"VÁLIDA","NO VÁLIDA") -> VÁLIDA | BB99: 536794.68 | BC99: =BB99*$F99 -> 12346278 | BD99: =IF(BC99<=$H99,"VÁLIDA","NO VÁLIDA") -> VÁLIDA | BE99: 547712 | BF99: =BE99*$F99 -> 12597376 | BG99: =IF(BF99<=$H99,"VÁLIDA","NO VÁLIDA") -> VÁLIDA | BH99: 554205.96 | BI99: =BH99*$F99 -> 12746737 | BJ99: =IF(BI99<=$H99,"VÁLIDA","NO VÁLIDA") -> VÁLIDA | BK99: 555326 | BL99: =BK99*$F99 -> 12772498 | BM99: =IF(BL99<=$H99,"VÁLIDA","NO VÁLIDA") -> VÁLIDA | BN99: 549805 | BO99: =BN99*$F99 -> 12645515 | BP99: =IF(BO99<=$H99,"VÁLIDA","NO VÁLIDA") -> VÁLIDA
D100: SUMINISTRO E INSTALACION ANGULO PARA SOPORTE REJILLA DEL CANAL DE AGUAS LLUVIAS | E100: ML | F100: 24 | G100: 65467 | H100: =F100*G100 -> 1571208 | I100: 64447 | J100: =I100*F100 -> 1546728 | K100: =IF(J100<=$H100,"VÁLIDA","NO VÁLIDA") -> VÁLIDA | L100: 64747 | M100: =L100*$F100 -> 1553928 | N100: =IF(M100<=$H100,"VÁLIDA","NO VÁLIDA") -> VÁLIDA | O100: 65467 | P100: =O100*$F100 -> 1571208 | Q100: =IF(P100<=$H100,"VÁLIDA","NO VÁLIDA") -> VÁLIDA | R100: 64505 | S100: =R100*$F100 -> 1548120 | T100: =IF(S100<=$H100,"VÁLIDA","NO VÁLIDA") -> VÁLIDA | U100: 65467 | V100: =U100*$F100 -> 1571208 | W100: =IF(V100<=$H100,"VÁLIDA","NO VÁLIDA") -> VÁLIDA | X100: 64419 | Y100: =X100*$F100 -> 1546056 | Z100: =IF(Y100<=$H100,"VÁLIDA","NO VÁLIDA") -> VÁLIDA | AA100: 64747 | AB100: =AA100*$F100 -> 1553928 | AC100: =IF(AB100<=$H100,"VÁLIDA","NO VÁLIDA") -> VÁLIDA | AD100: 65467 | AE100: =AD100*$F100 -> 1571208 | AF100: =IF(AE100<=$H100,"VÁLIDA","NO VÁLIDA") -> VÁLIDA | AH100: =AG100*$F100 -> 0 | AI100: =IF(AH100<=$H100,"VÁLIDA","NO VÁLIDA") -> VÁLIDA | AJ100: 60884 | AK100: =AJ100*$F100 -> 1461216 | AL100: =IF(AK100<=$H100,"VÁLIDA","NO VÁLIDA") -> VÁLIDA | AM100: 65303 | AN100: =AM100*$F100 -> 1567272 | AO100: =IF(AN100<=$H100,"VÁLIDA","NO VÁLIDA") -> VÁLIDA | AP100: 65467 | AQ100: =AP100*$F100 -> 1571208 | AR100: =IF(AQ100<=$H100,"VÁLIDA","NO VÁLIDA") -> VÁLIDA | AS100: 64000 | AT100: =AS100*$F100 -> 1536000 | AU100: =IF(AT100<=$H100,"VÁLIDA","NO VÁLIDA") -> VÁLIDA | AV100: 86992.65 | AW100: =AV100*$F100 -> 2087823.6 | AX100: =IF(AW100<=$H100,"VÁLIDA","NO VÁLIDA") -> NO VÁLIDA | AY100: 65467 | AZ100: =AY100*$F100 -> 1571208 | BA100: =IF(AZ100<=$H100,"VÁLIDA","NO VÁLIDA") -> VÁLIDA | BB100: 62776.146 | BC100: =BB100*$F100 -> 1506627.5 | BD100: =IF(BC100<=$H100,"VÁLIDA","NO VÁLIDA") -> VÁLIDA | BE100: 64053 | BF100: =BE100*$F100 -> 1537272 | BG100: =IF(BF100<=$H100,"VÁLIDA","NO VÁLIDA") -> VÁLIDA | BH100: 64812.33 | BI100: =BH100*$F100 -> 1555495.9 | BJ100: =IF(BI100<=$H100,"VÁLIDA","NO VÁLIDA") -> VÁLIDA | BK100: 64943 | BL100: =BK100*$F100 -> 1558632 | BM100: =IF(BL100<=$H100,"VÁLIDA","NO VÁLIDA") -> VÁLIDA | BN100: 64297 | BO100: =BN100*$F100 -> 1543128 | BP100: =IF(BO100<=$H100,"VÁLIDA","NO VÁLIDA") -> VÁLIDA
B101: 3155 | C101: =C98+0.01 -> 4.09 | D101: SUMINISTRO TUBERIA CONEXIÓN BAJANTES DE AGUAS LLUVIAS PREDIO 3" | E101: ML | F101: 10 | G101: 36616 | H101: =F101*G101 -> 366160 | I101: 36045 | J101: =I101*F101 -> 360450 | K101: =IF(J101<=$H101,"VÁLIDA","NO VÁLIDA") -> VÁLIDA | L101: 36213 | M101: =L101*$F101 -> 362130 | N101: =IF(M101<=$H101,"VÁLIDA","NO VÁLIDA") -> VÁLIDA | O101: 36616 | P101: =O101*$F101 -> 366160 | Q101: =IF(P101<=$H101,"VÁLIDA","NO VÁLIDA") -> VÁLIDA | R101: 36078 | S101: =R101*$F101 -> 360780 | T101: =IF(S101<=$H101,"VÁLIDA","NO VÁLIDA") -> VÁLIDA | U101: 36616 | V101: =U101*$F101 -> 366160 | W101: =IF(V101<=$H101,"VÁLIDA","NO VÁLIDA") -> VÁLIDA | X101: 36030 | Y101: =X101*$F101 -> 360300 | Z101: =IF(Y101<=$H101,"VÁLIDA","NO VÁLIDA") -> VÁLIDA | AA101: 36213 | AB101: =AA101*$F101 -> 362130 | AC101: =IF(AB101<=$H101,"VÁLIDA","NO VÁLIDA") -> VÁLIDA | AD101: 36616 | AE101: =AD101*$F101 -> 366160 | AF101: =IF(AE101<=$H101,"VÁLIDA","NO VÁLIDA") -> VÁLIDA | AH101: =AG101*$F101 -> 0 | AI101: =IF(AH101<=$H101,"VÁLIDA","NO VÁLIDA") -> VÁLIDA | AJ101: 34053 | AK101: =AJ101*$F101 -> 340530 | AL101: =IF(AK101<=$H101,"VÁLIDA","NO VÁLIDA") -> VÁLIDA | AM101: 36524 | AN101: =AM101*$F101 -> 365240 | AO101: =IF(AN101<=$H101,"VÁLIDA","NO VÁLIDA") -> VÁLIDA | AP101: 36616 | AQ101: =AP101*$F101 -> 366160 | AR101: =IF(AQ101<=$H101,"VÁLIDA","NO VÁLIDA") -> VÁLIDA | AS101: 35800 | AT101: =AS101*$F101 -> 358000 | AU101: =IF(AT101<=$H101,"VÁLIDA","NO VÁLIDA") -> VÁLIDA | AV101: 48655.35 | AW101: =AV101*$F101 -> 486553.5 | AX101: =IF(AW101<=$H101,"VÁLIDA","NO VÁLIDA") -> NO VÁLIDA | AY101: 36616 | AZ101: =AY101*$F101 -> 366160 | BA101: =IF(AZ101<=$H101,"VÁLIDA","NO VÁLIDA") -> VÁLIDA | BB101: 35110.993 | BC101: =BB101*$F101 -> 351109.93 | BD101: =IF(BC101<=$H101,"VÁLIDA","NO VÁLIDA") -> VÁLIDA | BE101: 35825 | BF101: =BE101*$F101 -> 358250 | BG101: =IF(BF101<=$H101,"VÁLIDA","NO VÁLIDA") -> VÁLIDA | BH101: 36249.84 | BI101: =BH101*$F101 -> 362498.4 | BJ101: =IF(BI101<=$H101,"VÁLIDA","NO VÁLIDA") -> VÁLIDA | BK101: 36323 | BL101: =BK101*$F101 -> 363230 | BM101: =IF(BL101<=$H101,"VÁLIDA","NO VÁLIDA") -> VÁLIDA | BN101: 35962 | BO101: =BN101*$F101 -> 359620 | BP101: =IF(BO101<=$H101,"VÁLIDA","NO VÁLIDA") -> VÁLIDA
...

Sheet PROPUESTA ECONOMICA
C2: PUNTAJE MAXIMO | H2: 70
C3: PRESUPUESTO OFICIAL | H3: 2629454601
C4: TRM | H4: 00 - 19
C5: METODO EVALUACION | D5: VALORES CORREGIDOS | E5: =+IF(H4="00 - 19",A32,IF(H4="20 - 39",A33,IF(H4="40 - 59",A34,IF(H4="60 - 79",A35,IF(H4="80 - 99",A36,"INGRESE TRM"))))) -> MEDIANA CON VALOR ABSOLUTO | F5: PORCENTAJE | G5: CALIFICACION DEFINITIVA | H5: VALORES HABILITADOS PARA PARTICIPAR EN EL PROCESO
O6: =+COUNT(H8:H32) -> 3 | U6: ASIGNACION DE PUNTAJE
C7: PROPONENTES HABILITADOS | I7: =+VLOOKUP($M$8,K8:L32,2,FALSE) -> 2.591261e+09 | O7: =+ROUNDUP(O6/3,0) -> 1 | V7: =+Q8 -> MEDIANA CON VALOR ABSOLUTO | W7: =+Q9 -> MEDIA GEOMETRICA CON PRESUPUESTO OFICIAL | X7: =+Q10 -> MEDIA ARITMETICA ALTA | Y7: =+Q11 -> MEDIANA ARITMETICA BAJA | Z7: =+Q12 -> MENOR VALOR
B8: 13 | C8: =+PONDERABLES!B7 -> CONSORCIO LA PAZ | D8: =IF('VERIFICACIÓN ARITMÉTICA'!K157="VÁLIDA",'VERIFICACIÓN ARITMÉTICA'!J156,"NO VÁLIDA") -> NO VÁLIDA | E8: 2.5541784e+09 | F8: =IF(D8="NO VÁLIDA","",ABS(1-E8/D8)) | G8: =IF(F8<=1%," VÁLIDA","NO VÁLIDA") -> NO VÁLIDA | H8: =IF(G8=" VÁLIDA",D8," ") | J8: =+IF(H8=" "," ",$R$8-H8) | K8: =+IF(J8<0,"",J8) | L8: =+H8 | M8: =+MIN(K8:K32) -> 0 | N8: =+H3^O7 -> 2629454601 | O8: =+ISODD(O6) -> TRUE | Q8: =+A32 -> MEDIANA CON VALOR ABSOLUTO | R8: =+IF(Q8=E5,MEDIAN(H8:H32),"NO VALIDO") -> 2.591261e+09
B9: 12 | C9: =+PONDERABLES!B8 -> LYDCO INGENIERIA SAS 005 | D9: =IF('VERIFICACIÓN ARITMÉTICA'!N157="VÁLIDA",'VERIFICACIÓN ARITMÉTICA'!M156,"NO VÁLIDA") -> NO VÁLIDA | E9: 2.5649129e+09 | F9: =IF(D9="NO VÁLIDA","",ABS(1-E9/D9)) | G9: =IF(F9<=1%," VÁLIDA","NO VÁLIDA") -> NO VÁLIDA | H9: =IF(G9=" VÁLIDA",D9," ") | J9: =+IF(H9=" "," ",$R$8-H9) | K9: =+IF(J9<0,"",J9) | L9: =+H9 | N9: =+GEOMEAN(H8:H32,N8) -> 2.5702131e+09 | Q9: =+A33 -> MEDIA GEOMETRICA CON PRESUPUESTO OFICIAL | R9: =+IF(Q9=E5,N23,"NO VALIDO") -> NO VALIDO | U9: =+C8 -> CONSORCIO LA PAZ | V9: =IFERROR(+IF(ISODD($O$6),((1-ABS(($R$8-H8)/$R$8))*$H$2),IF(ISEVEN($O$6),((1-ABS(($I$7-H8)/$I$7))*$H$2),0)),0) -> 0 | W9: =+IF(E8<=$R$9,($H$2*(1-(($R$9-E8)/$R$9))),($H$2*(1-(2*(ABS(($R$9-E8))/$R$9))))) -> #VALUE! | X9: =+IF(E8<=$R$10,($H$2*(1-(($R$10-E8)/$R$10))),($H$2*(1-(2*((ABS($R$10-E8)/$R$10)))))) -> #VALUE! | Y9: =+IF(E8<=$R$11,($H$2*(1-(($R$11-E8)/$R$11))),($H$2*(1-((ABS($R$11-E8)/$R$11))))) -> #VALUE! | Z9: =+IF(E8>0,($H$2*$R$12)/E8,0) -> #VALUE!
B10: 17 | C10: =+PONDERABLES!B9 -> GRD-FDLC-LP-005-2019 | D10: =IF('VERIFICACIÓN ARITMÉTICA'!Q157="VÁLIDA",'VERIFICACIÓN ARITMÉTICA'!P156,"NO VÁLIDA") -> 2.5194071e+09 | E10: 2.4861395e+09 | F10: =IF(D10="NO VÁLIDA","",ABS(1-E10/D10)) -> 0.013204546 | G10: =IF(F10<=1%," VÁLIDA","NO VÁLIDA") -> NO VÁLIDA | H10: =IF(G10=" VÁLIDA",D10," ") | J10: =+IF(H10=" "," ",$R$8-H10) | K10: =+IF(J10<0,"",J10) | L10: =+H10 | N10: =+MAX(H8:H32) -> 2.591261e+09 | Q10: =+A34 -> MEDIA ARITMETICA ALTA | R10: =+IF(Q10=E5,(N10+N11)/2,"NO VALIDO") -> NO VALIDO | U10: =+C9 -> LYDCO INGENIERIA SAS 005 | V10: =IFERROR(+IF(ISODD($O$6),((1-ABS(($R$8-H9)/$R$8))*$H$2),IF(ISEVEN($O$6),((1-ABS(($I$7-H9)/$I$7))*$H$2),0)),0) -> 0 | W10: =+IF(E9<=$R$9,($H$2*(1-(($R$9-E9)/$R$9))),($H$2*(1-(2*(ABS(($R$9-E9))/$R$9))))) -> #VALUE! | X10: =+IF(E9<=$R$10,($H$2*(1-(($R$10-E9)/$R$10))),($H$2*(1-(2*((ABS($R$10-E9)/$R$10)))))) -> #VALUE! | Y10: =+IF(E9<=$R$11,($H$2*(1-(($R$11-E9)/$R$11))),($H$2*(1-((ABS($R$11-E9)/$R$11))))) -> #VALUE! | Z10: =+IF(E9>0,($H$2*$R$12)/E9,0) -> #VALUE!
B11: 2 | C11: =+PONDERABLES!B10 -> CONSORCIO CONSTRUVALOR | D11: =IF('VERIFICACIÓN ARITMÉTICA'!T157="VÁLIDA",'VERIFICACIÓN ARITMÉTICA'!S156,"NO VÁLIDA") -> 2.556055e+09 | E11: 2.593687e+09 | F11: =IF(D11="NO VÁLIDA","",ABS(1-E11/D11)) -> 0.01472271 | G11: =IF(F11<=1%," VÁLIDA","NO VÁLIDA") -> NO VÁLIDA | H11: =IF(G11=" VÁLIDA",D11," ") | J11: =+IF(H11=" "," ",$R$8-H11) | K11: =+IF(J11<0,"",J11) | L11: =+H11 | N11: =+AVERAGE(H8:H32) -> 2.5513937e+09 | Q11: =+A35 -> MEDIANA ARITMETICA BAJA | R11: =+IF(Q11=E5,(N12+N11)/2,"NO VALIDO") -> NO VALIDO | U11: =+C10 -> GRD-FDLC-LP-005-2019 | V11: =IFERROR(+IF(ISODD($O$6),((1-ABS(($R$8-H10)/$R$8))*$H$2),IF(ISEVEN($O$6),((1-ABS(($I$7-H10)/$I$7))*$H$2),0)),0) -> 0 | W11: =+IF(E10<=$R$9,($H$2*(1-(($R$9-E10)/$R$9))),($H$2*(1-(2*(ABS(($R$9-E10))/$R$9))))) -> #VALUE! | X11: =+IF(E10<=$R$10,($H$2*(1-(($R$10-E10)/$R$10))),($H$2*(1-(2*((ABS($R$10-E10)/$R$10)))))) -> #VALUE! | Y11: =+IF(E10<=$R$11,($H$2*(1-(($R$11-E10)/$R$11))),($H$2*(1-((ABS($R$11-E10)/$R$11))))) -> #VALUE! | Z11: =+IF(E10>0,($H$2*$R$12)/E10,0) -> #VALUE!
B12: 3 | C12: =+PONDERABLES!B11 -> CONSORCIO CANDELARIA005 -2019 FDLC -LP005-2019 | D12: =IF('VERIFICACIÓN ARITMÉTICA'!W157="VÁLIDA",'VERIFICACIÓN ARITMÉTICA'!V156,"NO VÁLIDA") -> 2.591261e+09 | E12: 2.591261e+09 | F12: =IF(D12="NO VÁLIDA","",ABS(1-E12/D12)) -> 2.9367664e-10 | G12: =IF(F12<=1%," VÁLIDA","NO VÁLIDA") -> VÁLIDA | H12: =IF(G12=" VÁLIDA",D12," ") -> 2.591261e+09 | J12: =+IF(H12=" "," ",$R$8-H12) -> -15.253085 | K12: =+IF(J12<0,"",J12) | L12: =+H12 -> 2.591261e+09 | N12: =+MIN(H8:H32) -> 2.4716589e+09 | Q12: =+A36 -> MENOR VALOR | R12: =+IF(Q12=E5,MIN(H8:H32),"NO VALIDO") -> NO VALIDO | U12: =+C11 -> CONSORCIO CONSTRUVALOR | V12: =IFERROR(+IF(ISODD($O$6),((1-ABS(($R$8-H11)/$R$8))*$H$2),IF(ISEVEN($O$6),((1-ABS(($I$7-H11)/$I$7))*$H$2),0)),0) -> 0 | W12: =+IF(E11<=$R$9,($H$2*(1-(($R$9-E11)/$R$9))),($H$2*(1-(2*(ABS(($R$9-E11))/$R$9))))) -> #VALUE! | X12: =+IF(E11<=$R$10,($H$2*(1-(($R$10-E11)/$R$10))),($H$2*(1-(2*((ABS($R$10-E11)/$R$10)))))) -> #VALUE! | Y12: =+IF(E11<=$R$11,($H$2*(1-(($R$11-E11)/$R$11))),($H$2*(1-((ABS($R$11-E11)/$R$11))))) -> #VALUE! | Z12: =+IF(E11>0,($H$2*$R$12)/E11,0) -> #VALUE!
B13: 18 | C13: =+PONDERABLES!B12 -> FDLC-LP-005-2019- CONSORCIO VIAS BOGOTA 2019 | D13: =IF('VERIFICACIÓN ARITMÉTICA'!Z157="VÁLIDA",'VERIFICACIÓN ARITMÉTICA'!Y156,"NO VÁLIDA") -> 2.4716589e+09 | E13: 2471658884 | F13: =IF(D13="NO VÁLIDA","",ABS(1-E13/D13)) -> 1.3993118e-10 | G13: =IF(F13<=1%," VÁLIDA","NO VÁLIDA") -> VÁLIDA | H13: =IF(G13=" VÁLIDA",D13," ") -> 2.4716589e+09 | J13: =+IF(H13=" "," ",$R$8-H13) -> 1.1960214e+08 | K13: =+IF(J13<0,"",J13) -> 1.1960214e+08 | L13: =+H13 -> 2.4716589e+09 | N13: =+PRODUCT(H8:H32) -> 1.6596284e+28 | U13: =+C12 -> CONSORCIO CANDELARIA005 -2019 FDLC -LP005-2019 | V13: =IFERROR(+IF(ISODD($O$6),((1-ABS(($R$8-H12)/$R$8))*$H$2),IF(ISEVEN($O$6),((1-ABS(($I$7-H12)/$I$7))*$H$2),0)),0) -> 70 | W13: =+IF(E12<=$R$9,($H$2*(1-(($R$9-E12)/$R$9))),($H$2*(1-(2*(ABS(($R$9-E12))/$R$9))))) -> #VALUE! | X13: =+IF(E12<=$R$10,($H$2*(1-(($R$10-E12)/$R$10))),($H$2*(1-(2*((ABS($R$10-E12)/$R$10)))))) -> #VALUE! | Y13: =+IF(E12<=$R$11,($H$2*(1-(($R$11-E12)/$R$11))),($H$2*(1-((ABS($R$11-E12)/$R$11))))) -> #VALUE! | Z13: =+IF(E12>0,($H$2*$R$12)/E12,0) -> #VALUE!
B14: 6 | C14: =+PONDERABLES!B13 -> CONSORCIO VIAL CANDELARIA | D14: =IF('VERIFICACIÓN ARITMÉTICA'!AC157="VÁLIDA",'VERIFICACIÓN ARITMÉTICA'!AB156,"NO VÁLIDA") -> 2.5480552e+09 | E14: 2.5858287e+09 | F14: =IF(D14="NO VÁLIDA","",ABS(1-E14/D14)) -> 0.014824414 | G14: =IF(F14<=1%," VÁLIDA","NO VÁLIDA") -> NO VÁLIDA | H14: =IF(G14=" VÁLIDA",D14," ") | J14: =+IF(H14=" "," ",$R$8-H14) | K14: =+IF(J14<0,"",J14) | L14: =+H14 | M14: =+COUNT(N14:N92) -> 10 | N14: =+IF(O14<=$O$7,$H$3,"") -> 2629454601 | U14: =+C13 -> FDLC-LP-005-2019- CONSORCIO VIAS BOGOTA 2019 | V14: =IFERROR(+IF(ISODD($O$6),((1-ABS(($R$8-H13)/$R$8))*$H$2),IF(ISEVEN($O$6),((1-ABS(($I$7-H13)/$I$7))*$H$2),0)),0) -> 66.769083 | W14: =+IF(E13<=$R$9,($H$2*(1-(($R$9-E13)/$R$9))),($H$2*(1-(2*(ABS(($R$9-E13))/$R$9))))) -> #VALUE! | X14: =+IF(E13<=$R$10,($H$2*(1-(($R$10-E13)/$R$10))),($H$2*(1-(2*((ABS($R$10-E13)/$R$10)))))) -> #VALUE! | Y14: =+IF(E13<=$R$11,($H$2*(1-(($R$11-E13)/$R$11))),($H$2*(1-((ABS($R$11-E13)/$R$11))))) -> #VALUE! | Z14: =+IF(E13>0,($H$2*$R$12)/E13,0) -> #VALUE!
B15: 11 | C15: =+PONDERABLES!B14 -> MSB FONDO LOCAL DE LA CANDELARIA | D15: =IF('VERIFICACIÓN ARITMÉTICA'!AF157="VÁLIDA",'VERIFICACIÓN ARITMÉTICA'!AE156,"NO VÁLIDA") -> NO VÁLIDA | E15: 2.5700851e+09 | F15: =IF(D15="NO VÁLIDA","",ABS(1-E15/D15)) | G15: =IF(F15<=1%," VÁLIDA","NO VÁLIDA") -> NO VÁLIDA | H15: =IF(G15=" VÁLIDA",D15," ") | J15: =+IF(H15=" "," ",$R$8-H15) | K15: =+IF(J15<0,"",J15) | L15: =+H15 | N15: =+IF(O15<=$O$7,$H$3,"") -> 2629454601 | U15: =+C14 -> CONSORCIO VIAL CANDELARIA | V15: =IFERROR(+IF(ISODD($O$6),((1-ABS(($R$8-H14)/$R$8))*$H$2),IF(ISEVEN($O$6),((1-ABS(($I$7-H14)/$I$7))*$H$2),0)),0) -> 0 | W15: =+IF(E14<=$R$9,($H$2*(1-(($R$9-E14)/$R$9))),($H$2*(1-(2*(ABS(($R$9-E14))/$R$9))))) -> #VALUE! | X15: =+IF(E14<=$R$10,($H$2*(1-(($R$10-E14)/$R$10))),($H$2*(1-(2*((ABS($R$10-E14)/$R$10)))))) -> #VALUE! | Y15: =+IF(E14<=$R$11,($H$2*(1-(($R$11-E14)/$R$11))),($H$2*(1-((ABS($R$11-E14)/$R$11))))) -> #VALUE! | Z15: =+IF(E14>0,($H$2*$R$12)/E14,0) -> #VALUE!
B16: #N/A | C16: =+PONDERABLES!B15 -> FDLC-LP005-2019 CFD INGENIERIA | D16: =IF('VERIFICACIÓN ARITMÉTICA'!AI157="VÁLIDA",'VERIFICACIÓN ARITMÉTICA'!AH156,"NO VÁLIDA") -> NO VÁLIDA | F16: =IF(D16="NO VÁLIDA","",ABS(1-E16/D16)) | G16: =IF(F16<=1%," VÁLIDA","NO VÁLIDA") -> NO VÁLIDA | H16: =IF(G16=" VÁLIDA",D16," ") | J16: =+IF(H16=" "," ",$R$8-H16) | K16: =+IF(J16<0,"",J16) | L16: =+H16 | N16: =+IF(O16<=$O$7,$H$3,"") -> 2629454601 | U16: =+C15 -> MSB FONDO LOCAL DE LA CANDELARIA | V16: =IFERROR(+IF(ISODD($O$6),((1-ABS(($R$8-H15)/$R$8))*$H$2),IF(ISEVEN($O$6),((1-ABS(($I$7-H15)/$I$7))*$H$2),0)),0) -> 0 | W16: =+IF(E15<=$R$9,($H$2*(1-(($R$9-E15)/$R$9))),($H$2*(1-(2*(ABS(($R$9-E15))/$R$9))))) -> #VALUE! | X16: =+IF(E15<=$R$10,($H$2*(1-(($R$10-E15)/$R$10))),($H$2*(1-(2*((ABS($R$10-E15)/$R$10)))))) -> #VALUE! | Y16: =+IF(E15<=$R$11,($H$2*(1-(($R$11-E15)/$R$11))),($H$2*(1-((ABS($R$11-E15)/$R$11))))) -> #VALUE! | Z16: =+IF(E15>0,($H$2*$R$12)/E15,0) -> #VALUE!
B17: 19 | C17: =+PONDERABLES!B16 -> JEINCO FDLC -LP 005-2019 | D17: =IF('VERIFICACIÓN ARITMÉTICA'!AL157="VÁLIDA",'VERIFICACIÓN ARITMÉTICA'!AK156,"NO VÁLIDA") -> 2.4236436e+09 | E17: 2.4591636e+09 | F17: =IF(D17="NO VÁLIDA","",ABS(1-E17/D17)) -> 0.014655623 | G17: =IF(F17<=1%," VÁLIDA","NO VÁLIDA") -> NO VÁLIDA | H17: =IF(G17=" VÁLIDA",D17," ") | J17: =+IF(H17=" "," ",$R$8-H17) | K17: =+IF(J17<0,"",J17) | L17: =+H17 | N17: =+IF(O17<=$O$7,$H$3,"") -> 2629454601 | U17: =+C16 -> FDLC-LP005-2019 CFD INGENIERIA | V17: =IFERROR(+IF(ISODD($O$6),((1-ABS(($R$8-H16)/$R$8))*$H$2),IF(ISEVEN($O$6),((1-ABS(($I$7-H16)/$I$7))*$H$2),0)),0) -> 0 | W17: =+IF(E16<=$R$9,($H$2*(1-(($R$9-E16)/$R$9))),($H$2*(1-(2*(ABS(($R$9-E16))/$R$9))))) -> #VALUE! | X17: =+IF(E16<=$R$10,($H$2*(1-(($R$10-E16)/$R$10))),($H$2*(1-(2*((ABS($R$10-E16)/$R$10)))))) -> #VALUE! | Y17: =+IF(E16<=$R$11,($H$2*(1-(($R$11-E16)/$R$11))),($H$2*(1-((ABS($R$11-E16)/$R$11))))) -> #VALUE! | Z17: =+IF(E16>0,($H$2*$R$12)/E16,0) -> 0
B18: 7 | C18: =+PONDERABLES!B17 -> GAMMA INGENIEROS ARQUITECTOS | D18: =IF('VERIFICACIÓN ARITMÉTICA'!AO157="VÁLIDA",'VERIFICACIÓN ARITMÉTICA'!AN156,"NO VÁLIDA") -> NO VÁLIDA | E18: 2.5852802e+09 | F18: =IF(D18="NO VÁLIDA","",ABS(1-E18/D18)) | G18: =IF(F18<=1%," VÁLIDA","NO VÁLIDA") -> NO VÁLIDA | H18: =IF(G18=" VÁLIDA",D18," ") | J18: =+IF(H18=" "," ",$R$8-H18) | K18: =+IF(J18<0,"",J18) | L18: =+H18 | N18: =+IF(O18<=$O$7,$H$3,"") -> 2629454601 | U18: =+C17 -> JEINCO FDLC -LP 005-2019 | V18: =IFERROR(+IF(ISODD($O$6),((1-ABS(($R$8-H17)/$R$8))*$H$2),IF(ISEVEN($O$6),((1-ABS(($I$7-H17)/$I$7))*$H$2),0)),0) -> 0 | W18: =+IF(E17<=$R$9,($H$2*(1-(($R$9-E17)/$R$9))),($H$2*(1-(2*(ABS(($R$9-E17))/$R$9))))) -> #VALUE! | X18: =+IF(E17<=$R$10,($H$2*(1-(($R$10-E17)/$R$10))),($H$2*(1-(2*((ABS($R$10-E17)/$R$10)))))) -> #VALUE! | Y18: =+IF(E17<=$R$11,($H$2*(1-(($R$11-E17)/$R$11))),($H$2*(1-((ABS($R$11-E17)/$R$11))))) -> #VALUE! | Z18: =+IF(E17>0,($H$2*$R$12)/E17,0) -> #VALUE!
B19: 4 | C19: =+PONDERABLES!B18 -> ESPACIO PUBLICO CANDELARIA EEI SAS | D19: =IF('VERIFICACIÓN ARITMÉTICA'!AR157="VÁLIDA",'VERIFICACIÓN ARITMÉTICA'!AQ156,"NO VÁLIDA") -> NO VÁLIDA | E19: 2.5912535e+09 | F19: =IF(D19="NO VÁLIDA","",ABS(1-E19/D19)) | G19: =IF(F19<=1%," VÁLIDA","NO VÁLIDA") -> NO VÁLIDA | H19: =IF(G19=" VÁLIDA",D19," ") | J19: =+IF(H19=" "," ",$R$8-H19) | K19: =+IF(J19<0,"",J19) | L19: =+H19 | N19: =+IF(O19<=$O$7,$H$3,"") -> 2629454601 | U19: =+C18 -> GAMMA INGENIEROS ARQUITECTOS | V19: =IFERROR(+IF(ISODD($O$6),((1-ABS(($R$8-H18)/$R$8))*$H$2),IF(ISEVEN($O$6),((1-ABS(($I$7-H18)/$I$7))*$H$2),0)),0) -> 0 | W19: =+IF(E18<=$R$9,($H$2*(1-(($R$9-E18)/$R$9))),($H$2*(1-(2*(ABS(($R$9-E18))/$R$9))))) -> #VALUE! | X19: =+IF(E18<=$R$10,($H$2*(1-(($R$10-E18)/$R$10))),($H$2*(1-(2*((ABS($R$10-E18)/$R$10)))))) -> #VALUE! | Y19: =+IF(E18<=$R$11,($H$2*(1-(($R$11-E18)/$R$11))),($H$2*(1-((ABS($R$11-E18)/$R$11))))) -> #VALUE! | Z19: =+IF(E18>0,($H$2*$R$12)/E18,0) -> #VALUE!
B20: 14 | C20: =+PONDERABLES!B19 -> UT BOGOTA VIAL | D20: =IF('VERIFICACIÓN ARITMÉTICA'!AU157="VÁLIDA",'VERIFICACIÓN ARITMÉTICA'!AT156,"NO VÁLIDA") -> NO VÁLIDA | E20: 2.5409388e+09 | F20: =IF(D20="NO VÁLIDA","",ABS(1-E20/D20)) | G20: =IF(F20<=1%," VÁLIDA","NO VÁLIDA") -> NO VÁLIDA | H20: =IF(G20=" VÁLIDA",D20," ") | J20: =+IF(H20=" "," ",$R$8-H20) | K20: =+IF(J20<0,"",J20) | L20: =+H20 | N20: =+IF(O20<=$O$7,$H$3,"") -> 2629454601 | U20: =+C19 -> ESPACIO PUBLICO CANDELARIA EEI SAS | V20: =IFERROR(+IF(ISODD($O$6),((1-ABS(($R$8-H19)/$R$8))*$H$2),IF(ISEVEN($O$6),((1-ABS(($I$7-H19)/$I$7))*$H$2),0)),0) -> 0 | W20: =+IF(E19<=$R$9,($H$2*(1-(($R$9-E19)/$R$9))),($H$2*(1-(2*(ABS(($R$9-E19))/$R$9))))) -> #VALUE! | X20: =+IF(E19<=$R$10,($H$2*(1-(($R$10-E19)/$R$10))),($H$2*(1-(2*((ABS($R$10-E19)/$R$10)))))) -> #VALUE! | Y20: =+IF(E19<=$R$11,($H$2*(1-(($R$11-E19)/$R$11))),($H$2*(1-((ABS($R$11-E19)/$R$11))))) -> #VALUE! | Z20: =+IF(E19>0,($H$2*$R$12)/E19,0) -> #VALUE!
B21: 9 | C21: =+PONDERABLES!B20 -> CANDELARIA BYP | D21: =IF('VERIFICACIÓN ARITMÉTICA'!AX157="VÁLIDA",'VERIFICACIÓN ARITMÉTICA'!AW156,"NO VÁLIDA") -> NO VÁLIDA | E21: 2.578737e+09 | F21: =IF(D21="NO VÁLIDA","",ABS(1-E21/D21)) | G21: =IF(F21<=1%," VÁLIDA","NO VÁLIDA") -> NO VÁLIDA | H21: =IF(G21=" VÁLIDA",D21," ") | J21: =+IF(H21=" "," ",$R$8-H21) | K21: =+IF(J21<0,"",J21) | L21: =+H21 | N21: =+IF(O21<=$O$7,$H$3,"") -> 2629454601 | U21: =+C20 -> UT BOGOTA VIAL | V21: =IFERROR(+IF(ISODD($O$6),((1-ABS(($R$8-H20)/$R$8))*$H$2),IF(ISEVEN($O$6),((1-ABS(($I$7-H20)/$I$7))*$H$2),0)),0) -> 0 | W21: =+IF(E20<=$R$9,($H$2*(1-(($R$9-E20)/$R$9))),($H$2*(1-(2*(ABS(($R$9-E20))/$R$9))))) -> #VALUE! | X21: =+IF(E20<=$R$10,($H$2*(1-(($R$10-E20)/$R$10))),($H$2*(1-(2*((ABS($R$10-E20)/$R$10)))))) -> #VALUE! | Y21: =+IF(E20<=$R$11,($H$2*(1-(($R$11-E20)/$R$11))),($H$2*(1-((ABS($R$11-E20)/$R$11))))) -> #VALUE! | Z21: =+IF(E20>0,($H$2*$R$12)/E20,0) -> #VALUE!
B22: 4 | C22: =+PONDERABLES!B21 -> CON & CON | D22: =IF('VERIFICACIÓN ARITMÉTICA'!BA157="VÁLIDA",'VERIFICACIÓN ARITMÉTICA'!AZ156,"NO VÁLIDA") -> 2.591261e+09 | E22: 2.5912535e+09 | F22: =IF(D22="NO VÁLIDA","",ABS(1-E22/D22)) -> 2.89851e-06 | G22: =IF(F22<=1%," VÁLIDA","NO VÁLIDA") -> VÁLIDA | H22: =IF(G22=" VÁLIDA",D22," ") -> 2.591261e+09 | J22: =+IF(H22=" "," ",$R$8-H22) -> 0 | K22: =+IF(J22<0,"",J22) -> 0 | L22: =+H22 -> 2.591261e+09 | N22: =+N8*N13 -> 4.3639176e+37 | U22: =+C21 -> CANDELARIA BYP | V22: =IFERROR(+IF(ISODD($O$6),((1-ABS(($R$8-H21)/$R$8))*$H$2),IF(ISEVEN($O$6),((1-ABS(($I$7-H21)/$I$7))*$H$2),0)),0) -> 0 | W22: =+IF(E21<=$R$9,($H$2*(1-(($R$9-E21)/$R$9))),($H$2*(1-(2*(ABS(($R$9-E21))/$R$9))))) -> #VALUE! | X22: =+IF(E21<=$R$10,($H$2*(1-(($R$10-E21)/$R$10))),($H$2*(1-(2*((ABS($R$10-E21)/$R$10)))))) -> #VALUE! | Y22: =+IF(E21<=$R$11,($H$2*(1-(($R$11-E21)/$R$11))),($H$2*(1-((ABS($R$11-E21)/$R$11))))) -> #VALUE! | Z22: =+IF(E21>0,($H$2*$R$12)/E21,0) -> #VALUE!
B23: 16 | C23: =+PONDERABLES!B22 -> CONSORCIO VMJ-R&E VIAS 2019 CALLE 10 | D23: =IF('VERIFICACIÓN ARITMÉTICA'!BD157="VÁLIDA",'VERIFICACIÓN ARITMÉTICA'!BC156,"NO VÁLIDA") -> 2.4928354e+09 | E23: 2.5294591e+09 | F23: =IF(D23="NO VÁLIDA","",ABS(1-E23/D23)) -> 0.014691589 | G23: =IF(F23<=1%," VÁLIDA","NO VÁLIDA") -> NO VÁLIDA | H23: =IF(G23=" VÁLIDA",D23," ") | J23: =+IF(H23=" "," ",$R$8-H23) | K23: =+IF(J23<0,"",J23) | L23: =+H23 | N23: =+N22^(1/(O6+O7)) -> 2.5702131e+09 | U23: =+C22 -> CON & CON | V23: =IFERROR(+IF(ISODD($O$6),((1-ABS(($R$8-H22)/$R$8))*$H$2),IF(ISEVEN($O$6),((1-ABS(($I$7-H22)/$I$7))*$H$2),0)),0) -> 70 | W23: =+IF(E22<=$R$9,($H$2*(1-(($R$9-E22)/$R$9))),($H$2*(1-(2*(ABS(($R$9-E22))/$R$9))))) -> #VALUE! | X23: =+IF(E22<=$R$10,($H$2*(1-(($R$10-E22)/$R$10))),($H$2*(1-(2*((ABS($R$10-E22)/$R$10)))))) -> #VALUE! | Y23: =+IF(E22<=$R$11,($H$2*(1-(($R$11-E22)/$R$11))),($H$2*(1-((ABS($R$11-E22)/$R$11))))) -> #VALUE! | Z23: =+IF(E22>0,($H$2*$R$12)/E22,0) -> #VALUE!
B24: 10 | C24: =+PONDERABLES!B23 -> UT ARCARO CANDELARIA | D24: =IF('VERIFICACIÓN ARITMÉTICA'!BG157="VÁLIDA",'VERIFICACIÓN ARITMÉTICA'!BF156,"NO VÁLIDA") -> 2.539388e+09 | E24: 2.5767565e+09 | F24: =IF(D24="NO VÁLIDA","",ABS(1-E24/D24)) -> 0.01471556 | G24: =IF(F24<=1%," VÁLIDA","NO VÁLIDA") -> NO VÁLIDA | H24: =IF(G24=" VÁLIDA",D24," ") | J24: =+IF(H24=" "," ",$R$8-H24) | K24: =+IF(J24<0,"",J24) | L24: =+H24 | U24: =+C23 -> CONSORCIO VMJ-R&E VIAS 2019 CALLE 10 | V24: =IFERROR(+IF(ISODD($O$6),((1-ABS(($R$8-H23)/$R$8))*$H$2),IF(ISEVEN($O$6),((1-ABS(($I$7-H23)/$I$7))*$H$2),0)),0) -> 0 | W24: =+IF(E23<=$R$9,($H$2*(1-(($R$9-E23)/$R$9))),($H$2*(1-(2*(ABS(($R$9-E23))/$R$9))))) -> #VALUE! | X24: =+IF(E23<=$R$10,($H$2*(1-(($R$10-E23)/$R$10))),($H$2*(1-(2*((ABS($R$10-E23)/$R$10)))))) -> #VALUE! | Y24: =+IF(E23<=$R$11,($H$2*(1-(($R$11-E23)/$R$11))),($H$2*(1-((ABS($R$11-E23)/$R$11))))) -> #VALUE! | Z24: =+IF(E23>0,($H$2*$R$12)/E23,0) -> #VALUE!
B25: 1 | C25: =+PONDERABLES!B24 -> UT BJ | D25: =IF('VERIFICACIÓN ARITMÉTICA'!BJ157="VÁLIDA",'VERIFICACIÓN ARITMÉTICA'!BI156,"NO VÁLIDA") -> 2.5673146e+09 | E25: 2.6051263e+09 | F25: =IF(D25="NO VÁLIDA","",ABS(1-E25/D25)) -> 0.014728084 | G25: =IF(F25<=1%," VÁLIDA","NO VÁLIDA") -> NO VÁLIDA | H25: =IF(G25=" VÁLIDA",D25," ") | J25: =+IF(H25=" "," ",$R$8-H25) | K25: =+IF(J25<0,"",J25) | L25: =+H25 | U25: =+C24 -> UT ARCARO CANDELARIA | V25: =IFERROR(+IF(ISODD($O$6),((1-ABS(($R$8-H24)/$R$8))*$H$2),IF(ISEVEN($O$6),((1-ABS(($I$7-H24)/$I$7))*$H$2),0)),0) -> 0 | W25: =+IF(E24<=$R$9,($H$2*(1-(($R$9-E24)/$R$9))),($H$2*(1-(2*(ABS(($R$9-E24))/$R$9))))) -> #VALUE! | X25: =+IF(E24<=$R$10,($H$2*(1-(($R$10-E24)/$R$10))),($H$2*(1-(2*((ABS($R$10-E24)/$R$10)))))) -> #VALUE! | Y25: =+IF(E24<=$R$11,($H$2*(1-(($R$11-E24)/$R$11))),($H$2*(1-((ABS($R$11-E24)/$R$11))))) -> #VALUE! | Z25: =+IF(E24>0,($H$2*$R$12)/E24,0) -> #VALUE!
B26: 15 | C26: =+PONDERABLES!B25 -> 005-2019 CONSORCIO INGENIERIAIV | D26: =IF('VERIFICACIÓN ARITMÉTICA'!BM157="VÁLIDA",'VERIFICACIÓN ARITMÉTICA'!BL156,"NO VÁLIDA") -> 2.5721042e+09 | E26: 2537456634 | F26: =IF(D26="NO VÁLIDA","",ABS(1-E26/D26)) -> 0.013470523 | G26: =IF(F26<=1%," VÁLIDA","NO VÁLIDA") -> NO VÁLIDA | H26: =IF(G26=" VÁLIDA",D26," ") | J26: =+IF(H26=" "," ",$R$8-H26) | K26: =+IF(J26<0,"",J26) | L26: =+H26 | U26: =+C25 -> UT BJ | V26: =IFERROR(+IF(ISODD($O$6),((1-ABS(($R$8-H25)/$R$8))*$H$2),IF(ISEVEN($O$6),((1-ABS(($I$7-H25)/$I$7))*$H$2),0)),0) -> 0 | W26: =+IF(E25<=$R$9,($H$2*(1-(($R$9-E25)/$R$9))),($H$2*(1-(2*(ABS(($R$9-E25))/$R$9))))) -> #VALUE! | X26: =+IF(E25<=$R$10,($H$2*(1-(($R$10-E25)/$R$10))),($H$2*(1-(2*((ABS($R$10-E25)/$R$10)))))) -> #VALUE! | Y26: =+IF(E25<=$R$11,($H$2*(1-(($R$11-E25)/$R$11))),($H$2*(1-((ABS($R$11-E25)/$R$11))))) -> #VALUE! | Z26: =+IF(E25>0,($H$2*$R$12)/E25,0) -> #VALUE!
A27: 00 - 19 | B27: 8 | C27: =+PONDERABLES!B26 -> CONSORCIO DIR | D27: =IF('VERIFICACIÓN ARITMÉTICA'!BP157="VÁLIDA",'VERIFICACIÓN ARITMÉTICA'!BO156,"NO VÁLIDA") -> 2.5476773e+09 | E27: 2585196104 | F27: =IF(D27="NO VÁLIDA","",ABS(1-E27/D27)) -> 0.014726661 | G27: =IF(F27<=1%," VÁLIDA","NO VÁLIDA") -> NO VÁLIDA | H27: =IF(G27=" VÁLIDA",D27," ") | J27: =+IF(H27=" "," ",$R$8-H27) | K27: =+IF(J27<0,"",J27) | L27: =+H27 | U27: =+C26 -> 005-2019 CONSORCIO INGENIERIAIV | V27: =IFERROR(+IF(ISODD($O$6),((1-ABS(($R$8-H26)/$R$8))*$H$2),IF(ISEVEN($O$6),((1-ABS(($I$7-H26)/$I$7))*$H$2),0)),0) -> 0 | W27: =+IF(E26<=$R$9,($H$2*(1-(($R$9-E26)/$R$9))),($H$2*(1-(2*(ABS(($R$9-E26))/$R$9))))) -> #VALUE! | X27: =+IF(E26<=$R$10,($H$2*(1-(($R$10-E26)/$R$10))),($H$2*(1-(2*((ABS($R$10-E26)/$R$10)))))) -> #VALUE! | Y27: =+IF(E26<=$R$11,($H$2*(1-(($R$11-E26)/$R$11))),($H$2*(1-((ABS($R$11-E26)/$R$11))))) -> #VALUE! | Z27: =+IF(E26>0,($H$2*$R$12)/E26,0) -> #VALUE!
A28: 20 - 39 | B28: =+_xlfn.RANK.EQ(H28,$H$8:$H$32,0) -> #N/A | C28: PROPONENTE 21 | J28: =+IF(H28="","",$R$8-H28) | K28: =+IF(J28<0,"",J28) | L28: =+H28 -> 0 | U28: =+C27 -> CONSORCIO DIR | V28: =IFERROR(+IF(ISODD($O$6),((1-ABS(($R$8-H27)/$R$8))*$H$2),IF(ISEVEN($O$6),((1-ABS(($I$7-H27)/$I$7))*$H$2),0)),0) -> 0 | W28: =+IF(E27<=$R$9,($H$2*(1-(($R$9-E27)/$R$9))),($H$2*(1-(2*(ABS(($R$9-E27))/$R$9))))) -> #VALUE! | X28: =+IF(E27<=$R$10,($H$2*(1-(($R$10-E27)/$R$10))),($H$2*(1-(2*((ABS($R$10-E27)/$R$10)))))) -> #VALUE! | Y28: =+IF(E27<=$R$11,($H$2*(1-(($R$11-E27)/$R$11))),($H$2*(1-((ABS($R$11-E27)/$R$11))))) -> #VALUE! | Z28: =+IF(E27>0,($H$2*$R$12)/E27,0) -> #VALUE!
A29: 40 - 59 | B29: =+_xlfn.RANK.EQ(H29,$H$8:$H$32,0) -> #N/A | C29: PROPONENTE 22 | J29: =+IF(H29="","",$R$8-H29) | K29: =+IF(J29<0,"",J29) | L29: =+H29 -> 0 | U29: =+C28 -> PROPONENTE 21 | V29: =IFERROR(+IF(ISODD($O$6),((1-ABS(($R$8-H28)/$R$8))*$H$2),IF(ISEVEN($O$6),((1-ABS(($I$7-H28)/$I$7))*$H$2),0)),0) -> 0 | W29: =+IF(H28<=$R$9,($H$2*(1-(($R$9-H28)/$R$9))),($H$2*(1-(2*(ABS(($R$9-H28))/$R$9))))) -> #VALUE! | X29: =+IF(H28<=$R$10,($H$2*(1-(($R$10-H28)/$R$10))),($H$2*(1-(2*((ABS($R$10-H28)/$R$10)))))) -> #VALUE! | Y29: =+IF(H28<=$R$11,($H$2*(1-(($R$11-H28)/$R$11))),($H$2*(1-((ABS($R$11-H28)/$R$11))))) -> #VALUE! | Z29: =+IF(H28>0,($H$2*$R$12)/H28,0) -> 0
A30: 60 - 79 | B30: =+_xlfn.RANK.EQ(H30,$H$8:$H$32,0) -> #N/A | C30: PROPONENTE 23 | J30: =+IF(H30="","",$R$8-H30) | K30: =+IF(J30<0,"",J30) | L30: =+H30 -> 0 | U30: =+C29 -> PROPONENTE 22 | V30: =IFERROR(+IF(ISODD($O$6),((1-ABS(($R$8-H29)/$R$8))*$H$2),IF(ISEVEN($O$6),((1-ABS(($I$7-H29)/$I$7))*$H$2),0)),0) -> 0 | W30: =+IF(H29<=$R$9,($H$2*(1-(($R$9-H29)/$R$9))),($H$2*(1-(2*(ABS(($R$9-H29))/$R$9))))) -> #VALUE! | X30: =+IF(H29<=$R$10,($H$2*(1-(($R$10-H29)/$R$10))),($H$2*(1-(2*((ABS($R$10-H29)/$R$10)))))) -> #VALUE! | Y30: =+IF(H29<=$R$11,($H$2*(1-(($R$11-H29)/$R$11))),($H$2*(1-((ABS($R$11-H29)/$R$11))))) -> #VALUE! | Z30: =+IF(H29>0,($H$2*$R$12)/H29,0) -> 0
A31: 80 - 99 | B31: =+_xlfn.RANK.EQ(H31,$H$8:$H$32,0) -> #N/A | C31: PROPONENTE 24 | J31: =+IF(H31="","",$R$8-H31) | K31: =+IF(J31<0,"",J31) | L31: =+H31 -> 0 | U31: =+C30 -> PROPONENTE 23 | V31: =IFERROR(+IF(ISODD($O$6),((1-ABS(($R$8-H30)/$R$8))*$H$2),IF(ISEVEN($O$6),((1-ABS(($I$7-H30)/$I$7))*$H$2),0)),0) -> 0 | W31: =+IF(H30<=$R$9,($H$2*(1-(($R$9-H30)/$R$9))),($H$2*(1-(2*(ABS(($R$9-H30))/$R$9))))) -> #VALUE! | X31: =+IF(H30<=$R$10,($H$2*(1-(($R$10-H30)/$R$10))),($H$2*(1-(2*((ABS($R$10-H30)/$R$10)))))) -> #VALUE! | Y31: =+IF(H30<=$R$11,($H$2*(1-(($R$11-H30)/$R$11))),($H$2*(1-((ABS($R$11-H30)/$R$11))))) -> #VALUE! | Z31: =+IF(H30>0,($H$2*$R$12)/H30,0) -> 0
A32: MEDIANA CON VALOR ABSOLUTO | B32: =+_xlfn.RANK.EQ(H32,$H$8:$H$32,0) -> #N/A | C32: PROPONENTE 25 | J32: =+IF(H32="","",$R$8-H32) | K32: =+IF(J32<0,"",J32) | L32: =+H32 -> 0 | U32: =+C31 -> PROPONENTE 24 | V32: =IFERROR(+IF(ISODD($O$6),((1-ABS(($R$8-H31)/$R$8))*$H$2),IF(ISEVEN($O$6),((1-ABS(($I$7-H31)/$I$7))*$H$2),0)),0) -> 0 | W32: =+IF(H31<=$R$9,($H$2*(1-(($R$9-H31)/$R$9))),($H$2*(1-(2*(ABS(($R$9-H31))/$R$9))))) -> #VALUE! | X32: =+IF(H31<=$R$10,($H$2*(1-(($R$10-H31)/$R$10))),($H$2*(1-(2*((ABS($R$10-H31)/$R$10)))))) -> #VALUE! | Y32: =+IF(H31<=$R$11,($H$2*(1-(($R$11-H31)/$R$11))),($H$2*(1-((ABS($R$11-H31)/$R$11))))) -> #VALUE! | Z32: =+IF(H31>0,($H$2*$R$12)/H31,0) -> 0
A33: MEDIA GEOMETRICA CON PRESUPUESTO OFICIAL | U33: =+C32 -> PROPONENTE 25 | V33: =IFERROR(+IF(ISODD($O$6),((1-ABS(($R$8-H32)/$R$8))*$H$2),IF(ISEVEN($O$6),((1-ABS(($I$7-H32)/$I$7))*$H$2),0)),0) -> 0 | W33: =+IF(H32<=$R$9,($H$2*(1-(($R$9-H32)/$R$9))),($H$2*(1-(2*(ABS(($R$9-H32))/$R$9))))) -> #VALUE! | X33: =+IF(H32<=$R$10,($H$2*(1-(($R$10-H32)/$R$10))),($H$2*(1-(2*((ABS($R$10-H32)/$R$10)))))) -> #VALUE! | Y33: =+IF(H32<=$R$11,($H$2*(1-(($R$11-H32)/$R$11))),($H$2*(1-((ABS($R$11-H32)/$R$11))))) -> #VALUE! | Z33: =+IF(H32>0,($H$2*$R$12)/H32,0) -> 0
A34: MEDIA ARITMETICA ALTA
A35: MEDIANA ARITMETICA BAJA
A36: MENOR VALOR
B39: 13
B40: 12
B41: 17
B42: 2
B43: 3
B44: 18
B45: 6
B46: 11
B47: #N/A
B48: 19
B49: 7
B50: 4
B51: 14
B52: 9
B53: 4
B54: 16
B55: 10
B56: 1
B57: 15
B58: 8

Sheet PUNTAJE
B2: Concepto | C2: Puntaje Maximo | F2: =+B4 -> Oferta Economica | H2: =+B6 -> Factor de Calidad | J2: =+B8 -> Apoyo a la Industria Nacional | L2: =+B10 -> Vinculacion de personas con discapacidad | N2: Total Puntaje | O2: Orden de Eligibilidad
J3: Industria Nacional | L3: Personal Discapacitado
B4: Oferta Economica | C4: 70 | F4: CRITERIO | G4: PUNTAJE | H4: CUMPLE | I4: PUNTAJE | J4: CUMPLE | K4: PUNTAJE | L4: CUMPLE | M4: PUNTAJE
E5: =+'PROPUESTA ECONOMICA'!U9 -> CONSORCIO LA PAZ | F5: =+'PROPUESTA ECONOMICA'!$E$5 -> MEDIANA CON VALOR ABSOLUTO | G5: =+HLOOKUP(F5,'PROPUESTA ECONOMICA'!$V$7:$Z$33,3,FALSE) -> 0 | H5: NO | I5: =+IF(H5="SI",$C$6,IF(H5="NO",0,"")) -> 0 | J5: NO | K5: =+IF(J5="SI",$C$8,IF(J5="NO",0,"")) -> 0 | L5: NO | M5: =+IF(L5="SI",$C$10,IF(L5="NO",0,"")) -> 0 | N5: =IF(M5+K5+I5+G5>0,M5+K5+I5+G5,"") | O5: =IFERROR(+_xlfn.RANK.EQ(N5,$N$5:$N$29,0)," ")
B6: Factor de Calidad | C6: 19 | E6: =+'PROPUESTA ECONOMICA'!U10 -> LYDCO INGENIERIA SAS 005 | F6: =+'PROPUESTA ECONOMICA'!$E$5 -> MEDIANA CON VALOR ABSOLUTO | G6: =+HLOOKUP(F6,'PROPUESTA ECONOMICA'!$V$7:$Z$33,4,FALSE) -> 0 | H6: NO | I6: =+IF(H6="SI",$C$6,IF(H6="NO",0,"")) -> 0 | J6: NO | K6: =+IF(J6="SI",$C$8,IF(J6="NO",0,"")) -> 0 | L6: NO | M6: =+IF(L6="SI",$C$10,IF(L6="NO",0,"")) -> 0 | N6: =IF(M6+K6+I6+G6>0,M6+K6+I6+G6,"") | O6: =IFERROR(+_xlfn.RANK.EQ(N6,$N$5:$N$29,0)," ")
E7: =+'PROPUESTA ECONOMICA'!U11 -> GRD-FDLC-LP-005-2019 | F7: =+'PROPUESTA ECONOMICA'!$E$5 -> MEDIANA CON VALOR ABSOLUTO | G7: =+HLOOKUP(F7,'PROPUESTA ECONOMICA'!$V$7:$Z$33,5,FALSE) -> 0 | H7: NO | I7: =+IF(H7="SI",$C$6,IF(H7="NO",0,"")) -> 0 | J7: NO | K7: =+IF(J7="SI",$C$8,IF(J7="NO",0,"")) -> 0 | L7: NO | M7: =+IF(L7="SI",$C$10,IF(L7="NO",0,"")) -> 0 | N7: =IF(M7+K7+I7+G7>0,M7+K7+I7+G7,"") | O7: =IFERROR(+_xlfn.RANK.EQ(N7,$N$5:$N$29,0)," ")
